Workbook

Sheet Cover Page 
D6: National Government Financial Position
D7: KZN Population Estimates | L7: SUMMARY PAGE
D8: Manufacturing
D9: Retail and Trade
D10: Monetary Indicators | L10: Click on the Variable Links to view Data and Statistics
D11: Trade Statistics
D12: Labour Force Characteristics by Province (KZN) | L12: Clink on to view cover page
D13: Credit extended to the domestic private sector
D14: Credit extended to the domestic private sector - Year-on-Year Change
D15: Credit extended to the domestic private sector - Month-on-Month Change
D16: Economic Surveys
D17: Civil Cases Recorded and Summonses Issued for Debt
D18: KZN - Consumer Price Index Reclassified (Base 2008 = 100)
D19: Electricity generated and available for distribution - Gigawatt-hours
D20: Cementitious Sales
D21: House prices
D22: Building Plans Approved - Residential (KZN)
D23: Building Plans Approved - Commercial and Industrial (KZN)

Sheet Summary page
A1: SUMMARY PAGE
A4: Provincial Population Size by Age Cohort
A28: National Industrial Production - Year-on-Year %
A55: National Retail Sales - Year-on-Year %
A84: Inflation and Interest Rates - %
A111: Provincial Unemployment
B113: Population of working age (15–64 years) | C113: Labour Force | D113: Employed | E113: Unemployed | F113: Not Economically Active | G113: Discourage Work Seekers
A114: Q1 2008 | B114: 6250000 | C114: =SUM(D114:E114) -> 3315000 | D114: 2562000 | E114: 753000 | F114: =B114-D114-E114 -> 2935000 | G114: 183000
A115: Q2 2008 | B115: 6273000 | C115: =SUM(D115:E115) -> 3359000 | D115: 2614000 | E115: 745000 | F115: =B115-D115-E115 -> 2914000 | G115: 167000
A116: Q3 2008 | B116: 6295000 | C116: =SUM(D116:E116) -> 3312000 | D116: 2583000 | E116: 729000 | F116: =B116-D116-E116 -> 2983000 | G116: 186000
A117: Q4 2008 | B117: 6318000 | C117: 3321000 | D117: 2631000 | E117: 690000 | F117: =B117-D117-E117 -> 2997000 | G117: 224000
A118: Q1 2009 | B118: 6340000 | C118: 3248000 | D118: 2514000 | E118: 733000 | F118: =B118-D118-E118 -> 3093000 | G118: 271000
A119: Q2 2009 | B119: 6362000 | C119: 3043000 | D119: 2457000 | E119: 586000 | F119: 3319000 | G119: 448000
A141: National Credit Extended to the Private Sector - Year-on-Year %
A168: Civil Cases for Debt - Year-on-Year %
A197: Electricity Distribution - Year-on-Year %
A227: Expansion of Economic Space in the Province
A286: Provincial Inflation per Item
A327: National Business Confidence - Index
A360: =Inflation!A79 -> 40210
A362: (R'000) | C362: 2009/10. | I362: 2008/09.
C363: Budget estimate | D363: April | E363: May | F363: June | G363: July | H363: Year To Date | I363: Preliminary outcome | J363: =H363 -> Year To Date
A365: Revenue | C365: 642990150 | D365: 24300741 | E365: 32435284 | F365: 65574859 | G365: 34978288 | H365: =SUM(D365:G365) -> 157289172 | I365: 608347998 | J365: 174111002
A367: Expenditure | C367: =C369+C371+C378 -> 738562766 | D367: =D369+D371+D378 -> 61667077 | E367: =E369+E371+E378 -> 52349208 | F367: =F369+F371+F378 -> 66052175 | G367: =G369+G371+G378 -> 66614468 | H367: =H369+H371+H378 -> 246682928 | I367: =I369+I371+I378 -> 635636199 | J367: 193080773
B369: Appropriation by vote | C369: 429643150 | D369: 38846083 | E369: 30230480 | F369: 37791888 | G369: 42630424 | H369: =SUM(D369:G369) -> 149498875 | I369: 368088226 | J369: 110706537
B371: Direct charges against National Revenue Fund | C371: =SUM(C373:C376) -> 302919616 | D371: =SUM(D373:D376) -> 22820994 | E371: =SUM(E373:E376) -> 22118728 | F371: =SUM(F373:F376) -> 28260287 | G371: =SUM(G373:G376) -> 23984044 | H371: =SUM(D371:G371) -> 97184053 | I371: =SUM(I373:I376) -> 267547973 | J371: 82374236
B373: State Debt Costs | C373: 55268000 | D373: 1893082 | E373: 1668775 | F373: 8766455 | G373: 3081896 | H373: =SUM(D373:G373) -> 15410208 | I373: 54393684 | J373: 13142097
B374: Provincial Equitable Share | C374: 231050881 | D374: 20101427 | E374: 19639326 | F374: 18715121 | G374: 20101427 | H374: =SUM(D374:G374) -> 78557301 | I374: 204009924 | J374: 66459003
B375: General Fuel Levy sharing with Metros | C375: 6800104
B376: Other | C376: 9800631 | D376: 826485 | E376: 810627 | F376: 778711 | G376: 800721 | H376: =SUM(D376:G376) -> 3216544 | I376: 9144365 | J376: 2773136
B378: Contingency Reserve | C378: 6000000
A380: Budget Deficit/Surplus | C380: =C365-C367 -> -95572616 | D380: =D365-D367 -> -37366336 | E380: =E365-E367 -> -19913924 | F380: =F365-F367 -> -477316 | G380: =G365-G367 -> -31636180 | H380: =SUM(D380:G380) -> -89393756 | I380: =I365-I367 -> -27288201 | J380: =J365-J367 -> -18969771
B382: Extraordinary Receipts | C382: 6100000 | D382: 85 | E382: 269470 | F382: 3941127 | G382: 650164 | H382: =SUM(D382:G382) -> 4860846 | I382: 8203424 | J382: 1705201
B384: Extraordinary Payments | C384: 900000 | F384: 20270 | G384: 48999 | H384: =SUM(D384:G384) -> 69269 | I384: 4284094 | J384: 152689
A386: Net Borrowing Requirement | C386: =C365-C367+C382-C384 -> -90372616 | D386: =D365-D367+D382-D384 -> -37366251 | E386: =E365-E367+E382-E384 -> -19644454 | F386: =F365-F367+F382-F384 -> 3443541 | G386: =G365-G367+G382-G384 -> -31035015 | H386: =SUM(D386:G386) -> -84602179 | I386: =I365-I367+I382-I384 -> -23368871 | J386: =J365-J367+J382-J384 -> -17417259
A389: Financing of the Net Borrowing Requirement
A391: Domestic Short Term Loans (net) | C391: 15400000 | D391: 7336278 | E391: 10011803 | F391: 8812057 | G391: 1229482 | H391: =SUM(D391:G391) -> 27389620 | I391: 12225111 | J391: 7258154
A393: Domestic Long Terms Loans (net) | C393: 61521800 | D393: 9014812 | E393: 7916315 | F393: 7343895 | G393: 10721849 | H393: =SUM(D393:G393) -> 34996871 | I393: 23059005 | J393: 8851530
A395: Foreign Loans (net) | C395: 3836800 | D395: -796355 | E395: 6849714 | F395: -80222 | G395: -407091 | H395: =SUM(D395:G395) -> 5566046 | I395: -3954404 | J395: -4464573
A397: Change in cash and other balances ( - increase) | C397: 9614016 | D397: 21811516 | E397: -5133378 | F397: -19519271 | G397: 19490775 | H397: =SUM(D397:G397) -> 16649642 | I397: -7960841 | J397: 5772148
A399: Total Financing (net) | C399: =SUM(C391:C397) -> 90372616 | D399: =SUM(D391:D397) -> 37366251 | E399: =SUM(E391:E397) -> 19644454 | F399: =SUM(F391:F397) -> -3443541 | G399: =SUM(G391:G397) -> 31035015 | H399: =SUM(H391:H397) -> 84602179 | I399: =SUM(I391:I397) -> 23368871 | J399: =SUM(J391:J397) -> 17417259

Sheet KZN Population
B1: Medium mid-year population estimates by year | C1: Year-on-Year | D1: Change in Year-on-Year | G1: Age Cohort | H1: 2002 | I1: 2013 | J1: Cumulative Change
A3: 2001 | B3: 9557165 | G3: 0-4 | H3: 1145046.9 | I3: 1171913.1 | J3: =(I3-H3)/H3*100 -> 2.3462953
A4: 2002 | B4: 9659485 | C4: =(B4-B3)/B3*100 -> 1.0706104 | D4: 0 | G4: 5-9. | H4: 1170285.4 | I4: 1139041.9 | J4: =(I4-H4)/H4*100 -> -2.6697326
A5: 2003 | B5: 9752211 | C5: =(B5-B4)/B4*100 -> 0.95994766 | D5: =C5-C4 -> -0.11066272 | G5: 10-14. | H5: 1089100.8 | I5: 1108408.2 | J5: =(I5-H5)/H5*100 -> 1.7727773
A6: 2004 | B6: 9835710 | C6: =(B6-B5)/B5*100 -> 0.85620584 | D6: =C6-C5 -> -0.10374182 | G6: 15-19 | H6: 1021634.9 | I6: 1110449.9 | J6: =(I6-H6)/H6*100 -> 8.6934229
A7: 2005 | B7: 9910636 | C7: =(B7-B6)/B6*100 -> 0.7617752 | D7: =C7-C6 -> -0.094430634 | G7: 20-24 | H7: 918057.56 | I7: 1025367.1 | J7: =(I7-H7)/H7*100 -> 11.688758
A8: 2006 | B8: 9974344 | C8: =(B8-B7)/B7*100 -> 0.64282454 | D8: =C8-C7 -> -0.11895067 | G8: 25-29 | H8: 827720.64 | I8: 925927.13 | J8: =(I8-H8)/H8*100 -> 11.864691
A9: 2007 | B9: 10045594 | C9: =(B9-B8)/B8*100 -> 0.71433269 | D9: =C9-C8 -> 0.071508155 | G9: 30-34 | H9: 645983.31 | I9: 814076.99 | J9: =(I9-H9)/H9*100 -> 26.021365
A10: 2008 | B10: 10105436 | C10: =(B10-B9)/B9*100 -> 0.59570395 | D10: =C10-C9 -> -0.11862874 | G10: 35-39 | H10: 528731.73 | I10: 682196.64 | J10: =(I10-H10)/H10*100 -> 29.0251
A11: 2009 | B11: 10449300 | C11: =(B11-B10)/B10*100 -> 3.4027626 | D11: =C11-C10 -> 2.8070587 | G11: 40-44 | H11: 463125.91 | I11: 551103.98 | J11: =(I11-H11)/H11*100 -> 18.996577
A12: 2010 | B12: 10645400 | C12: =(B12-B11)/B11*100 -> 1.8766807 | D12: =C12-C11 -> -1.5260819 | G12: 45-49 | H12: 376947.15 | I12: 434380.19 | J12: =(I12-H12)/H12*100 -> 15.236364
A13: 2011 | B13: 10819130 | C13: =(B13-B12)/B12*100 -> 1.6319725 | D13: =C13-C12 -> -0.24470824 | G13: 50-54 | H13: 324416.96 | I13: 393177.85 | J13: =(I13-H13)/H13*100 -> 21.19522
A14: 2012 | B14: 10267300 | C14: =(B14-B13)/B13*100 -> -5.1005025 | D14: =C14-C13 -> -6.732475 | G14: 55-59 | H14: 254803.46 | I14: 318384.17 | J14: =(I14-H14)/H14*100 -> 24.952844
A15: 2013 | B15: 10456900 | C15: =(B15-B14)/B14*100 -> 1.8466393 | D15: =C15-C14 -> 6.9471419 | G15: 60-64 | H15: 197194.72 | I15: 259125.66 | J15: =(I15-H15)/H15*100 -> 31.405981
G16: 65-69 | H16: 154317.97 | I16: 215189.16 | J16: =(I16-H16)/H16*100 -> 39.445306
A17: Average | B17: =AVERAGE(B3:B15) -> 10113739 | C17: =AVERAGE(C4:C15) -> 0.77157941 | D17: =AVERAGE(D5:D15) -> 0.070548087 | G17: 70-74 | H17: 106574.13 | I17: 146969.88 | J17: =(I17-H17)/H17*100 -> 37.903893
A18: Median | B18: =MEDIAN(B3:B15) -> 10045594 | C18: =MEDIAN(C4:C15) -> 0.90807675 | D18: =MEDIAN(D5:D15) -> -0.11066272 | G18: 75-79 | H18: 62354.825 | I18: 93736.487 | J18: =(I18-H18)/H18*100 -> 50.327561
A19: St Dev | B19: =STDEV(B3:B15) -> 389839.7 | C19: =STDEV(C4:C15) -> 2.0159522 | D19: =STDEV(D5:D15) -> 3.2228543 | G19: 80+ | H19: 39794.95 | I19: 67459.101 | J19: =(I19-H19)/H19*100 -> 69.516737
A20: Range | B20: =MAX(B3:B15)-MIN(B3:B12) -> 1261965 | C20: =MAX(C4:C15)-MIN(C4:C12) -> 2.8070587 | D20: =MAX(D5:D15)-MIN(D5:D12) -> 8.4732238

Sheet National Government
B1: NATIONAL REVENUE, EXPENDITURE AND BORROWING - YTD
B3: (R'000) | D3: 2009/10. | S3: 2008/09.
D4: Budget Estimate | E4: Revised Estimate | F4: April | G4: May | H4: June | I4: July | J4: Aug | K4: Sep | L4: Oct | M4: Nov | N4: Dec | O4: Jan | P4: Feb | Q4: Mar | R4: Year To Date | S4: Prelimanary outcome | T4: =R4 -> Year To Date
V5: Decrease in Revenue | W5: =(R6-T6)/T6*100 -> -4.7240538
B6: Revenue | D6: 642990150 | E6: 570935394 | F6: 24300741 | G6: 32435284 | H6: 65574859 | I6: 34978288 | J6: 45333126 | K6: 58825063 | L6: 35718501 | M6: 40151274 | N6: 74163382 | O6: 39764075 | P6: 58568534 | Q6: 70210452 | R6: =SUM(F6:Q6) -> 580023579 | S6: 608347998 | T6: 608782806 | V6: Cumulative Revenue | W6: =R6/12*12 -> 580023579
V7: Cumulative Revenue Shortage | W7: =D6-W6 -> 62966571
B8: Expenditure | D8: =D10+D12+D19 -> 738562766 | E8: =E10+E12+E19 -> 752522894 | F8: =F10+F12+F19 -> 61667077 | G8: =G10+G12+G19 -> 52349208 | H8: =H10+H12+H19 -> 66052175 | I8: =I10+I12+I19 -> 66614468 | J8: =J10+J12+J19 -> 53886090 | K8: =K10+K12+K19 -> 67381632 | ... Q8: =Q10+Q12+Q19 -> 81136433 | R8: =SUM(F8:Q8) -> 746828443 | S8: =S10+S12+S19 -> 635636199 | T8: =T10+T12+T19 -> 635796335
V9: Change in Total Expenditure | W9: =(R8-T8)/T8*100 -> 17.463471
C10: Appropraition by vote | D10: 429643150 | E10: 438881102 | F10: 38846083 | G10: 30230480 | H10: 37791888 | I10: 42630424 | J10: 31198699 | K10: 37395695 | L10: 33365721 | M10: 37712077 | N10: 37322945 | O10: 26944233 | P10: 32946403 | Q10: 46642729 | R10: =SUM(F10:Q10) -> 433027377 | S10: 368088226 | T10: 368241460
C12: Direct charges against National Revenue Fund | D12: =SUM(D14:D17) -> 302919616 | E12: =SUM(E14:E17) -> 316641792 | F12: =SUM(F14:F17) -> 22820994 | G12: =SUM(G14:G17) -> 22118728 | H12: =SUM(H14:H17) -> 28260287 | I12: =SUM(I14:I17) -> 23984044 | J12: =SUM(J14:J17) -> 22687391 | K12: =SUM(K14:K17) -> 29985937 | ... Q12: =SUM(Q14:Q17) -> 34493704 | R12: =SUM(F12:Q12) -> 313801066 | S12: =SUM(S14:S17) -> 267547973 | T12: =SUM(T14:T17) -> 267554875 | V12: Change in Equitable Share | W12: =(R15-T15)/T15*100 -> 17.663934
C14: State Debt Costs | D14: 55268000 | E14: 59994954 | F14: 1893082 | G14: 1668775 | H14: 8766455 | I14: 3081896 | J14: 3188956 | K14: 9625403 | L14: 1282096 | M14: 1452993 | N14: 9499552 | O14: 3261558 | P14: 2405148 | Q14: 10861645 | R14: =SUM(F14:Q14) -> 56987559 | S14: 54393684 | T14: 54393684 | V14: Cumulative Equitable Share | W14: =R15/12*12 -> 240046103
C15: Provincial Equitable Share | D15: 231050881 | E15: 240046103 | F15: 20101427 | G15: 19639326 | H15: 18715121 | I15: 20101427 | J15: 18715121 | K15: 19408275 | L15: 22370377 | M15: 22139326 | N15: 17927219 | O15: 21731685 | P15: 19251824 | Q15: 19944975 | R15: =SUM(F15:Q15) -> 240046103 | S15: 204009924 | T15: 204009924 | V15: Cumulative Equitable Shortage | W15: =W14-D15 -> 8995222
C16: General Fuel Levy sharing with Metros | D16: 6800104 | E16: 6800104 | K16: 153731 | M16: 1526390 | N16: 2266701 | Q16: 2853282 | R16: =SUM(F16:Q16) -> 6800104
C17: Other | D17: 9800631 | E17: 9800631 | F17: 826485 | G17: 810627 | H17: 778711 | I17: 800721 | J17: 783314 | K17: 798528 | L17: 839912 | M17: 826182 | N17: 855858 | O17: 891227 | P17: 921933 | Q17: 833802 | R17: =SUM(F17:Q17) -> 9967300 | S17: 9144365 | T17: 9151267
C19: Contingency Reserve | D19: 6000000 | E19: -3000000
B21: Budget Deficit/Surplus | D21: =D6-D8 -> -95572616 | E21: =E6-E8 -> -181587500 | F21: =F6-F8 -> -37366336 | G21: =G6-G8 -> -19913924 | H21: =H6-H8 -> -477316 | I21: =I6-I8 -> -31636180 | J21: =J6-J8 -> -8552964 | K21: =K6-K8 -> -8556569 | ... Q21: =Q6-Q8 -> -10925981 | R21: =SUM(F21:Q21) -> -166804864 | S21: =S6-S8 -> -27288201 | T21: =T6-T8 -> -27013529
C23: Extraordinary Receipts | D23: 6100000 | E23: 6297000 | F23: 85 | G23: 269470 | H23: 3941127 | I23: 650164 | J23: 151953 | K23: 419035 | L23: 150335 | M23: 100663 | N23: 278308 | O23: 143 | P23: 283333 | Q23: 190032 | R23: =SUM(F23:Q23) -> 6434648 | S23: 8203424 | T23: 8203424
C25: Extraordinary Payments | D25: -900000 | E25: -553000 | H25: -20270 | I25: -48999 | J25: -15127 | K25: -28839 | L25: -368071 | M25: -85773 | N25: -79902 | O25: -13534 | P25: -422 | Q25: -10276 | R25: =SUM(F25:Q25) -> -671213 | S25: -4284094 | T25: 4284094
V26: Increase in Defecit | W26: =(R27+T27)/T27*100 -> 797.32416
B27: Net Borrowing Requirement | D27: =D21+D23+D25 -> -90372616 | E27: =E21+E23+E25 -> -175843500 | F27: =F21+F23+F25 -> -37366251 | G27: =G21+G23+G25 -> -19644454 | H27: =H21+H23+H25 -> 3443541 | I27: =I21+I23+I25 -> -31035015 | J27: =J21+J23+J25 -> -8416138 | K27: =K21+K23+K25 -> -8166373 | ... Q27: =Q21+Q23+Q25 -> -10746225 | R27: =SUM(F27:Q27) -> -161041429 | S27: =S21+S23+S25 -> -23368871 | T27: =T6-T8+T23-T25 -> -23094199 | V27: YTD as a % of Total Budgeted | W27: =R27/D27*100 -> 178.19715
V28: Cumulative Borrowing | W28: =R27/12*-12 -> 161041429
V29: Cumulative Borrowing Shortage | W29: =W28+D27 -> 70668813
B30: Financing of the Net Borrowing Requirement
B32: Domestic Short Term Loans (net) | D32: 15400000 | E32: 49700000 | F32: 7336278 | G32: 10011803 | H32: 8812057 | I32: 1229482 | J32: 4533046 | K32: 11395449 | L32: 905258 | M32: 2015884 | N32: 827286 | O32: 3115342 | P32: -3409987 | Q32: 2998413 | R32: =SUM(F32:Q32) -> 49770311 | S32: 12225111 | T32: 12225111 | V32: YTD as a % of Total Budgeted | W32: =R32/D32*100 -> 323.18384
B34: Domestic Long Terms Loans (net) | D34: 61521800 | E34: 115828654 | F34: 9014812 | G34: 7916315 | H34: 7343895 | I34: 10721849 | J34: -1953249 | K34: 13597924 | L34: 14059800 | M34: 13031838 | N34: 9478928 | O34: 9227746 | P34: 12774616 | Q34: 13641251 | R34: =SUM(F34:Q34) -> 118855725 | S34: 23059005 | T34: 23059005 | V34: YTD as a % of Total Budgeted | W34: =R34/D34*100 -> 193.19286
B36: Foreign Loans (net) | D36: 3836800 | E36: 11456835 | F36: -796355 | G36: 6849714 | H36: -80222 | I36: -407091 | J36: -47071 | K36: 3802418 | L36: -736000 | M36: -197729 | N36: 551706 | O36: -445379 | P36: -38885 | Q36: 14802463 | R36: =SUM(F36:Q36) -> 23257569 | S36: -3954404 | T36: -3954404 | V36: YTD as a % of Total Budgeted | W36: =R36/D36*100 -> 606.171
B38: Change in cash and other balances ( - increase) | D38: 9614016 | E38: -1141989 | F38: 21811516 | G38: -5133378 | H38: -19519271 | I38: 19490775 | J38: 5883412 | K38: -20629418 | L38: 8128283 | M38: 8640811 | N38: -17347433 | O38: 1180310 | P38: -12651881 | Q38: -20695902 | R38: =SUM(F38:Q38) -> -30842176 | S38: -7960841 | T38: -8235513 | V38: YTD as a % of Total Budgeted | W38: =R38/D38*100 -> -320.80429
B40: Total Financing (net) | D40: =SUM(D32:D38) -> 90372616 | E40: =SUM(E32:E38) -> 175843500 | F40: =SUM(F32:F38) -> 37366251 | G40: =SUM(G32:G38) -> 19644454 | H40: =SUM(H32:H38) -> -3443541 | I40: =SUM(I32:I38) -> 31035015 | J40: =SUM(J32:J38) -> 8416138 | K40: =SUM(K32:K38) -> 8166373 | ... T40: =SUM(T32:T38) -> 23094199 | V40: YTD as a % of Total Budgeted | W40: =R40/D40*100 -> 178.19715
B42: =D3 -> 2009/10.
B43: SA GDP | C43: 1.7888699e+12
B44: Constant 2005 prices
B45: Deficit as a % of GDP
C46: =R40*1000/C43*100 -> 9.0024113
B48: (R'000) | D48: 2010/11. | S48: =D3 -> 2009/10.
D49: Budget Estimate | E49: Revised Estimate | F49: April | G49: May | H49: June | I49: July | J49: Aug | K49: Sep | L49: Oct | M49: Nov | N49: Dec | O49: Jan | P49: Feb | Q49: Mar | R49: Year To Date | S49: Prelimanary outcome | T49: =R49 -> Year To Date
V50: Increase in Revenue | W50: =(R51-T51)/T51*100 -> 15.406494
B51: Revenue | D51: 643239001 | E51: 673559175 | F51: 37006775 | G51: 38526421 | H51: 74652497 | I51: 43188235 | J51: 54060349 | K51: 56450912 | L51: 41014307 | M51: 43562059 | N51: 83242116 | O51: 47934349 | P51: 64550108 | Q51: 84807072 | R51: =SUM(F51:Q51) -> 668995200 | S51: 580023579 | T51: 579685922 | V51: Cumulative Revenue | W51: =R51/12*12 -> 668995200
V52: Cumulative Revenue Shortage | W52: =D51-W51 -> -25756199
B53: Expenditure | D53: =D55+D57+D64 -> 818142943 | E53: =E55+E57+E64 -> 815678638 | F53: =F55+F57+F64 -> 62148799 | G53: =G55+G57+G64 -> 59384116 | H53: =H55+H57+H64 -> 65726819 | I53: =I55+I57+I64 -> 74868153 | J53: =J55+J57+J64 -> 63470501 | K53: =K55+K57+K64 -> 68875340 | ... Q53: =Q55+Q57+Q64 -> 89684288 | R53: =SUM(F53:Q53) -> 805619000 | S53: =S55+S57 -> 746831441 | T53: =T55+T57 -> 747273579
V54: Change in Total Expenditure | W54: =(R53-T53)/T53*100 -> 7.8077725
C55: Appropraition by vote | D55: 461517932 | E55: 466338623 | F55: 38373030 | G55: 34602092 | H55: 32536163 | I55: 48399286 | J55: 35856206 | K55: 33700788 | L55: 35393939 | M55: 45702974 | N55: 37700521 | O55: 31022346 | P55: 32286574 | Q55: 50458498 | R55: =SUM(F55:Q55) -> 456032417 | S55: 433027377 | T55: 433327220
C57: Direct charges against National Revenue Fund | D57: =SUM(D59:D62) -> 350625011 | E57: =SUM(E59:E62) -> 351040015 | F57: =SUM(F59:F62) -> 23775769 | G57: =SUM(G59:G62) -> 24782024 | H57: =SUM(H59:H62) -> 33190656 | I57: =SUM(I59:I62) -> 26468867 | J57: =SUM(J59:J62) -> 27614295 | K57: =SUM(K59:K62) -> 35174552 | ... Q57: =SUM(Q59:Q62) -> 39225790 | R57: =SUM(F57:Q57) -> 349586583 | S57: =SUM(S59:S62) -> 313804064 | T57: =SUM(T59:T62) -> 313946359 | V57: Change in Equitable Share | W57: =(R60-T60)/T60*100 -> 10.453552
C59: State Debt Costs | D59: 71357578 | E59: 67606879 | F59: 1682076 | G59: 1945794 | H59: 10672571 | I59: 3877771 | J59: 2524554 | K59: 12284947 | L59: 1189516 | M59: 1440570 | N59: 11197832 | O59: 4555421 | P59: 2011769 | Q59: 12844023 | R59: =SUM(F59:Q59) -> 66226844 | S59: 56987559 | T59: 57129217 | V59: Cumulative Equitable Share | W59: =R60/12*12 -> 265139448
C60: Provincial Equitable Share | D60: 260973745 | E60: 265139448 | F60: 21747817 | G60: 21747817 | H60: 21747816 | I60: 21747814 | J60: 21747813 | K60: 21747813 | L60: 21747811 | M60: 21747810 | N60: 24769861 | O60: 22129026 | P60: 22129025 | Q60: 22129025 | R60: =SUM(F60:Q60) -> 265139448 | S60: 240046103 | T60: 240046103 | V60: Cumulative Equitable Shortage | W60: =W59-D60 -> 4165703
C61: General Fuel Levy sharing with Metros | D61: 7542361 | E61: 7542361 | J61: 2514120 | N61: 2514120 | O61: - | P61: 0 | Q61: 2514121 | R61: =SUM(F61:Q61) -> 7542361 | S61: 6800104 | T61: 6800104
C62: Other | D62: 10751327 | E62: 10751327 | F62: 345876 | G62: 1088413 | H62: 770269 | I62: 843282 | J62: 827808 | K62: 1141792 | L62: 168342 | M62: 1642837 | N62: 989599 | O62: 930450 | P62: 190641 | Q62: 1738621 | R62: =SUM(F62:Q62) -> 10677930 | S62: 9970298 | T62: 9970935
C64: Contingency Reserve | D64: 6000000 | E64: -1700000
B66: Budget Deficit/Surplus | D66: =D51-D53 -> -174903942 | E66: =E51-E53 -> -142119463 | F66: =F51-F53 -> -25142024 | G66: =G51-G53 -> -20857695 | H66: =H51-H53 -> 8925678 | I66: =I51-I53 -> -31679918 | J66: =J51-J53 -> -9410152 | K66: =K51-K53 -> -12424428 | ... Q66: =Q51-Q53 -> -4877216 | R66: =SUM(F66:O66) -> -139678683 | S66: =S51-S53 -> -166807862 | T66: =T51-T53 -> -167587657
C68: Extraordinary Receipts | E68: 2450000 | F68: 318 | G68: 298309 | H68: 26115 | I68: 375196 | J68: 221424 | K68: 77660 | L68: 109931 | M68: 426995 | N68: 7114 | O68: 174361 | P68: 522028 | Q68: 770287 | R68: =SUM(F68:Q68) -> 3009738 | S68: 6434648 | T68: 6434648
C70: Extraordinary Payments | E70: -572000 | F70: -66828 | G70: -325 | H70: -84 | I70: -302 | J70: -4227 | K70: -195996 | L70: -117325 | M70: -287095 | N70: -42196 | O70: -47415 | P70: -11453 | Q70: -65371 | R70: =SUM(F70:Q70) -> -838617 | S70: -671213 | T70: -671213
V71: Decrease in Defecit | W71: =(R72+T72)/T72*100 -> 183.08563
B72: Net Borrowing Requirement | D72: =D66+D68+D70 -> -174903942 | E72: =E66+E68+E70 -> -140241463 | F72: =F66+F68+F70 -> -25208534 | G72: =G66+G68+G70 -> -20559711 | H72: =H66+H68+H70 -> 8951709 | I72: =I66+I68+I70 -> -31305024 | J72: =J66+J68+J70 -> -9192955 | K72: =K66+K68+K70 -> -12542764 | ... Q72: =Q66+Q68+Q70 -> -4172300 | R72: =SUM(F72:Q72) -> -134452679 | S72: =S66+S68+S70 -> -161044427 | T72: =T66+T68+T70 -> -161824222 | V72: YTD as a % of Total Budgeted | W72: =R72/D72*100 -> 76.872298
V73: Cumulative Borrowing | W73: =R72/12*12 -> -134452679
V74: Cumulative Borrowing Shortage | W74: =W73-D72 -> 40451263
B75: Financing of the Net Borrowing Requirement
B77: Domestic Short Term Loans (net) | D77: 22000000 | E77: 22000000 | F77: 3491872 | G77: 5104250 | H77: 10305563 | I77: 100367 | J77: 5571633 | K77: 1547001 | L77: 2044415 | M77: 6868423 | N77: 4462732 | O77: -4758494 | P77: 2197732 | Q77: -2042495 | R77: =SUM(F77:Q77) -> 34892999 | S77: 49770311 | T77: 49770311 | V77: YTD as a % of Total Budgeted | W77: =R77/D77*100 -> 158.60454
B79: Domestic Long Terms Loans (net) | D79: 137740042 | E79: 137740042 | F79: 10634428 | G79: 14282461 | H79: 12650855 | I79: 14242923 | J79: 834955 | K79: 13172310 | L79: 14916608 | M79: 13007363 | N79: 8654266 | O79: 8607704 | P79: 13305054 | Q79: 12540789 | R79: =SUM(F79:Q79) -> 136849716 | S79: 118855725 | T79: 118855725 | V79: YTD as a % of Total Budgeted | W79: =R79/D79*100 -> 99.353619
B81: Foreign Loans (net) | D81: 11563900 | E81: -2430700 | F81: -688349 | G81: -164907 | H81: -60791 | I81: -300868 | J81: -55094 | K81: -17707 | L81: -340372 | M81: -180360 | N81: -53272 | O81: -401817 | P81: -58646 | Q81: 5161662 | R81: =SUM(F81:Q81) -> 2839479 | S81: 23257569 | T81: 23257569 | V81: YTD as a % of Total Budgeted | W81: =R81/D81*100 -> 24.554683
B83: Change in cash and other balances ( - increase) | D83: 3600000 | E83: -17067879 | F83: 11770583 | G83: 1337907 | H83: -31847336 | I83: 17262602 | J83: 2841461 | K83: -2158840 | L83: 872044 | M83: 7136806 | N83: -19098827 | O83: 7128555 | P83: -23886814 | Q83: -11487656 | R83: =SUM(F83:Q83) -> -40129515 | S83: -30839178 | T83: -30059383 | V83: YTD as a % of Total Budgeted | W83: =R83/D83*100 -> -1114.7088
B85: Total Financing (net) | D85: =D77+D79+D81+D83 -> 174903942 | E85: =E77+E79+E81+E83 -> 140241463 | F85: =F77+F79+F81+F83 -> 25208534 | G85: =G77+G79+G81+G83 -> 20559711 | H85: =H77+H79+H81+H83 -> -8951709 | I85: =I77+I79+I81+I83 -> 31305024 | J85: =J77+J79+J81+J83 -> 9192955 | K85: =K77+K79+K81+K83 -> 12542764 | ... Q85: =Q77+Q79+Q81+Q83 -> 4172300 | R85: =SUM(F85:Q85) -> 134452679 | S85: =S77+S79+S81+S83 -> 161044427 | T85: =T77+T79+T81+T83 -> 161824222 | V85: YTD as a % of Total Budgeted | W85: =R85/D85*100 -> 76.872298
B87: =D48 -> 2010/11.
B88: SA GDP | C88: 1.8494375e+12
B89: Constant 2005 prices
B90: Deficit as a % of GDP
C91: =R85*1000/C88*100 -> 7.2699226
B93: (R'000) | D93: 2011/12. | S93: =D48 -> 2010/11.
D94: Budget Estimate | E94: Revised Estimate | F94: April | G94: May | H94: June | I94: July | J94: Aug | K94: Sep | L94: Oct | M94: Nov | N94: Dec | O94: Jan | P94: Feb | Q94: Mar | R94: Year To Date | S94: Prelimanary outcome | T94: =R94 -> Year To Date
V95: Increase in Revenue | W95: =(R96-T96)/T96*100 -> 10.461731
B96: Revenue | D96: 729857668 | E96: 718542150 | F96: 36997670 | G96: 42075894 | H96: 82200460 | I96: 41175954 | J96: 62289400 | K96: 60799593 | L96: 48397926 | M96: 50824697 | N96: 102065243 | O96: 51231100 | P96: 71590842 | Q96: 90155030 | R96: =SUM(F96:Q96) -> 739803809 | S96: 668995200 | T96: 669737655 | V96: Cumulative Revenue | W96: =R96/12*12 -> 739803809
V97: Cumulative Revenue Shortage | W97: =D96-W96 -> -9946141
B98: Expenditure | D98: =D100+D102+D109 -> 888923308 | E98: =E100+E102+E109 -> 888018255 | F98: =F100+F102+F109 -> 62584555 | G98: =G100+G102+G109 -> 66302576 | H98: =H100+H102+H109 -> 69642935 | I98: =I100+I102+I109 -> 85237035 | J98: =J100+J102+J109 -> 67722731 | K98: =K100+K102+K109 -> 77807680 | ... Q98: =Q100+Q102+Q109 -> 101635829 | R98: =SUM(F98:Q98) -> 889529176 | S98: =S100+S102+S109 -> 805619000 | T98: =T100+T102+T109 -> 805189830
V99: Change in Total Expenditure | W99: =(R98-T98)/T98*100 -> 10.474467
C100: Appropraition by vote | D100: 499480936 | E100: 505179251 | F100: 35695898 | G100: 39876109 | H100: 32522502 | I100: 55034037 | J100: 37310787 | K100: 39067262 | L100: 31691346 | M100: 52328042 | N100: 39538727 | O100: 40839423 | P100: 37212637 | Q100: 59162245 | R100: =SUM(F100:Q100) -> 500279015 | S100: 456032417 | T100: 455595060
C102: Direct charges against National Revenue Fund | D102: =SUM(D104:D107) -> 385311972 | E102: =SUM(E104:E107) -> 388839004 | F102: =SUM(F104:F107) -> 26888657 | G102: =SUM(G104:G107) -> 26426467 | H102: =SUM(H104:H107) -> 37120433 | I102: =SUM(I104:I107) -> 30202998 | J102: =SUM(J104:J107) -> 30411944 | K102: =SUM(K104:K107) -> 38740418 | ... Q102: =SUM(Q104:Q107) -> 42473584 | R102: =SUM(F102:Q102) -> 389250161 | S102: =SUM(S104:S107) -> 349586583 | T102: =SUM(T104:T107) -> 349594770 | V102: Change in Equitable Share | W102: =(R105-T105)/T105*100 -> 10.030971
C104: State Debt Costs | D104: 76578687 | E104: 76864014 | F104: 1763753 | G104: 2180975 | H104: 12123487 | I104: 5003366 | J104: 2610341 | K104: 13717255 | L104: 1469205 | M104: 1913082 | N104: 12967264 | O104: 5655974 | P104: 2482410 | Q104: 14578251 | R104: =SUM(F104:Q104) -> 76465363 | S104: 66226844 | T104: 66226844 | V104: Cumulative Equitable Share | W104: =R105/12*12 -> 291735509
C105: Provincial Equitable Share | D105: 288492831 | E105: 291735509 | F105: 24041073 | G105: 24041073 | H105: 24041072 | I105: 24041072 | J105: 24041071 | K105: 24041069 | L105: 24041069 | M105: 24041067 | N105: 24041067 | O105: 27283744 | P105: 24041066 | Q105: 24041066 | R105: =SUM(F105:Q105) -> 291735509 | S105: 265139448 | T105: 265139448 | V105: Cumulative Equitable Shortage | W105: =W104-D105 -> 3242678
C106: General Fuel Levy sharing with Metros | D106: 8573130 | E106: 8573130 | J106: 2857710 | N106: 2857710 | Q106: 2857710 | R106: =SUM(F106:Q106) -> 8573130 | S106: 7542361 | T106: 7542361
C107: Other | D107: 11667324 | E107: 11666351 | F107: 1083831 | G107: 204419 | H107: 955874 | I107: 1158560 | J107: 902822 | K107: 982094 | L107: 1061789 | M107: 1124546 | N107: 1718918 | O107: 190101 | P107: 2096648 | Q107: 996557 | R107: =SUM(F107:Q107) -> 12476159 | S107: 10677930 | T107: 10686117
C109: Contingency Reserve | D109: 4130400 | E109: -6000000
B111: Budget Deficit/Surplus | D111: =D96-D98 -> -159065640 | E111: =E96-E98 -> -169476105 | F111: =F96-F98 -> -25586885 | G111: =G96-G98 -> -24226682 | H111: =H96-H98 -> 12557525 | I111: =I96-I98 -> -44061081 | J111: =J96-J98 -> -5433331 | K111: =K96-K98 -> -17008087 | ... Q111: =Q96-Q98 -> -11480799 | R111: =SUM(F111:Q111) -> -149725367 | S111: =S96-S98 -> -136623800 | T111: =T96-T98 -> -135452175
C113: Extraordinary Receipts | D113: 1350000 | E113: 3380000 | F113: 280276 | G113: 202806 | H113: 361054 | I113: 300945 | J113: 354282 | K113: 713220 | L113: 548904 | M113: 736582 | N113: 298420 | O113: 89949 | P113: 236178 | Q113: 1086611 | R113: =SUM(F113:Q113) -> 5209227 | S113: 3009738 | T113: 3009738
C115: Extraordinary Payments | D115: -150000 | E115: -520000 | F115: -206868 | G115: -116641 | H115: -191358 | I115: 25855 | J115: -2744 | K115: -1139 | O115: -9206 | P115: -20422 | Q115: -865771 | R115: =SUM(F115:Q115) -> -1388294 | S115: -838617 | T115: -838617
V116: Decrease in Defecit | W116: =(R117+T117)/T117*100 -> 209.47125
B117: Net Borrowing Requirement | D117: =D111+D113+D115 -> -157865640 | E117: =E111+E113+E115 -> -166616105 | F117: =F111+F113+F115 -> -25513477 | G117: =G111+G113+G115 -> -24140517 | H117: =H111+H113+H115 -> 12727221 | I117: =I111+I113+I115 -> -43734281 | J117: =J111+J113+J115 -> -5081793 | K117: =K111+K113+K115 -> -16296006 | ... Q117: =Q111+Q113+Q115 -> -11259959 | R117: =SUM(F117:Q117) -> -145904434 | S117: =S111+S113+S115 -> -134452679 | T117: =T111+T113+T115 -> -133281054 | V117: YTD as a % of Total Budgeted | W117: =R117/D117*100 -> 92.423173
V118: Cumulative Borrowing | W118: =R117/12*12 -> -145904434
V119: Cumulative Borrowing Shortage | W119: =W118-D117 -> 11961206
B120: Financing of the Net Borrowing Requirement
B122: Domestic Short Term Loans (net) | D122: 22000000 | E122: 22000000 | F122: -246256 | G122: 2370485 | H122: 5226110 | I122: 9353101 | J122: 1627102 | K122: -647011 | L122: 9107858 | M122: 6769658 | N122: 100932 | O122: -626076 | P122: 1809213 | Q122: -16120480 | R122: =SUM(F122:Q122) -> 18724636 | S122: 34892999 | T122: 34892999 | V122: YTD as a % of Total Budgeted | W122: =R122/D122*100 -> 85.111982
B124: Domestic Long Terms Loans (net) | D124: 135367000 | E124: 135067000 | F124: 10528543 | G124: 11861698 | H124: 12479571 | I124: 14439042 | J124: 1209159 | K124: 12307670 | L124: 14167473 | M124: 15379538 | N124: 8661736 | O124: 8972610 | P124: 13844597 | Q124: 14649151 | R124: =SUM(F124:Q124) -> 138500788 | S124: 136849716 | T124: 136849716 | V124: YTD as a % of Total Budgeted | W124: =R124/D124*100 -> 102.31503
B126: Foreign Loans (net) | D126: 4999000 | E126: -2363000 | F126: -770381 | G126: -189454 | H126: -74183 | I126: -405823 | J126: -38830 | K126: -20741 | L126: -796155 | M126: -216319 | N126: 32010 | O126: 11597452 | P126: -37086 | Q126: 54857 | R126: =SUM(F126:Q126) -> 9135347 | S126: 2839479 | T126: 2839479 | V126: YTD as a % of Total Budgeted | W126: =R126/D126*100 -> 182.74349
B128: Change in cash and other balances ( - increase) | D128: -4500360 | E128: 11912105 | F128: 16001571 | G128: 10097788 | H128: -30358720 | I128: 20347961 | J128: 2284362 | K128: 4656088 | L128: -13162597 | M128: 5912581 | N128: -30034655 | O128: 2713413 | P128: -21590561 | Q128: 12676431 | R128: =SUM(F128:Q128) -> -20456338 | S128: -40129515 | T128: -41301140 | V128: YTD as a % of Total Budgeted | W128: =R128/D128*100 -> 454.54892
B130: Total Financing (net) | D130: =SUM(D122:D128) -> 157865640 | E130: =SUM(E122:E128) -> 166616105 | F130: =SUM(F122:F128) -> 25513477 | G130: =SUM(G122:G128) -> 24140517 | H130: =SUM(H122:H128) -> -12727222 | I130: =SUM(I122:I128) -> 43734281 | J130: =SUM(J122:J128) -> 5081793 | K130: =SUM(K122:K128) -> 16296006 | ... Q130: =SUM(Q122:Q128) -> 11259959 | R130: =SUM(F130:Q130) -> 145904433 | S130: =SUM(S122:S128) -> 134452679 | T130: =SUM(T122:T128) -> 133281054 | V130: YTD as a % of Total Budgeted | W130: =R130/D130*100 -> 92.423173
B132: =D93 -> 2011/12.
B133: SA GDP | C133: 1905324000000
B134: Constant 2005 prices
B135: Deficit as a % of GDP
C136: =R130*1000/C133*100 -> 7.6577229
B138: (R'000) | D138: 2012/13. | S138: 2011/12.
D139: Budget Estimate | E139: Revised Estimate | F139: April | G139: May | H139: June | I139: July | J139: Aug | K139: Sep | L139: Oct | M139: Nov | N139: Dec | O139: Jan | P139: Feb | Q139: Mar | R139: Year To Date | S139: Prelimanary outcome | T139: =R139 -> Year To Date
V140: Increase in Revenue | W140: =(R141-T141)/T141*100 -> 6.3900037
...

Sheet Manufacturing
A1: Manufacturing
B3: Indices of Physical Volume Production | C3: Value of IP Sales
B4: 2005=100 | C4: Seasonally adjus, R1000
A6: 35796 | B6: 76.9 | C6: 40276088
A7: 35827 | B7: 87.3 | C7: 39494290
A8: 35855 | B8: 88.4 | C8: 39779879
A9: 35886 | B9: 82.7 | C9: 40837325
A10: 35916 | B10: 87.1 | C10: 39204839
A11: 35947 | B11: 89.6 | C11: 40226963
A12: 35977 | B12: 89.8 | C12: 41053694
A13: 36008 | B13: 85.9 | C13: 39012908
A14: 36039 | B14: 91.9 | C14: 41059985
A15: 36069 | B15: 95.7 | C15: 40422982
A16: 36100 | B16: 94.5 | C16: 39850547
A17: 36130 | B17: 72.7 | C17: 40663405
... A191: 41438 | B191: 104.9 | C191: 133933876
A193: Average 1998 | B193: =AVERAGE(B6:B17) -> 86.875 | C193: =AVERAGE(C6:C17) -> 40156909
A194: Average 1999 | B194: =AVERAGE(B18:B29) -> 86.433333 | C194: =AVERAGE(C18:C29) -> 42624745
A195: Average 2000 | B195: =AVERAGE(B30:B41) -> 89.566667 | C195: =AVERAGE(C30:C41) -> 48139255
A196: Average 2001 | B196: =AVERAGE(B42:B53) -> 91.466667 | C196: =AVERAGE(C42:C53) -> 54007773
A197: Average 2002 | B197: =AVERAGE(B54:B65) -> 95.341667 | C197: =AVERAGE(C54:C65) -> 65951376
A198: Average 2003 | B198: =AVERAGE(B66:B77) -> 93.408333 | C198: =AVERAGE(C66:C77) -> 65168852
A199: Average 2004 | B199: =AVERAGE(B78:B89) -> 97.116667 | C199: =AVERAGE(C78:C89) -> 70637872
A200: Average 2005 | B200: =AVERAGE(B90:B101) -> 99.983333 | C200: =AVERAGE(C90:C101) -> 75071374
A201: Average 2006 | B201: =AVERAGE(B102:B113) -> 104.80833 | C201: =AVERAGE(C102:C113) -> 84741793
A202: Average 2007 | B202: =AVERAGE(B115:B125) -> 110.91818 | C202: =AVERAGE(C115:C125) -> 98005032
A203: Average 2008 | B203: =AVERAGE(B126:B137) -> 110.58333 | C203: =AVERAGE(C126:C137) -> 1.1515017e+08
A204: Average 2009 | B204: =AVERAGE(B138:B149) -> 96.275 | C204: =AVERAGE(C138:C149) -> 99394151
A205: Average 2010 | B205: =AVERAGE(B150:B161) -> 100.9 | C205: =AVERAGE(C150:C161) -> 1.0729072e+08
A206: Average 2011 | B206: =AVERAGE(B162:B173) -> 103.45833 | C206: =AVERAGE(C162:C173) -> 1.1722058e+08
A207: Average 2012 | B207: =AVERAGE(B174:B185) -> 105.575 | C207: =AVERAGE(C174:C185) -> 1.2718635e+08
A208: Average 2013 | B208: =AVERAGE(B186:B191) -> 102.45 | C208: =AVERAGE(C186:C191) -> 1.3459406e+08
A210: Year-on-Year 1999 | B210: =(B194-B193)/B193*100 -> -0.50839329 | C210: =(C194/C193-1)*100 -> 6.1454836
A211: Year-on-Year 2000 | B211: =(B195-B194)/B194*100 -> 3.6251446 | C211: =(C195/C194-1)*100 -> 12.937344
A212: Year-on-Year 2001 | B212: =(B196-B195)/B195*100 -> 2.1213249 | C212: =(C196/C195-1)*100 -> 12.190712
A213: Year-on-Year 2002 | B213: =(B197-B196)/B196*100 -> 4.236516 | C213: =(C197/C196-1)*100 -> 22.114601
A214: Year-on-Year 2003 | B214: =(B198-B197)/B197*100 -> -2.0277948 | C214: =(C198/C197-1)*100 -> -1.1865168
A215: Year-on-Year 2004 | B215: =(B199-B198)/B198*100 -> 3.9700241 | C215: =(C199/C198-1)*100 -> 8.3920767
A216: Year-on-Year 2005 | B216: =(B200-B199)/B199*100 -> 2.9517762 | C216: =(C200/C199-1)*100 -> 6.2763811
A217: Year-on-Year 2006 | B217: =(B201-B200)/B200*100 -> 4.8258043 | C217: =(C201/C200-1)*100 -> 12.881633
A218: Year-on-Year 2007 | B218: =(B202-B201)/B201*100 -> 5.8295446 | C218: =(C202/C201-1)*100 -> 15.651355
A219: Year-on-Year 2008 | B219: =(B203-B202)/B202*100 -> -0.30188782 | C219: =(C203/C202-1)*100 -> 17.494136
A220: Year-on-Year 2009 | B220: =(B204-B203)/B203*100 -> -12.93896 | C220: =(C204/C203-1)*100 -> -13.683015
A221: Year-on-Year 2010 | B221: =(B205-B204)/B204*100 -> 4.803947 | C221: =(C205/C204-1)*100 -> 7.9447037
A222: Year-on-Year 2011 | B222: =(B206-B205)/B205*100 -> 2.5355137 | C222: =(C206/C205-1)*100 -> 9.255091
A223: Year-on-Year 2012 | B223: =(B207-B206)/B206*100 -> 2.0459122 | C223: =(C207-C206)/C206*100 -> 8.5017288
A224: Year-on-Year 2013 | B224: =(B208-B207)/B207*100 -> -2.9599811 | C224: =(C208-C207)/C207*100 -> 5.8242935

Sheet Retail
A1: RETAIL AND TRADE (SA)
B3: Retail Sales | C3: Motor Trade Sales | D3: Wholesale Trade Sales
A4: (at constant prices) | B4: R million | C4: Seasonally adjus, R million | D4: Seasonally adjus, R million
A6: 35796 | B6: 17027 | C6: 7973 | D6: 26051
A7: 35827 | B7: 15707 | C7: 7862 | D7: 26099
A8: 35855 | B8: 17393 | C8: 7890 | D8: 26606
A9: 35886 | B9: 16979 | C9: 8289 | D9: 26537
A10: 35916 | B10: 17358 | C10: 7727 | D10: 25951
A11: 35947 | B11: 16469 | C11: 7671 | D11: 26449
A12: 35977 | B12: 16675 | C12: 8335 | D12: 27102
A13: 36008 | B13: 16318 | C13: 7536 | D13: 26222
A14: 36039 | B14: 16501 | C14: 7411 | D14: 26632
A15: 36069 | B15: 17236 | C15: 7761 | D15: 26370
A16: 36100 | B16: 17810 | C16: 7771 | D16: 25781
A17: 36130 | B17: 23633 | C17: 7935 | D17: 25786
... A164: 40603 | B164: 41770 | C164: 35326 | D164: 48330
A165: 40634 | B165: 43205 | C165: 34583 | D165: 47643 | E165: 31675 | F165: 33115
A166: 40664 | B166: 41196 | C166: 34611 | D166: 48122
A167: 40695 | B167: 41729 | C167: 35900 | D167: 49560
A168: 40725 | B168: 42876 | C168: 34802 | D168: 47655
A169: 40756 | B169: 42514 | C169: 36268 | D169: 49928
A170: 40787 | B170: 43718 | C170: 38576 | D170: 50723
A171: 40817 | B171: 45484 | C171: 36293 | D171: 49372
A172: 40848 | B172: 47209 | C172: 37801 | D172: 50376
A173: 40878 | B173: 63743 | C173: 36478 | D173: 50754
A174: 40909 | B174: 42424 | C174: 38168 | D174: 52059
A175: 40940 | B175: 41994 | C175: 38784 | D175: 53183
A176: 40969 | B176: 44490 | C176: 38204 | D176: 51570
A177: 41000 | B177: 43712 | C177: 39197 | D177: 52622
... A191: 41438 | B191: 57093 | C191: 42180 | D191: 58015
A193: Average 1998 | B193: =AVERAGE(B6:B17) -> 17425.5 | C193: =AVERAGE(C6:C17) -> 7846.75 | D193: =AVERAGE(D6:D17) -> 26298.833
A194: Average 1999 | B194: =AVERAGE(B18:B29) -> 17237.583 | C194: =AVERAGE(C18:C29) -> 8154.5833 | D194: =AVERAGE(D18:D29) -> 27085.75
A195: Average 2000 | B195: =AVERAGE(B30:B41) -> 17300.667 | C195: =AVERAGE(C30:C41) -> 10719.5 | D195: =AVERAGE(D30:D41) -> 30049.667
A196: Average 2001 | B196: =AVERAGE(B42:B53) -> 17772.833 | C196: =AVERAGE(C42:C53) -> 12432.167 | D196: =AVERAGE(D42:D53) -> 31074.75
A197: Average 2002 | B197: =AVERAGE(B54:B65) -> 27842.333 | C197: =AVERAGE(C54:C65) -> 14848.5 | D197: =AVERAGE(D54:D65) -> 31871.167
A198: Average 2003 | B198: =AVERAGE(B66:B77) -> 29220 | C198: =AVERAGE(C66:C77) -> 16683.667 | D198: =AVERAGE(D66:D77) -> 34191.083
A199: Average 2004 | B199: =AVERAGE(B78:B89) -> 32489.5 | C199: =AVERAGE(C78:C89) -> 19690.083 | D199: =AVERAGE(D78:D89) -> 38525.167
A200: Average 2005 | B200: =AVERAGE(B90:B101) -> 35149.25 | C200: =AVERAGE(C90:C101) -> 22862.083 | D200: =AVERAGE(D90:D101) -> 39687.417
A201: Average 2006 | B201: =AVERAGE(B102:B113) -> 39339.083 | C201: =AVERAGE(C102:C113) -> 26248.75 | D201: =AVERAGE(D102:D113) -> 42240.167
A202: Average 2007 | B202: =AVERAGE(B115:B125) -> 42275.091 | C202: =AVERAGE(C115:C125) -> 28723.818 | D202: =AVERAGE(D115:D125) -> 44669.182
A203: Average 2008 | B203: =AVERAGE(B126:B137) -> 42005.25 | C203: =AVERAGE(C126:C137) -> 29934.917 | D203: =AVERAGE(D126:D137) -> 48128.667
A204: Average 2009 | B204: =AVERAGE(B138:B149) -> 39988.583 | C204: =AVERAGE(C138:C149) -> 27215.25 | D204: =AVERAGE(D138:D149) -> 44628.833
A205: Average 2010 | B205: =AVERAGE(B150:B161) -> 41990.417 | C205: =AVERAGE(C150:C161) -> 31385 | D205: =AVERAGE(D150:D161) -> 45837.083
A206: Average 2011 | B206: =AVERAGE(B162:B173) -> 44487.833 | C206: =AVERAGE(C162:C173) -> 35777.417 | D206: =AVERAGE(D162:D173) -> 48790
A207: Average 2012 | B207: =AVERAGE(B174:B185) -> 48131.333 | C207: =AVERAGE(C174:C185) -> 39819.5 | D207: =AVERAGE(D174:D185) -> 53343.917
A208: Average 2013 | B208: =AVERAGE(B186:B191) -> 54526.333 | C208: =AVERAGE(C186:C191) -> 42170.5 | D208: =AVERAGE(D186:D191) -> 53684.833
A210: Year-on-Year 1999 | B210: =(B194-B193)/B193*100 -> -1.0784004 | C210: =(C194/C193-1)*100 -> 3.9230679 | D210: =(D194/D193-1)*100 -> 2.9922113
A211: Year-on-Year 2000 | B211: =(B195-B194)/B194*100 -> 0.36596391 | C211: =(C195/C194-1)*100 -> 31.453681 | D211: =(D195/D194-1)*100 -> 10.942716
A212: Year-on-Year 2001 | B212: =(B196-B195)/B195*100 -> 2.7291819 | C212: =(C196/C195-1)*100 -> 15.977113 | D212: =(D196/D195-1)*100 -> 3.4112969
A213: Year-on-Year 2002 | B213: =(B197-B196)/B196*100 -> 56.656695 | C213: =(C197/C196-1)*100 -> 19.43614 | D213: =(D197/D196-1)*100 -> 2.5629061
A214: Year-on-Year 2003 | B214: =(B198-B197)/B197*100 -> 4.9481006 | C214: =(C198/C197-1)*100 -> 12.359273 | D214: =(D198/D197-1)*100 -> 7.2790453
A215: Year-on-Year 2004 | B215: =(B199-B198)/B198*100 -> 11.189254 | C215: =(C199/C198-1)*100 -> 18.020119 | D215: =(D199/D198-1)*100 -> 12.676063
A216: Year-on-Year 2005 | B216: =(B200-B199)/B199*100 -> 8.186491 | C216: =(C200/C199-1)*100 -> 16.109632 | D216: =(D200/D199-1)*100 -> 3.0168591
A217: Year-on-Year 2006 | B217: =(B201-B200)/B200*100 -> 11.920122 | C217: =(C201/C200-1)*100 -> 14.813465 | D217: =(D201/D200-1)*100 -> 6.4321395
A218: Year-on-Year 2007 | B218: =(B202-B201)/B201*100 -> 7.463335 | C218: =(C202/C201-1)*100 -> 9.4292802 | D218: =(D202/D201-1)*100 -> 5.7504867
A219: Year-on-Year 2008 | B219: =(B203-B202)/B202*100 -> -0.63829764 | C219: =(C203/C202-1)*100 -> 4.2163562 | D219: =(D203/D202-1)*100 -> 7.7446792
A220: Year-on-Year 2009 | B220: =(B204-B203)/B203*100 -> -4.8009872 | C220: =(C204/C203-1)*100 -> -9.0852655 | D220: =(D204/D203-1)*100 -> -7.2718269
A221: Year-on-Year 2010 | B221: =(B205-B204)/B204*100 -> 5.0060121 | C221: =(C205/C204-1)*100 -> 15.321373 | D221: =(D205/D204-1)*100 -> 2.7073305
... A224: Year-on-Year 2013 | B224: =(B208-B207)/B207*100 -> 13.286563 | C224: =(C208/C207-1)*100 -> 5.9041424 | D224: =(D208/D207-1)*100 -> 0.63909193

Sheet Monetary
A1: MONETARY INDICATORS
B3: CPI | C3: Long Term Interest Rates | D3: Real Interest Rates | E3: Rand Dollar Exchange Rate
B4: Year-on-Year | C4: R157 Yields | E4: per 1USD
A6: 35796 | B6: 5.7 | C6: 13.6 | D6: =C6-B6 -> 7.9 | E6: 4.9409
A7: 35827 | B7: 5.3 | C7: 13.52 | D7: =C7-B7 -> 8.22 | E7: 4.939
A8: 35855 | B8: 5.4 | C8: 13.31 | D8: =C8-B8 -> 7.91 | E8: 5.0365
A9: 35886 | B9: 5 | C9: 13.09 | D9: =C9-B9 -> 8.09 | E9: 5.056
A10: 35916 | B10: 5.1 | C10: 15.574 | D10: =C10-B10 -> 10.474 | E10: 5.157
A11: 35947 | B11: 5.2 | C11: 15.235 | D11: =C11-B11 -> 10.035 | E11: 5.8902
A12: 35977 | B12: 6.6 | C12: 15.5 | D12: =C12-B12 -> 8.9 | E12: 6.145
A13: 36008 | B13: 7.6 | C13: 19.53 | D13: =C13-B13 -> 11.93 | E13: 6.416
A14: 36039 | B14: 9 | C14: 17.29 | D14: =C14-B14 -> 8.29 | E14: 5.8752
A15: 36069 | B15: 9 | C15: 15.51 | D15: =C15-B15 -> 6.51 | E15: 5.6452
A16: 36100 | B16: 9.3 | C16: 16.02 | D16: =C16-B16 -> 6.72 | E16: 5.6952
A17: 36130 | B17: 9 | C17: 15.885 | D17: =C17-B17 -> 6.885 | E17: 5.865
... A192: 41456 | B192: 6.3 | C192: 6.14 | D192: =C192-B192 -> -0.16 | E192: 9.85
A194: Average 1998 | B194: =AVERAGE(B6:B17) -> 6.85 | C194: =AVERAGE(C6:C17) -> 15.338667 | D194: =AVERAGE(D6:D17) -> 8.4886667 | E194: =AVERAGE(E6:E17) -> 5.5551
A195: Average 1999 | B195: =AVERAGE(B18:B29) -> 5.2583333 | C195: =AVERAGE(C18:C29) -> 14.825417 | D195: =AVERAGE(D18:D29) -> 9.5670833 | E195: =AVERAGE(E18:E29) -> 6.1224667
A196: Average 2000 | B196: =AVERAGE(B30:B41) -> 5.325 | C196: =AVERAGE(C30:C41) -> 13.722083 | D196: =AVERAGE(D30:D41) -> 8.3970833 | E196: =AVERAGE(E30:E41) -> 6.9959
A197: Average 2001 | B197: =AVERAGE(B42:B53) -> 5.725 | C197: =AVERAGE(C42:C53) -> 11.30625 | D197: =AVERAGE(D42:D53) -> 5.58125 | E197: =AVERAGE(E42:E53) -> 8.7372417
A198: Average 2002 | B198: =AVERAGE(B54:B65) -> 9.15 | C198: =AVERAGE(C54:C65) -> 11.548333 | D198: =AVERAGE(D54:D65) -> 2.3983333 | E198: =AVERAGE(E54:E65) -> 10.360967
A199: Average 2003 | B199: =AVERAGE(B66:B77) -> 5.9666667 | C199: =AVERAGE(C66:C77) -> 9.5420833 | D199: =AVERAGE(D66:D77) -> 3.5754167 | E199: =AVERAGE(E66:E77) -> 7.403725
A200: Average 2004 | B200: =AVERAGE(B78:B89) -> 1.3916667 | C200: =AVERAGE(C78:C89) -> 9.5 | D200: =AVERAGE(D78:D89) -> 8.1083333 | E200: =AVERAGE(E78:E89) -> 6.3881583
A201: Average 2005 | B201: =AVERAGE(B90:B101) -> 3.4 | C201: =AVERAGE(C90:C101) -> 8.0225 | D201: =AVERAGE(D90:D101) -> 4.6225 | E201: =AVERAGE(E90:E101) -> 6.367425
A202: Average 2006 | B202: =AVERAGE(B102:B113) -> 4.4333333 | C202: =AVERAGE(C102:C113) -> 8.0008333 | D202: =AVERAGE(D102:D113) -> 3.5675 | E202: =AVERAGE(E102:E113) -> 6.8117583
A203: Average 2007 | B203: =AVERAGE(B115:B125) -> 6.9 | C203: =AVERAGE(C115:C125) -> 8.19 | D203: =AVERAGE(D115:D125) -> 1.29 | E203: =AVERAGE(E115:E125) -> 7.0046091
A204: Average 2008 | B204: =AVERAGE(B126:B137) -> 11.483333 | C204: =AVERAGE(C126:C137) -> 9.0925 | D204: =AVERAGE(D126:D137) -> -2.3908333 | E204: =AVERAGE(E126:E137) -> 7.238725
A205: Average 2009 | B205: =AVERAGE(B138:B149) -> 7.4083333 | C205: =AVERAGE(C138:C149) -> 8.2158333 | D205: =AVERAGE(D138:D149) -> 0.8075 | E205: =AVERAGE(E138:E149) -> 6.5155667
A206: Average 2010 | B206: =AVERAGE(B150:B161) -> 4.525 | C206: =AVERAGE(C150:C161) -> 7.6895833 | D206: =AVERAGE(D150:D161) -> 3.1645833 | E206: =AVERAGE(E150:E161) -> 6.7169167
A207: Average 2011 | B207: =AVERAGE(B162:B173) -> 4.7583333 | C207: =AVERAGE(C162:C173) -> 7.2570833 | D207: =AVERAGE(D162:D173) -> 2.49875 | E207: =AVERAGE(E162:E173) -> 7.3033333
A208: Average 2012 | B208: =AVERAGE(B174:B185) -> 5.7 | C208: =AVERAGE(C174:C185) -> 5.935 | D208: =AVERAGE(D174:D185) -> 0.235 | E208: =AVERAGE(E174:E185) -> 8.20655
A209: Average 2013 | B209: =AVERAGE(B186:B192) -> 5.7857143 | C209: =AVERAGE(C186:C192) -> 5.65 | D209: =AVERAGE(D186:D192) -> -0.13571429 | E209: =AVERAGE(E186:E192) -> 9.5571429
A211: Year-on-Year 1999 | B211: =(B195-B194)/B194*100 -> -23.23601 | C211: =(C195-C194)/C194*100 -> -3.3461187 | D211: =(D195-D194)/D194*100 -> 12.704194 | E211: =(E195-E194)/E194*100 -> 10.213438
A212: Year-on-Year 2000 | B212: =(B196-B195)/B195*100 -> 1.2678288 | C212: =(C196-C195)/C195*100 -> -7.4421742 | D212: =(D196-D195)/D195*100 -> -12.229433 | E212: =(E196-E195)/E195*100 -> 14.266037
A213: Year-on-Year 2001 | B213: =(B197-B196)/B196*100 -> 7.5117371 | C213: =(C197-C196)/C196*100 -> -17.605441 | D213: =(D197-D196)/D196*100 -> -33.533469 | E213: =(E197-E196)/E196*100 -> 24.890888
A214: Year-on-Year 2002 | B214: =(B198-B197)/B197*100 -> 59.825328 | C214: =(C198-C197)/C197*100 -> 2.1411461 | D214: =(D198-D197)/D197*100 -> -57.028742 | E214: =(E198-E197)/E197*100 -> 18.583954
A215: Year-on-Year 2003 | B215: =(B199-B198)/B198*100 -> -34.790528 | C215: =(C199-C198)/C198*100 -> -17.372637 | D215: =(D199-D198)/D198*100 -> 49.079222 | E215: =(E199-E198)/E198*100 -> -28.542141
A216: Year-on-Year 2004 | B216: =(B200-B199)/B199*100 -> -76.675978 | C216: =(C200-C199)/C199*100 -> -0.44102878 | D216: =(D200-D199)/D199*100 -> 126.7801 | E216: =(E200-E199)/E199*100 -> -13.716969
A217: Year-on-Year 2005 | B217: =(B201-B200)/B200*100 -> 144.31138 | C217: =(C201-C200)/C200*100 -> -15.552632 | D217: =(D201-D200)/D200*100 -> -42.99075 | E217: =(E201-E200)/E200*100 -> -0.32455885
A218: Year-on-Year 2006 | B218: =(B202-B201)/B201*100 -> 30.392157 | C218: =(C202-C201)/C201*100 -> -0.27007375 | D218: =(D202-D201)/D201*100 -> -22.823148 | E218: =(E202-E201)/E201*100 -> 6.9782264
A219: Year-on-Year 2007 | B219: =(B203-B202)/B202*100 -> 55.639098 | C219: =(C203-C202)/C202*100 -> 2.364337 | D219: =(D203-D202)/D202*100 -> -63.840224 | E219: =(E203-E202)/E202*100 -> 2.831145
A220: Year-on-Year 2008 | B220: =(B204-B203)/B203*100 -> 66.425121 | C220: =(C204-C203)/C203*100 -> 11.019536 | D220: =(D204-D203)/D203*100 -> -285.33592 | E220: =(E204-E203)/E203*100 -> 3.3423123
A221: Year-on-Year 2009 | B221: =(B205-B204)/B204*100 -> -35.486212 | C221: =(C205-C204)/C204*100 -> -9.641646 | D221: =(D205-D204)/D204*100 -> -133.77483 | E221: =(E205-E204)/E204*100 -> -9.9901341
A222: Year-on-Year 2010 | B222: =(B206-B205)/B205*100 -> -38.920135 | C222: =(C206-C205)/C205*100 -> -6.4053149 | D222: =(D206-D205)/D205*100 -> 291.89886 | E222: =(E206-E205)/E205*100 -> 3.0902915
... A225: Year-on-Year 2013 | B225: =(B209-B208)/B208*100 -> 1.5037594 | C225: =(C209-C208)/C208*100 -> -4.8020219 | D225: =(D209-D208)/D208*100 -> -157.75076 | E225: =(E209-E208)/E208*100 -> 16.457499
C307: 39822 | D307: =E307/10000 -> 10.2189 | E307: 102189
C308: 39853 | D308: =E308/10000 -> 10.0605 | E308: 100605
C309: 39881 | D309: =E309/10000 -> 9.531 | E309: 95310
C310: 39912 | D310: =E310/10000 -> 8.4534 | E310: 84534
C311: 39942 | D311: =E311/10000 -> 7.9894 | E311: 79894
C312: 39973 | D312: =E312/10000 -> 7.746 | E312: 77460
C313: 40003 | D313: =E313/10000 -> 7.785 | E313: 77850
C314: 40034 | D314: =E314/10000 -> 7.7796 | E314: 77796
C315: 40065 | D315: =E315/10000 -> 7.5077 | E315: 75077
C316: 10-98 | D316: =E316/1000 -> 15.51 | E316: 15510
C317: 11-98 | D317: =E317/1000 -> 16.02 | E317: 16020
C318: 12-98 | D318: =E318/1000 -> 15.885 | E318: 15885
C319: 01-99 | D319: =E319/1000 -> 15.605 | E319: 15605
C320: 02-99 | D320: =E320/1000 -> 14.365 | E320: 14365
C321: 03-99 | D321: =E321/1000 -> 14.82 | E321: 14820
C322: 04-99 | D322: =E322/1000 -> 14.6 | E322: 14600
C323: 05-99 | D323: =E323/1000 -> 15.09 | E323: 15090
C324: 06-99 | D324: =E324/1000 -> 15.175 | E324: 15175
C325: 07-99 | D325: =E325/1000 -> 15.195 | E325: 15195
C326: 08-99 | D326: =E326/1000 -> 15.215 | E326: 15215
C327: 09-99 | D327: =E327/1000 -> 15.015 | E327: 15015
... C342: 12-00 | D342: =E342/1000 -> 12.69 | E342: 12690
C343: 39814 | D343: =E343/1000 -> 12.365 | E343: 12365
C344: 39845 | D344: =E344/1000 -> 11.64 | E344: 11640
C345: 39873 | D345: =E345/1000 -> 12.23 | E345: 12230
C346: 39904 | D346: =E346/1000 -> 12.085 | E346: 12085
C347: 39934 | D347: =E347/1000 -> 11.845 | E347: 11845
C348: 39965 | D348: =E348/1000 -> 10.88 | E348: 10880
C349: 39995 | D349: =E349/1000 -> 10.635 | E349: 10635
C350: 40026 | D350: =E350/1000 -> 10.86 | E350: 10860
C351: 40057 | D351: =E351/1000 -> 10.74 | E351: 10740
C352: 40087 | D352: =E352/1000 -> 10.52 | E352: 10520
C353: 40118 | D353: =E353/1000 -> 10.315 | E353: 10315
C354: 40148 | D354: =E354/1000 -> 11.56 | E354: 11560
... C447: 40065 | D447: =E447/1000 -> 8.29 | E447: 8290

Sheet Trade
A1: `YEAR ON YEAR TRADE BALANCE IN RANDS MILLION 2004-2013
C4: 2004 | E4: Trade balance | F4: 2005 | H4: Trade balance | I4: 2006 | K4: Trade balance | M4: Trade Balance
B5: MONTH | C5: Imports | D5: Exports | F5: Imports | G5: Exports | I5: Imports | J5: Exports | M5: 2004 | N5: =SUM(E6:E17) -> -10209.38
B6: JANUARY | C6: 19640.28 | D6: 19390.78 | E6: =D6-C6 -> -249.5 | F6: 23818.28 | G6: 21670.26 | H6: =G6-F6 -> -2148.02 | I6: 29281.04 | J6: 21543.37 | K6: =J6-I6 -> -7737.67 | M6: =M5+1 -> 2005 | N6: =SUM(H6:H17) -> -19420.5
B7: FEBRUARY | C7: 20225.74 | D7: 22722.98 | E7: =D7-C7 -> 2497.24 | F7: 23681.58 | G7: 23202.23 | H7: =G7-F7 -> -479.35 | I7: 30398.37 | J7: 26482.51 | K7: =J7-I7 -> -3915.86 | M7: =M6+1 -> 2006 | N7: =SUM(K6:K17) -> -66780.87
B8: MARCH | C8: 23716.87 | D8: 25917.95 | E8: =D8-C8 -> 2201.08 | F8: 27747.51 | G8: 26099.84 | H8: =G8-F8 -> -1647.67 | I8: 32750.44 | J8: 29928.69 | K8: =J8-I8 -> -2821.75 | M8: =M7+1 -> 2007 | N8: =SUM(E22:E33) -> -71003.89
B9: APRIL | C9: 25892.69 | D9: 22533.6 | E9: =D9-C9 -> -3359.09 | F9: 28039.3 | G9: 28139.9 | H9: =G9-F9 -> 100.6 | I9: 28930.8 | J9: 26497.31 | K9: =J9-I9 -> -2433.49 | M9: =M8+1 -> 2008 | N9: =SUM(H22:H33) -> -83519.22
B10: MAY | C10: 24708.5 | D10: 24804.95 | E10: =D10-C10 -> 96.45 | F10: 31253.96 | G10: 28166.37 | H10: =G10-F10 -> -3087.59 | I10: 37645.17 | J10: 30670.76 | K10: =J10-I10 -> -6974.41 | M10: =M9+1 -> 2009 | N10: =SUM(K22:K33) -> -18251.537
B11: JUNE | C11: 28205.21 | D11: 25731.79 | E11: =D11-C11 -> -2473.42 | F11: 29432.83 | G11: 30654.5 | H11: =G11-F11 -> 1221.67 | I11: 39725.02 | J11: 35489 | K11: =J11-I11 -> -4236.02 | M11: =M10+1 -> 2010 | N11: =SUM(E38:E49) -> 11364.847
B12: JULY | C12: 25518.77 | D12: 24906.73 | E12: =D12-C12 -> -612.04 | F12: 29387.37 | G12: 28027.02 | H12: =G12-F12 -> -1360.35 | I12: 42596.36 | J12: 34791.77 | K12: =J12-I12 -> -7804.59 | M12: =M11+1 -> 2011 | N12: =SUM(H38:H49) -> -20962.114
B13: AUGUST | C13: 24703.73 | D13: 21377.11 | E13: =D13-C13 -> -3326.62 | F13: 31979.01 | G13: 28632.27 | H13: =G13-F13 -> -3346.74 | I13: 41215.34 | J13: 35863.74 | K13: =J13-I13 -> -5351.6 | M13: =M12+1 -> 2012 | N13: =SUM(K38:K49) -> -115523.24
B14: SEPTEMBER | C14: 28169.12 | D14: 27279.63 | E14: =D14-C14 -> -889.49 | F14: 33023.9 | G14: 29270.84 | H14: =G14-F14 -> -3753.06 | I14: 37767 | J14: 37454.22 | K14: =J14-I14 -> -312.78
B15: OCTOBER | C15: 29574.35 | D15: 23704 | E15: =D15-C15 -> -5870.35 | F15: 31545.09 | G15: 25960.68 | H15: =G15-F15 -> -5584.41 | I15: 52699.89 | J15: 39710.59 | K15: =J15-I15 -> -12989.3
B16: NOVEMBER | C16: 28434.31 | D16: 27518.13 | E16: =D16-C16 -> -916.18 | F16: 33561 | G16: 30406.86 | H16: =G16-F16 -> -3154.14 | I16: 52903.65 | J16: 40331.52 | K16: =J16-I16 -> -12572.13
B17: DECEMBER | C17: 25825.73 | D17: 28518.27 | E17: =D17-C17 -> 2692.54 | F17: 25741.04 | G17: 29559.6 | H17: =G17-F17 -> 3818.56 | I17: 36147.75 | J17: 36516.48 | K17: =J17-I17 -> 368.73
C20: 2007 | E20: Trade balance | F20: 2008 | H20: Trade balance | I20: 2009 | K20: Trade balance
C21: Imports | D21: Exports | F21: Imports | G21: Exports | I21: Imports | J21: Exports
B22: JANUARY | C22: 42393.78 | D22: 30456.49 | E22: =D22-C22 -> -11937.29 | F22: 49574.31 | G22: 39346.64 | H22: =G22-F22 -> -10227.67 | I22: 53698.62 | J22: 36232.29 | K22: =J22-I22 -> -17466.33
B23: FEBRUARY | C23: 40095.14 | D23: 37428.19 | E23: =D23-C23 -> -2666.95 | F23: 52766.11 | G23: 46881.63 | H23: =G23-F23 -> -5884.48 | I23: 44632.44 | J23: 44037.55 | K23: =J23-I23 -> -594.89
B24: MARCH | C24: 45258.4 | D24: 42514.43 | E24: =D24-C24 -> -2743.97 | F24: 56181.04 | G24: 51092.69 | H24: =G24-F24 -> -5088.35 | I24: 52478.2 | J24: 51906.59 | K24: =J24-I24 -> -571.61
B25: APRIL | C25: 43717.72 | D25: 38043.53 | E25: =D25-C25 -> -5674.19 | F25: 66168.99 | G25: 55841.25 | H25: =G25-F25 -> -10327.74 | I25: 42112.41 | J25: 40483.43 | K25: =J25-I25 -> -1628.98
B26: MAY | C26: 46227.6 | D26: 43556.49 | E26: =D26-C26 -> -2671.11 | F26: 57900.04 | G26: 56683.72 | H26: =G26-F26 -> -1216.32 | I26: 39437 | J26: 41456 | K26: =J26-I26 -> 2019
B27: JUNE | C27: 47655.23 | D27: 42341.59 | E27: =D27-C27 -> -5313.64 | F27: 60343.81 | G27: 60110.82 | H27: =G27-F27 -> -232.99 | I27: 39817 | J27: 42986.13 | K27: =J27-I27 -> 3169.13
B28: JULY | C28: 51521.67 | D28: 42088.6 | E28: =D28-C28 -> -9433.07 | F28: 75599.59 | G28: 61255.89 | H28: =G28-F28 -> -14343.7 | I28: 44015.13 | J28: 44461.89 | K28: =J28-I28 -> 446.76
B29: AUGUST | C29: 51590.31 | D29: 42355.25 | E29: =D29-C29 -> -9235.06 | F29: 65514.46 | G29: 60210.17 | H29: =G29-F29 -> -5304.29 | I29: 42361.865 | J29: 40380.625 | K29: =J29-I29 -> -1981.2402
B30: SEPTEMBER | C30: 44152.97 | D30: 39764.35 | E30: =D30-C30 -> -4388.62 | F30: 68179.04 | G30: 61001.24 | H30: =G30-F30 -> -7177.8 | I30: 41664.309 | J30: 45535.407 | K30: =J30-I30 -> 3871.0989
B31: OCTOBER | C31: 56264.78 | D31: 41350.59 | E31: =D31-C31 -> -14914.19 | F31: 75445.25 | G31: 65624.08 | H31: =G31-F31 -> -9821.17 | I31: 50797.616 | J31: 44088.885 | K31: =J31-I31 -> -6708.7301
B32: NOVEMBER | C32: 48989.28 | D32: 48224.4 | E32: =D32-C32 -> -764.88 | F32: 65944.26 | G32: 53776 | H32: =G32-F32 -> -12168.26 | I32: 48330.425 | J32: 45855.858 | K32: =J32-I32 -> -2474.567
B33: DECEMBER | C33: 43834.42 | D33: 42573.5 | E33: =D33-C33 -> -1260.92 | F33: 50176.82 | G33: 48450.37 | H33: =G33-F33 -> -1726.45 | I33: 41692.849 | J33: 45361.67 | K33: =J33-I33 -> 3668.8211
C36: 2010 | E36: Trade balance | F36: 2011 | H36: Trade balance | I36: 2012 | K36: Trade balance
C37: Imports | D37: Exports | F37: Imports | G37: Exports | I37: Imports | J37: Exports
B38: JANUARY | C38: 39966.558 | D38: 36635.517 | E38: =D38-C38 -> -3331.0413 | F38: 49681.591 | G38: 44755.25 | H38: =G38-F38 -> -4926.3412 | I38: 67506.49 | J38: 54003.27 | K38: =J38-I38 -> -13503.22
B39: FEBRUARY | C39: 45947.344 | D39: 40257.281 | E39: =D39-C39 -> -5690.0625 | F39: 52584.55 | G39: 52234.64 | H39: =G39-F39 -> -349.91 | I39: 63740.78 | J39: 56254.83 | K39: =J39-I39 -> -7485.95
B40: MARCH | C40: 51075.05 | D40: 51532.804 | E40: =D40-C40 -> 457.75405 | F40: 59272.536 | G40: 60243.141 | H40: =G40-F40 -> 970.60514 | I40: 66819.86 | J40: 61313.39 | K40: =J40-I40 -> -5506.47
B41: APRIL | C41: 46056.187 | D41: 44167.037 | E41: =D41-C41 -> -1889.1503 | F41: 54112.61 | G41: 51666.262 | H41: =G41-F41 -> -2446.3481 | I41: 62027.81 | J41: 52153.92 | K41: =J41-I41 -> -9873.89
B42: MAY | C42: 47478.66 | D42: 47176.642 | E42: =D42-C42 -> -302.0181 | F42: 57346.02 | G42: 56315.82 | H42: =G42-F42 -> -1030.2 | I42: 71719.17 | J42: 62791.12 | K42: =J42-I42 -> -8928.05
B43: JUNE | C43: 49933.203 | D43: 55561.827 | E43: =D43-C43 -> 5628.6245 | F43: 55684.72 | G43: 60553.83 | H43: =G43-F43 -> 4869.11 | I43: 67423.92 | J43: 61697.06 | K43: =J43-I43 -> -5726.86
B44: JULY | C44: 53992.198 | D44: 56010.23 | E44: =D44-C44 -> 2018.0321 | F44: 60406.11 | G44: 56503.96 | H44: =G44-F44 -> -3902.15 | I44: 70179.6 | J44: 63507.98 | K44: =J44-I44 -> -6671.62
B45: AUGUST | C45: 53187.036 | D45: 48523.381 | E45: =D45-C45 -> -4663.6547 | F45: 64735.39 | G45: 60997.64 | H45: =G45-F45 -> -3737.75 | I45: 73622.07 | J45: 61416.85 | K45: =J45-I45 -> -12205.22
B46: SEPTEMBER | C46: 49543.031 | D46: 53160.461 | E46: =D46-C46 -> 3617.43 | F46: 65254.85 | G46: 67768.43 | H46: =G46-F46 -> 2513.58 | I46: 70496.9 | J46: 56701.435 | K46: =J46-I46 -> -13795.465
B47: OCTOBER | C47: 53034.126 | D47: 49824.55 | E47: =D47-C47 -> -3209.5757 | F47: 70769.47 | G47: 61189.97 | H47: =G47-F47 -> -9579.5 | I47: 82300.66 | J47: 61112.45 | K47: =J47-I47 -> -21188.21
B48: NOVEMBER | C48: 51783.811 | D48: 60184.286 | E48: =D48-C48 -> 8400.4748 | F48: 76501.55 | G48: 68456.82 | H48: =G48-F48 -> -8044.73 | I48: 74208.22 | J48: 66273.34 | K48: =J48-I48 -> -7934.88
B49: DECEMBER | C49: 43575.731 | D49: 53903.765 | E49: =D49-C49 -> 10328.034 | F49: 58281.42 | G49: 62982.94 | H49: =G49-F49 -> 4701.52 | I49: 62492.24 | J49: 59788.84 | K49: =J49-I49 -> -2703.4
C51: 2013 | E51: Trade balance | F51: 2014 | H51: Trade balance | I51: 2015 | K51: Trade balance
B52: MONTH | C52: Imports | D52: Exports | F52: Imports | G52: Exports | I52: Imports | J52: Exports
B53: JANUARY | C53: 77804 | D53: 53277.25 | E53: =D53-C53 -> -24526.75 | H53: =G53-F53 -> 0 | K53: =J53-I53 -> 0
B54: FEBRUARY | C54: 71836.33 | D54: 62316.1 | E54: =D54-C54 -> -9520.23 | H54: =G54-F54 -> 0 | K54: =J54-I54 -> 0
B55: MARCH | C55: 71737.19 | D55: 63971.01 | E55: =D55-C55 -> -7766.18 | H55: =G55-F55 -> 0 | K55: =J55-I55 -> 0
B56: APRIL | C56: 65431.76 | D56: 80454.34 | E56: =D56-C56 -> 15022.58 | H56: =G56-F56 -> 0 | K56: =J56-I56 -> 0
B57: MAY | C57: 66483.62 | D57: 77514.15 | E57: =D57-C57 -> 11030.53 | H57: =G57-F57 -> 0 | K57: =J57-I57 -> 0
B58: JUNE | C58: 75921.03 | D58: 68211.03 | E58: =D58-C58 -> -7710 | H58: =G58-F58 -> 0 | K58: =J58-I58 -> 0
B59: JULY | C59: 89892.18 | D59: 75687.14 | E59: =D59-C59 -> -14205.04 | H59: =G59-F59 -> 0 | K59: =J59-I59 -> 0
B60: AUGUST | E60: =D60-C60 -> 0 | H60: =G60-F60 -> 0 | K60: =J60-I60 -> 0
B61: SEPTEMBER | E61: =D61-C61 -> 0 | H61: =G61-F61 -> 0 | K61: =J61-I61 -> 0
B62: OCTOBER | E62: =D62-C62 -> 0 | H62: =G62-F62 -> 0 | K62: =J62-I62 -> 0
B63: NOVEMBER | E63: =D63-C63 -> 0 | H63: =G63-F63 -> 0 | K63: =J63-I63 -> 0
B64: DECEMBER | E64: =D64-C64 -> 0 | H64: =G64-F64 -> 0 | K64: =J64-I64 -> 0

Sheet Employment
A1: LABOUR FORCE CHARACTERISTICS BY PROVINCE (KZN)
A2: . | B2: Population of working age (15–64 years) | C2: Labour Force | D2: Employed | E2: Unemployed | F2: Not Economically Active | G2: Discourage Work Seekers
A3: Q1 2008 | B3: 6250000 | C3: =SUM(D3:E3) -> 3315000 | D3: 2562000 | E3: 753000 | F3: =B3-D3-E3 -> 2935000 | G3: 183000
A4: Q2 2008 | B4: 6273000 | C4: =SUM(D4:E4) -> 3359000 | D4: 2614000 | E4: 745000 | F4: =B4-D4-E4 -> 2914000 | G4: 167000
A5: Q3 2008 | B5: 6295000 | C5: =SUM(D5:E5) -> 3312000 | D5: 2583000 | E5: 729000 | F5: =B5-D5-E5 -> 2983000 | G5: 186000
A6: Q4 2008 | B6: 6318000 | C6: 3321000 | D6: 2631000 | E6: 690000 | F6: =B6-D6-E6 -> 2997000 | G6: 224000
A7: Q1 2009 | B7: 6340000 | C7: 3248000 | D7: 2514000 | E7: 733000 | F7: =B7-D7-E7 -> 3093000 | G7: 271000
A8: Q2 2009 | B8: 6362000 | C8: 3043000 | D8: 2457000 | E8: 586000 | F8: =B8-D8-E8 -> 3319000 | G8: 448000
A9: Q3 2009 | B9: 6384000 | C9: 3105000 | D9: 2526000 | E9: 579000 | F9: =B9-D9-E9 -> 3279000 | G9: 495000
A10: Q4 2009 | B10: 6405000 | C10: 3068000 | D10: 2476000 | E10: 592000 | F10: =B10-D10-E10 -> 3337000 | G10: 467000
A11: Q1 2010 | B11: 6426000 | C11: 3084000 | D11: 2488000 | E11: 596000 | F11: =B11-D11-E11 -> 3342000 | G11: 503000
A12: Q2 2010 | B12: 6439000 | C12: 3081000 | D12: 2436000 | E12: 645000 | F12: =B12-D12-E12 -> 3358000 | G12: 504000
A13: Q3 2010 | B13: 6664000 | C13: 2990000 | D13: 2401000 | E13: 588000 | F13: =B13-D13-E13 -> 3675000 | G13: 563000
A14: Q4 2010 | B14: 6692000 | C14: 3040000 | D14: 2439000 | E14: 601000 | F14: =B14-D14-E14 -> 3652000 | G14: 540000
A15: Q1 2011 | B15: 6720000 | C15: 3049000 | D15: 2429000 | E15: 620000 | F15: =B15-D15-E15 -> 3671000 | G15: 592000
A16: Q2 2011 | B16: 6748000 | C16: 3137000 | D16: 2500000 | E16: 638000 | F16: =B16-D16-E16 -> 3610000 | G16: 604000
A17: Q3 2011 | B17: 6776000 | C17: 3103000 | D17: 2510000 | E17: 593000 | F17: =B17-D17-E17 -> 3673000 | G17: 549000
... A19: Q1 2012 | B19: 6828000 | C19: 3168000 | D19: 2519000 | E19: 649000 | F19: =B19-D19-E19 -> 3660000 | G19: 579000
A20: Q2 2012 | B20: 6855000 | C20: 3143000 | D20: 2520000 | E20: 623000 | F20: 3712000 | G20: 585000
A21: Q3 2012 | B21: 6881000 | C21: 3218000 | D21: 2533000 | E21: 685000 | F21: 3663000 | G21: 570000
A22: Q4 2012 | B22: 6905000 | C22: 3215000 | D22: 2493000 | E22: 722000 | F22: 3690000 | G22: 589000
A23: Q1 2013 | B23: 6930000 | C23: 3192000 | D23: 2520000 | E23: 672000 | F23: 3738000 | G23: 574000
A24: Q2 2013 | B24: 6955000 | C24: 3277000 | D24: 2533000 | E24: 744000 | F24: 3678000 | G24: 607000
A26: Quarterly % Change Q2 2008 | B26: =(B4-B3)/B3*100 -> 0.368 | C26: =(C4-C3)/C3*100 -> 1.3273002 | D26: =(D4-D3)/D3*100 -> 2.0296643 | E26: =(E4-E3)/E3*100 -> -1.062417 | F26: =(F4-F3)/F3*100 -> -0.71550256 | G26: =(G4-G3)/G3*100 -> -8.7431694
A27: Quarterly % Change Q3 2008 | B27: =(B5-B4)/B4*100 -> 0.35070939 | C27: =(C5-C4)/C4*100 -> -1.399226 | D27: =(D5-D4)/D4*100 -> -1.185922 | E27: =(E5-E4)/E4*100 -> -2.147651 | F27: =(F5-F4)/F4*100 -> 2.3678792 | G27: =(G5-G4)/G4*100 -> 11.377246
A28: Quarterly % Change Q4 2008 | B28: =(B6-B5)/B5*100 -> 0.36536934 | C28: =(C6-C5)/C5*100 -> 0.27173913 | D28: =(D6-D5)/D5*100 -> 1.8583043 | E28: =(E6-E5)/E5*100 -> -5.3497942 | F28: =(F6-F5)/F5*100 -> 0.46932618 | G28: =(G6-G5)/G5*100 -> 20.430108
A29: Quarterly % Change Q1 2009 | B29: =(B7-B6)/B6*100 -> 0.34821146 | C29: =(C7-C6)/C6*100 -> -2.1981331 | D29: =(D7-D6)/D6*100 -> -4.4469783 | E29: =(E7-E6)/E6*100 -> 6.2318841 | F29: =(F7-F6)/F6*100 -> 3.2032032 | G29: =(G7-G6)/G6*100 -> 20.982143
A30: Quarterly % Change Q2 2009 | B30: =(B8-B7)/B7*100 -> 0.34700315 | C30: =(C8-C7)/C7*100 -> -6.3115764 | D30: =(D8-D7)/D7*100 -> -2.2673031 | E30: =(E8-E7)/E7*100 -> -20.05457 | F30: =(F8-F7)/F7*100 -> 7.3068219 | G30: =(G8-G7)/G7*100 -> 65.313653
A31: Quarterly % Change Q3 2009 | B31: =(B9-B8)/B8*100 -> 0.34580321 | C31: =(C9-C8)/C8*100 -> 2.037463 | D31: =(D9-D8)/D8*100 -> 2.8083028 | E31: =(E9-E8)/E8*100 -> -1.1945392 | F31: =(F9-F8)/F8*100 -> -1.2051823 | G31: =(G9-G8)/G8*100 -> 10.491071
A32: Quarterly % Change Q4 2009 | B32: =(B10-B9)/B9*100 -> 0.32894737 | C32: =(C10-C9)/C9*100 -> -1.1916264 | D32: =(D10-D9)/D9*100 -> -1.9794141 | E32: =(E10-E9)/E9*100 -> 2.2452504 | F32: =(F10-F9)/F9*100 -> 1.768832 | G32: =(G10-G9)/G9*100 -> -5.6565657
A33: Quarterly % Change Q1 2010 | B33: =(B11-B10)/B10*100 -> 0.32786885 | C33: =(C11-C10)/C10*100 -> 0.52151239 | D33: =(D11-D10)/D10*100 -> 0.48465267 | E33: =(E11-E10)/E10*100 -> 0.67567568 | F33: =(F11-F10)/F10*100 -> 0.14983518 | G33: =(G11-G10)/G10*100 -> 7.7087794
A34: Quarterly % Change Q2 2010 | B34: =(B12-B11)/B11*100 -> 0.20230314 | C34: =(C12-C11)/C11*100 -> -0.097276265 | D34: =(D12-D11)/D11*100 -> -2.0900322 | E34: =(E12-E11)/E11*100 -> 8.2214765 | F34: =(F12-F11)/F11*100 -> 0.47875524 | G34: =(G12-G11)/G11*100 -> 0.19880716
A35: Quarterly % Change Q3 2010 | B35: =(B13-B12)/B12*100 -> 3.4943314 | C35: =(C13-C12)/C12*100 -> -2.9535865 | D35: =(D13-D12)/D12*100 -> -1.4367816 | E35: =(E13-E12)/E12*100 -> -8.8372093 | F35: =(F13-F12)/F12*100 -> 9.4401429 | G35: =(G13-G12)/G12*100 -> 11.706349
A36: Quarterly % Change Q4 2010 | B36: =(B14-B13)/B13*100 -> 0.42016807 | C36: =(C14-C13)/C13*100 -> 1.6722408 | D36: =(D14-D13)/D13*100 -> 1.5826739 | E36: =(E14-E13)/E13*100 -> 2.2108844 | F36: =(F14-F13)/F13*100 -> -0.62585034 | G36: =(G14-G13)/G13*100 -> -4.0852575
A37: Quarterly % Change Q1 2011 | B37: =(B15-B14)/B14*100 -> 0.41841004 | C37: =(C15-C14)/C14*100 -> 0.29605263 | D37: =(D15-D14)/D14*100 -> -0.4100041 | E37: =(E15-E14)/E14*100 -> 3.1613977 | F37: =(F15-F14)/F14*100 -> 0.52026287 | G37: =(G15-G14)/G14*100 -> 9.6296296
... A46: Quarterly % Change Q2 2013 | B46: =(B24-B23)/B23*100 -> 0.36075036 | C46: =(C24-C23)/C23*100 -> 2.6629073 | D46: =(D24-D23)/D23*100 -> 0.51587302 | E46: =(E24-E23)/E23*100 -> 10.714286 | F46: =(F24-F23)/F23*100 -> -1.6051364 | G46: =(G24-G23)/G23*100 -> 5.7491289
A48: Q1 2009 Year-on-Year % | B48: =(B7-B3)/B3*100 -> 1.44 | C48: =(C7-C3)/C3*100 -> -2.0211161 | D48: =(D7-D3)/D3*100 -> -1.8735363 | E48: =(E7-E3)/E3*100 -> -2.6560425 | F48: =(F7-F3)/F3*100 -> 5.3833049 | G48: =(G7-G3)/G3*100 -> 48.087432
A49: Q2 2009 Year-on-Year % | B49: =(B8-B4)/B4*100 -> 1.4187789 | C49: =(C8-C4)/C4*100 -> -9.4075618 | D49: =(D8-D4)/D4*100 -> -6.0061209 | E49: =(E8-E4)/E4*100 -> -21.342282 | F49: =(F8-F4)/F4*100 -> 13.898421 | G49: =(G8-G4)/G4*100 -> 168.26347
A50: Q3 2009 Year-on-Year % | B50: =(B9-B5)/B5*100 -> 1.4138205 | C50: =(C9-C5)/C5*100 -> -6.25 | D50: =(D9-D5)/D5*100 -> -2.2067364 | E50: =(E9-E5)/E5*100 -> -20.576132 | F50: =(F9-F5)/F5*100 -> 9.9228964 | G50: =(G9-G5)/G5*100 -> 166.12903
A51: Q4 2009 Year-on-Year % | B51: =(B10-B6)/B6*100 -> 1.377018 | C51: =(C10-C6)/C6*100 -> -7.6181873 | D51: =(D10-D6)/D6*100 -> -5.8912961 | E51: =(E10-E6)/E6*100 -> -14.202899 | F51: =(F10-F6)/F6*100 -> 11.344678 | G51: =(G10-G6)/G6*100 -> 108.48214
A52: Q1 2010 Year-on-Year % | B52: =(B11-B7)/B7*100 -> 1.3564669 | C52: =(C11-C7)/C7*100 -> -5.0492611 | D52: =(D11-D7)/D7*100 -> -1.0342084 | E52: =(E11-E7)/E7*100 -> -18.690314 | F52: =(F11-F7)/F7*100 -> 8.0504365 | G52: =(G11-G7)/G7*100 -> 85.608856
A53: Q2 2010 Year-on-Year % | B53: =(B12-B8)/B8*100 -> 1.2103112 | C53: =(C12-C8)/C8*100 -> 1.2487677 | D53: =(D12-D8)/D8*100 -> -0.85470085 | E53: =(E12-E8)/E8*100 -> 10.068259 | F53: =(F12-F8)/F8*100 -> 1.1750527 | G53: =(G12-G8)/G8*100 -> 12.5
A54: Q3 2010 Year-on-Year % | B54: =(B13-B9)/B9*100 -> 4.3859649 | C54: =(C13-C9)/C9*100 -> -3.7037037 | D54: =(D13-D9)/D9*100 -> -4.9485352 | E54: =(E13-E9)/E9*100 -> 1.5544041 | F54: =(F13-F9)/F9*100 -> 12.076853 | G54: =(G13-G9)/G9*100 -> 13.737374
A55: Q4 2010 Year-on-Year % | B55: =(B14-B10)/B10*100 -> 4.4808743 | C55: =(C14-C10)/C10*100 -> -0.91264668 | D55: =(D14-D10)/D10*100 -> -1.4943457 | E55: =(E14-E10)/E10*100 -> 1.5202703 | F55: =(F14-F10)/F10*100 -> 9.4396164 | G55: =(G14-G10)/G10*100 -> 15.631692
A56: Q1 2011 Year-on-Year % | B56: =(B15-B11)/B11*100 -> 4.5751634 | C56: =(C15-C11)/C11*100 -> -1.1348898 | D56: =(D15-D11)/D11*100 -> -2.3713826 | E56: =(E15-E11)/E11*100 -> 4.0268456 | F56: =(F15-F11)/F11*100 -> 9.8444045 | G56: =(G15-G11)/G11*100 -> 17.693837
A57: Q2 2011 Year-on-Year % | B57: =(B16-B12)/B12*100 -> 4.7988818 | C57: =(C16-C12)/C12*100 -> 1.8175917 | D57: =(D16-D12)/D12*100 -> 2.6272578 | E57: =(E16-E12)/E12*100 -> -1.0852713 | F57: =(F16-F12)/F12*100 -> 7.5044669 | G57: =(G16-G12)/G12*100 -> 19.84127
A58: Q3 2011 Year-on-Year % | B58: =(B17-B13)/B13*100 -> 1.6806723 | C58: =(C17-C13)/C13*100 -> 3.7792642 | D58: =(D17-D13)/D13*100 -> 4.5397751 | E58: =(E17-E13)/E13*100 -> 0.85034014 | F58: =(F17-F13)/F13*100 -> -0.054421769 | G58: =(G17-G13)/G13*100 -> -2.4866785
A59: Q4 2011 Year-on-Year % | B59: =(B18-B14)/B14*100 -> 1.6437537 | C59: =(C18-C14)/C14*100 -> 4.4736842 | D59: =(D18-D14)/D14*100 -> 5.0430504 | E59: =(E18-E14)/E14*100 -> 2.1630616 | F59: =(F18-F14)/F14*100 -> -0.71193866 | G59: =(G18-G14)/G14*100 -> 1.2962963
... A65: Q2 2013 Year-on-Year % | B65: =(B24-B20)/B20*100 -> 1.4587892 | C65: =(C24-C20)/C20*100 -> 4.2634426 | D65: =(D24-D20)/D20*100 -> 0.51587302 | E65: =(E24-E20)/E20*100 -> 19.422151 | F65: =(F24-F20)/F20*100 -> -0.91594828 | G65: =(G24-G20)/G20*100 -> 3.7606838
B67: Unemployment rate | C67: Employed / population ratio (Absorption) | D67: Labour force participation rate | F67: Unemployment Rate (Expanded Def)
A68: =A3 -> Q1 2008 | B68: =E3/C3*100 -> 22.714932 | C68: =D3/B3*100 -> 40.992 | D68: =(C3/B3)*100 -> 53.04 | F68: =(E3+G3)/C3*100 -> 28.235294
A69: =A4 -> Q2 2008 | B69: =E4/C4*100 -> 22.17922 | C69: =D4/B4*100 -> 41.670652 | D69: =(C4/B4)*100 -> 53.546947 | F69: =(E4+G4)/C4*100 -> 27.150938
A70: =A5 -> Q3 2008 | B70: =E5/C5*100 -> 22.01087 | C70: =D5/B5*100 -> 41.032566 | D70: =(C5/B5)*100 -> 52.613185 | F70: =(E5+G5)/C5*100 -> 27.626812
A71: =A6 -> Q4 2008 | B71: =E6/C6*100 -> 20.776874 | C71: =D6/B6*100 -> 41.642925 | D71: =(C6/B6)*100 -> 52.564103 | F71: =(E6+G6)/C6*100 -> 27.521831
A72: =A7 -> Q1 2009 | B72: =E7/C7*100 -> 22.567734 | C72: =D7/B7*100 -> 39.652997 | D72: =(C7/B7)*100 -> 51.230284 | F72: =(E7+G7)/C7*100 -> 30.91133
A73: =A8 -> Q2 2009 | B73: =E8/C8*100 -> 19.257312 | C73: =D8/B8*100 -> 38.619931 | D73: =(C8/B8)*100 -> 47.830871 | F73: =(E8+G8)/C8*100 -> 33.979625
A74: =A9 -> Q3 2009 | B74: =E9/C9*100 -> 18.647343 | C74: =D9/B9*100 -> 39.567669 | D74: =(C9/B9)*100 -> 48.637218 | F74: =(E9+G9)/C9*100 -> 34.589372
A75: =A10 -> Q4 2009 | B75: =E10/C10*100 -> 19.295958 | C75: =D10/B10*100 -> 38.657299 | D75: =(C10/B10)*100 -> 47.900078 | F75: =(E10+G10)/C10*100 -> 34.517601
A76: =A11 -> Q1 2010 | B76: =E11/C11*100 -> 19.325551 | C76: =D11/B11*100 -> 38.717709 | D76: =(C11/B11)*100 -> 47.99253 | F76: =(E11+G11)/C11*100 -> 35.635538
A77: =A12 -> Q2 2010 | B77: =E12/C12*100 -> 20.934761 | C77: =D12/B12*100 -> 37.831961 | D77: =(C12/B12)*100 -> 47.849045 | F77: =(E12+G12)/C12*100 -> 37.293087
A78: =A13 -> Q3 2010 | B78: =E13/C13*100 -> 19.665552 | C78: =D13/B13*100 -> 36.029412 | D78: =(C13/B13)*100 -> 44.867947 | F78: =(E13+G13)/C13*100 -> 38.494983
A79: =A14 -> Q4 2010 | B79: =E14/C14*100 -> 19.769737 | C79: =D14/B14*100 -> 36.446503 | D79: =(C14/B14)*100 -> 45.427376 | F79: =(E14+G14)/C14*100 -> 37.532895
A80: =A15 -> Q1 2011 | B80: =E15/C15*100 -> 20.334536 | C80: =D15/B15*100 -> 36.145833 | D80: =(C15/B15)*100 -> 45.372024 | F80: =(E15+G15)/C15*100 -> 39.750738
A81: =A16 -> Q2 2011 | B81: =E16/C16*100 -> 20.337902 | C81: =D16/B16*100 -> 37.048014 | D81: =C16/B16*100 -> 46.487848 | F81: =(E16+G16)/C16*100 -> 39.591967
A82: =A17 -> Q3 2011 | B82: =E17/C17*100 -> 19.110538 | C82: =F17/D17*100 -> 146.33466 | D82: =G17/E17*100 -> 92.580101 | F82: =(E17+G17)/C17*100 -> 36.803094
A83: =A18 -> Q4 2011 | B83: =E18/C18*100 -> 19.332494 | C83: =F18/D18*100 -> 141.53005 | D83: =G18/E18*100 -> 89.087948 | F83: =(E18+G18)/C18*100 -> 36.555416
A84: =A19 -> Q1 2012 | B84: =E19/C19*100 -> 20.486111 | C84: =F19/D19*100 -> 145.29575 | D84: =G19/E19*100 -> 89.214176 | F84: =(E19+G19)/C19*100 -> 38.762626
A85: =A20 -> Q2 2012 | B85: =E20/C20*100 -> 19.821826 | C85: =F20/D20*100 -> 147.30159 | D85: =G20/E20*100 -> 93.900482 | F85: =(E20+G20)/C20*100 -> 38.434617
A86: =A21 -> Q3 2012 | B86: =E21/C21*100 -> 21.286513 | C86: =F21/D21*100 -> 144.61113 | D86: =G21/E21*100 -> 83.211679 | F86: =(E21+G21)/C21*100 -> 38.999378
A87: =A22 -> Q4 2012 | B87: =E22/C22*100 -> 22.457232 | C87: =F22/D22*100 -> 148.01444 | D87: =G22/E22*100 -> 81.578947 | F87: =(E22+G22)/C22*100 -> 40.777605
A88: Q1 2013 | B88: =E23/C23*100 -> 21.052632 | C88: =F23/D23*100 -> 148.33333 | D88: =G23/E23*100 -> 85.416667 | F88: =(E23+G23)/C23*100 -> 39.035088
A89: Q2 2013 | B89: =E24/C24*100 -> 22.703692 | C89: =F24/D24*100 -> 145.20332 | D89: =G24/E24*100 -> 81.586022 | F89: =(E24+G24)/C24*100 -> 41.226732
A91: EMPLOYED BY INDUSTRY AND PROVINCE (KZN)
B92: Agriculture | C92: Mining | D92: Manufacturing | E92: Utilities | F92: Construction | G92: Trade | H92: Transport | I92: Finance | J92: Community and social services | K92: Private households
A93: =A68 -> Q1 2008 | B93: 129000 | C93: 8000 | D93: 441000 | E93: 13000 | F93: 209000 | G93: 593000 | H93: 168000 | I93: 289000 | J93: 484000 | K93: 229000
A94: =A69 -> Q2 2008 | B94: 165000 | C94: 8000 | D94: 428000 | E94: 16000 | F94: 219000 | G94: 583000 | H94: 171000 | I94: 296000 | J94: 497000 | K94: 230000
A95: =A70 -> Q3 2008 | B95: 151000 | C95: 8000 | D95: 397000 | E95: 14000 | F95: 224000 | G95: 617000 | H95: 169000 | I95: 264000 | J95: 475000 | K95: 265000
A96: =A71 -> Q4 2008 | B96: 163000 | C96: 9000 | D96: 400000 | E96: 11000 | F96: 242000 | G96: 595000 | H96: 182000 | I96: 270000 | J96: 476000 | K96: 283000
A97: =A72 -> Q1 2009 | B97: 134000 | C97: 8000 | D97: 389000 | E97: 13000 | F97: 218000 | G97: 516000 | H97: 184000 | I97: 279000 | J97: 490000 | K97: 283000
A98: =A73 -> Q2 2009 | B98: 103000 | C98: 11000 | D98: 415000 | E98: 8000 | F98: 233000 | G98: 521000 | H98: 173000 | I98: 280000 | J98: 465000 | K98: 245000
A99: =A74 -> Q3 2009 | B99: 116000 | C99: 6000 | D99: 407000 | E99: 4000 | F99: 244000 | G99: 532000 | H99: 177000 | I99: 313000 | J99: 489000 | K99: 236000
A100: =A75 -> Q4 2009 | B100: 111000 | C100: 7000 | D100: 397000 | E100: 9000 | F100: 238000 | G100: 531000 | H100: 159000 | I100: 306000 | J100: 490000 | K100: 227000
A101: =A76 -> Q1 2010 | B101: 120000 | C101: 9000 | D101: 419000 | E101: 5000 | F101: 243000 | G101: 528000 | H101: 159000 | I101: 275000 | J101: 501000 | K101: 228000
A102: =A77 -> Q2 2010 | B102: 114000 | C102: 8000 | D102: 372000 | E102: 8000 | F102: 236000 | G102: 513000 | H102: 164000 | I102: 312000 | J102: 482000 | K102: 226000
A103: =A78 -> Q3 2010 | B103: 119000 | C103: 7000 | D103: 371000 | E103: 9000 | F103: 231000 | G103: 509000 | H103: 194000 | I103: 279000 | J103: 470000 | K103: 213000
A104: =A79 -> Q4 2010 | B104: 121000 | C104: 13000 | D104: 371000 | E104: 17000 | F104: 225000 | G104: 523000 | H104: 185000 | I104: 266000 | J104: 266000 | K104: 208000
... A112: =A87 -> Q4 2012 | B112: 99000 | C112: 30000 | D112: 361000 | E112: 14000 | F112: 220000 | G112: 497000 | H112: 186000 | I112: 302000 | J112: 566000 | K112: 217000
A113: Q1 2013 | B113: 99000 | C113: 24000 | D113: 365000 | E113: 10000 | F113: 215000 | G113: 498000 | H113: 198000 | I113: 316000 | J113: 561000 | K113: 235000
A114: Q2 2013 | B114: 96000 | C114: 25000 | D114: 370000 | E114: 10000 | F114: 237000 | G114: 511000 | H114: 190000 | I114: 299000 | J114: 577000 | K114: 220000
A116: =A26 -> Quarterly % Change Q2 2008 | B116: =(B94-B93)/B93*100 -> 27.906977 | C116: =(C94-C93)/C93*100 -> 0 | D116: =(D94-D93)/D93*100 -> -2.9478458 | E116: =(E94-E93)/E93*100 -> 23.076923 | F116: =(F94-F93)/F93*100 -> 4.784689 | G116: =(G94-G93)/G93*100 -> -1.6863406 | H116: =(H94-H93)/H93*100 -> 1.7857143 | I116: =(I94-I93)/I93*100 -> 2.4221453 | ... K116: =(K94-K93)/K93*100 -> 0.43668122
A117: =A27 -> Quarterly % Change Q3 2008 | B117: =(B95-B94)/B94*100 -> -8.4848485 | C117: =(C95-C94)/C94*100 -> 0 | D117: =(D95-D94)/D94*100 -> -7.2429907 | E117: =(E95-E94)/E94*100 -> -12.5 | F117: =(F95-F94)/F94*100 -> 2.283105 | G117: =(G95-G94)/G94*100 -> 5.8319039 | H117: =(H95-H94)/H94*100 -> -1.1695906 | I117: =(I95-I94)/I94*100 -> -10.810811 | ... K117: =(K95-K94)/K94*100 -> 15.217391
A118: =A28 -> Quarterly % Change Q4 2008 | B118: =(B96-B95)/B95*100 -> 7.9470199 | C118: =(C96-C95)/C95*100 -> 12.5 | D118: =(D96-D95)/D95*100 -> 0.75566751 | E118: =(E96-E95)/E95*100 -> -21.428571 | F118: =(F96-F95)/F95*100 -> 8.0357143 | G118: =(G96-G95)/G95*100 -> -3.5656402 | H118: =(H96-H95)/H95*100 -> 7.6923077 | I118: =(I96-I95)/I95*100 -> 2.2727273 | ... K118: =(K96-K95)/K95*100 -> 6.7924528
A119: =A29 -> Quarterly % Change Q1 2009 | B119: =(B97-B96)/B96*100 -> -17.791411 | C119: =(C97-C96)/C96*100 -> -11.111111 | D119: =(D97-D96)/D96*100 -> -2.75 | E119: =(E97-E96)/E96*100 -> 18.181818 | F119: =(F97-F96)/F96*100 -> -9.9173554 | G119: =(G97-G96)/G96*100 -> -13.277311 | H119: =(H97-H96)/H96*100 -> 1.0989011 | I119: =(I97-I96)/I96*100 -> 3.3333333 | ... K119: =(K97-K96)/K96*100 -> 0
A120: =A30 -> Quarterly % Change Q2 2009 | B120: =(B98-B97)/B97*100 -> -23.134328 | C120: =(C98-C97)/C97*100 -> 37.5 | D120: =(D98-D97)/D97*100 -> 6.6838046 | E120: =(E98-E97)/E97*100 -> -38.461538 | F120: =(F98-F97)/F97*100 -> 6.8807339 | G120: =(G98-G97)/G97*100 -> 0.96899225 | H120: =(H98-H97)/H97*100 -> -5.9782609 | I120: =(I98-I97)/I97*100 -> 0.35842294 | ... K120: =(K98-K97)/K97*100 -> -13.427562
A121: =A31 -> Quarterly % Change Q3 2009 | B121: =(B99-B98)/B98*100 -> 12.621359 | C121: =(C99-C98)/C98*100 -> -45.454545 | D121: =(D99-D98)/D98*100 -> -1.9277108 | E121: =(E99-E98)/E98*100 -> -50 | F121: =(F99-F98)/F98*100 -> 4.72103 | G121: =(G99-G98)/G98*100 -> 2.1113244 | H121: =(H99-H98)/H98*100 -> 2.3121387 | I121: =(I99-I98)/I98*100 -> 11.785714 | ... K121: =(K99-K98)/K98*100 -> -3.6734694
A122: =A32 -> Quarterly % Change Q4 2009 | B122: =(B100-B99)/B99*100 -> -4.3103448 | C122: =(C100-C99)/C99*100 -> 16.666667 | D122: =(D100-D99)/D99*100 -> -2.4570025 | E122: =(E100-E99)/E99*100 -> 125 | F122: =(F100-F99)/F99*100 -> -2.4590164 | G122: =(G100-G99)/G99*100 -> -0.18796992 | H122: =(H100-H99)/H99*100 -> -10.169492 | I122: =(I100-I99)/I99*100 -> -2.2364217 | ... K122: =(K100-K99)/K99*100 -> -3.8135593
A123: =A33 -> Quarterly % Change Q1 2010 | B123: =(B101-B100)/B100*100 -> 8.1081081 | C123: =(C101-C100)/C100*100 -> 28.571429 | D123: =(D101-D100)/D100*100 -> 5.5415617 | E123: =(E101-E100)/E100*100 -> -44.444444 | F123: =(F101-F100)/F100*100 -> 2.1008403 | G123: =(G101-G100)/G100*100 -> -0.56497175 | H123: =(H101-H100)/H100*100 -> 0 | I123: =(I101-I100)/I100*100 -> -10.130719 | ... K123: =(K101-K100)/K100*100 -> 0.44052863
A124: =A34 -> Quarterly % Change Q2 2010 | B124: =(B102-B101)/B101*100 -> -5 | C124: =(C102-C101)/C101*100 -> -11.111111 | D124: =(D102-D101)/D101*100 -> -11.217184 | E124: =(E102-E101)/E101*100 -> 60 | F124: =(F102-F101)/F101*100 -> -2.8806584 | G124: =(G102-G101)/G101*100 -> -2.8409091 | H124: =(H102-H101)/H101*100 -> 3.1446541 | I124: =(I102-I101)/I101*100 -> 13.454545 | ... K124: =(K102-K101)/K101*100 -> -0.87719298
A125: =A35 -> Quarterly % Change Q3 2010 | B125: =(B103-B102)/B102*100 -> 4.3859649 | C125: =(C103-C102)/C102*100 -> -12.5 | D125: =(D103-D102)/D102*100 -> -0.2688172 | E125: =(E103-E102)/E102*100 -> 12.5 | F125: =(F103-F102)/F102*100 -> -2.1186441 | G125: =(G103-G102)/G102*100 -> -0.7797271 | H125: =(H103-H102)/H102*100 -> 18.292683 | I125: =(I103-I102)/I102*100 -> -10.576923 | ... K125: =(K103-K102)/K102*100 -> -5.7522124
A126: =A36 -> Quarterly % Change Q4 2010 | B126: =(B104-B103)/B103*100 -> 1.6806723 | C126: =(C104-C103)/C103*100 -> 85.714286 | D126: =(D104-D103)/D103*100 -> 0 | E126: =(E104-E103)/E103*100 -> 88.888889 | F126: =(F104-F103)/F103*100 -> -2.5974026 | G126: =(G104-G103)/G103*100 -> 2.7504912 | H126: =(H104-H103)/H103*100 -> -4.6391753 | I126: =(I104-I103)/I103*100 -> -4.6594982 | ... K126: =(K104-K103)/K103*100 -> -2.3474178
...

Sheet PSCE
A1: SA | B1: Credit extended to the domestic private sector - R millions
B4: Investments | C4: Bills discounted | D4: Total loans and advances | E4: Instalment sales credit | F4: Leasing finance | G4: Mortgage advances | H4: Other loans and advances
A5: 32874 | B5: 4504 | C5: 9002 | D5: =E5+F5+G5+H5 -> 134728 | E5: 15499 | F5: 9161 | G5: 52126 | H5: 57942
A6: 32905 | B6: 2915 | C6: 9348 | D6: =E6+F6+G6+H6 -> 136214 | E6: 15710 | F6: 9308 | G6: 52915 | H6: 58281
A7: 32933 | B7: 2517 | C7: 8932 | D7: =E7+F7+G7+H7 -> 137551 | E7: 15855 | F7: 9548 | G7: 53481 | H7: 58667
A8: 32964 | B8: 2777 | C8: 9367 | D8: =E8+F8+G8+H8 -> 138847 | E8: 15936 | F8: 9645 | G8: 53980 | H8: 59286
A9: 32994 | B9: 2796 | C9: 9731 | D9: =E9+F9+G9+H9 -> 140240 | E9: 16189 | F9: 9828 | G9: 54644 | H9: 59579
A10: 33025 | B10: 3088 | C10: 9849 | D10: =E10+F10+G10+H10 -> 142392 | E10: 16601 | F10: 9851 | G10: 55319 | H10: 60621
A11: 33055 | B11: 3476 | C11: 10381 | D11: =E11+F11+G11+H11 -> 143387 | E11: 16703 | F11: 10061 | G11: 56091 | H11: 60532
A12: 33086 | B12: 3674 | C12: 10548 | D12: =E12+F12+G12+H12 -> 144999 | E12: 16966 | F12: 10219 | G12: 56903 | H12: 60911
A13: 33117 | B13: 2979 | C13: 9980 | D13: =E13+F13+G13+H13 -> 145571 | E13: 17336 | F13: 10422 | G13: 57479 | H13: 60334
A14: 33147 | B14: 3114 | C14: 9410 | D14: =E14+F14+G14+H14 -> 147119 | E14: 17445 | F14: 10674 | G14: 58078 | H14: 60922
A15: 33178 | B15: 4691 | C15: 9086 | D15: =E15+F15+G15+H15 -> 149748 | E15: 17651 | F15: 10802 | G15: 58770 | H15: 62525
A16: 33208 | B16: 4857 | C16: 10236 | D16: =E16+F16+G16+H16 -> 153247 | E16: 18054 | F16: 10976 | G16: 59506 | H16: 64711
... A233: 39814 | B233: 106306 | C233: 5585 | D233: =E233+F233+G233+H233 -> 1881285 | E233: 204605 | F233: 46340 | G233: 967627 | H233: 662713
A234: 39845 | B234: 109953 | C234: 6190 | D234: 1881957 | E234: 204173 | F234: 45265 | G234: 974904 | H234: 657615
A235: 39873 | B235: 120222 | C235: 6320 | D235: =E235+F235+G235+H235 -> 1881612 | E235: 203817 | F235: 44474 | G235: 981192 | H235: 652129
A236: 39904 | B236: 124730 | C236: 5447 | D236: =E236+F236+G236+H236 -> 1878861 | E236: 203074 | F236: 43337 | G236: 982059 | H236: 650391
A237: 39934 | B237: 126593 | C237: 4282 | D237: =E237+F237+G237+H237 -> 1850167 | E237: 202485 | F237: 42418 | G237: 982229 | H237: 623035
A238: 39965 | B238: 122118 | C238: 5023 | D238: 1859581 | E238: 201887 | F238: 41195 | G238: 983387 | H238: 633112
A239: 39995 | B239: 116876 | C239: 4951 | D239: 1865152 | E239: 201233 | F239: 40264 | G239: 982819 | H239: 640835
A240: 40026 | B240: 117719 | C240: 4637 | D240: 1861800 | E240: 200360 | F240: 39352 | G240: 985225 | H240: 636862
A241: 40057 | B241: 113451 | C241: 4944 | D241: 1860769 | E241: 200375 | F241: 38368 | G241: 993696 | H241: 628330
A242: 40087 | B242: 109637 | C242: 4378 | D242: 1861142 | E242: 200736 | F242: 37444 | G242: 996619 | H242: 626334
A243: 40118 | B243: 113282 | C243: 4669 | D243: 1861389 | E243: 200963 | F243: 36300 | G243: 999352 | H243: 624774
A244: 40148 | B244: 113033 | C244: 4059 | D244: 1861277 | E244: 201490 | F244: 35403 | G244: 1001946 | H244: 622438
A245: 40179 | B245: 108111 | C245: 4399 | D245: 1866644 | E245: 201662 | F245: 34374 | G245: 1005530 | H245: 625078
A246: 40210 | B246: 109918 | C246: 4204 | D246: 1875897 | E246: 202285 | F246: 33752 | G246: 1012749 | H246: 627111
A247: 40238 | B247: 114651 | C247: 3932 | D247: 1875507 | E247: 203061 | F247: 32999 | G247: 1016617 | H247: 622831
A248: 40269 | B248: 112827 | C248: 4778 | D248: 1873274 | E248: 203575 | F248: 32113 | G248: 1017851 | H248: 619734
A249: 40299 | B249: 115666 | C249: 5097 | D249: =E249+F249+G249+H249 -> 1880871 | E249: 204882 | F249: 31420 | G249: 1021373 | H249: 623196
A250: 40330 | B250: 116973 | C250: 5236 | D250: 1888631 | E250: 206001 | F250: 30658 | G250: 1023395 | H250: 628576
A251: 40360 | B251: 123754 | C251: 5104 | D251: 1903532 | E251: 207012 | F251: 30933 | G251: 1028514 | H251: 637073
A252: 40391 | B252: 127688 | C252: 5212 | D252: =E252+F252+G252+H252 -> 1917768 | E252: 207927 | F252: 30329 | G252: 1039813 | H252: 639699
A253: 40422 | B253: 123692 | C253: 5266 | D253: 1936914 | E253: 209187 | F253: 29704 | G253: 1041775 | H253: 656246
A254: 40452 | B254: 133272 | C254: 5846 | D254: 1935498 | E254: 210980 | F254: 29103 | G254: 1043530 | H254: 651866
A255: 40483 | B255: 122087 | C255: 5005 | D255: 1943218 | E255: 212231 | F255: 28621 | G255: 1046835 | H255: 655532
A256: 40513 | B256: 140270 | C256: 2929 | D256: 1941730 | E256: 213646 | F256: 28150 | G256: 1042107 | H256: 657827
A257: 40544 | B257: 118246 | C257: 5722 | D257: 1955015 | E257: 215096 | F257: 27531 | G257: 1043875 | H257: 668513
A258: 40575 | B258: 121956 | C258: 5174 | D258: 1971557 | E258: 216899 | F258: 27051 | G258: 1047603 | H258: 680003
A259: 40603 | B259: 117228 | C259: 4570 | D259: 1975168 | E259: 219190 | F259: 26540 | G259: 1045995 | H259: 683443
A260: 40634 | B260: 124811 | C260: 3217 | D260: 1986284 | E260: 220333 | F260: 25927 | G260: 1048056 | H260: 691968
A261: 40664 | B261: 117250 | C261: 3498 | D261: 1984829 | E261: 221624 | F261: 25501 | G261: 1053488 | H261: 684216
A262: 40695 | B262: 118979 | C262: 3450 | D262: 1994629 | E262: 223522 | F262: 25272 | G262: 1057279 | H262: 688556
A263: 40725 | B263: 123592 | C263: 3657 | D263: 2019970 | E263: 225628 | F263: 24694 | G263: 1058371 | H263: 711277
A264: 40756 | B264: 137132 | C264: 4469 | D264: 2033242 | E264: 224231 | F264: 24089 | G264: 1059656 | H264: 725266
... A287: 41456 | B287: 137158 | C287: 7814 | D287: 2354130 | E287: 300191 | F287: 14822 | G287: 1097504 | H287: 941614
A289: Per Month
A290: Average 1990 | B290: =AVERAGE(B5:B16) -> 3449 | C290: =AVERAGE(C5:C16) -> 9655.8333 | D290: =AVERAGE(D5:D16) -> 142836.92 | E290: =AVERAGE(E5:E16) -> 16662.083 | F290: =AVERAGE(F5:F16) -> 10041.25 | G290: =AVERAGE(G5:G16) -> 55774.333 | H290: =AVERAGE(H5:H16) -> 60359.25
A291: Average 1991 | B291: =AVERAGE(B17:B28) -> 4402.4167 | C291: =AVERAGE(C17:C28) -> 10577.833 | D291: =AVERAGE(D17:D28) -> 167269 | E291: =AVERAGE(E17:E28) -> 18433.083 | F291: =AVERAGE(F17:F28) -> 11864.167 | G291: =AVERAGE(G17:G28) -> 65278.083 | H291: =AVERAGE(H17:H28) -> 71693.667
A292: Average 1992 | B292: =AVERAGE(B29:B40) -> 4667 | C292: =AVERAGE(C29:C40) -> 12245.5 | D292: =AVERAGE(D29:D40) -> 183192.67 | E292: =AVERAGE(E29:E40) -> 18768.5 | F292: =AVERAGE(F29:F40) -> 14102.917 | G292: =AVERAGE(G29:G40) -> 76558.167 | H292: =AVERAGE(H29:H40) -> 73763.083
A293: Average 1993 | B293: =AVERAGE(B41:B52) -> 6212.4167 | C293: =AVERAGE(C41:C52) -> 9091.4167 | D293: =AVERAGE(D41:D52) -> 201169.42 | E293: =AVERAGE(E41:E52) -> 20959.083 | F293: =AVERAGE(F41:F52) -> 14963.417 | G293: =AVERAGE(G41:G52) -> 90123.417 | H293: =AVERAGE(H41:H52) -> 75123.5
A294: Average 1994 | B294: =AVERAGE(B53:B64) -> 9064.8333 | C294: =AVERAGE(C53:C64) -> 6421.4167 | D294: =AVERAGE(D53:D64) -> 230859.25 | E294: =AVERAGE(E53:E64) -> 25954 | F294: =AVERAGE(F53:F64) -> 15962.75 | G294: =AVERAGE(G53:G64) -> 105359.33 | H294: =AVERAGE(H53:H64) -> 83583.167
A295: Average 1995 | B295: =AVERAGE(B65:B76) -> 11866 | C295: =AVERAGE(C65:C76) -> 6692.5 | D295: =AVERAGE(D65:D76) -> 272838.33 | E295: =AVERAGE(E65:E76) -> 33013.417 | F295: =AVERAGE(F65:F76) -> 18006.5 | G295: =AVERAGE(G65:G76) -> 125662.17 | H295: =AVERAGE(H65:H76) -> 96156.25
A296: Average 1996 | B296: =AVERAGE(B77:B88) -> 13343.167 | C296: =AVERAGE(C77:C88) -> 6175.25 | D296: =AVERAGE(D77:D88) -> 323967.42 | E296: =AVERAGE(E77:E88) -> 41532.333 | F296: =AVERAGE(F77:F88) -> 21168.583 | G296: =AVERAGE(G77:G88) -> 148595 | H296: =AVERAGE(H77:H88) -> 112671.5
A297: Average 1997 | B297: =AVERAGE(B89:B100) -> 14494.167 | C297: =AVERAGE(C89:C100) -> 5996.1667 | D297: =AVERAGE(D89:D100) -> 376592 | E297: =AVERAGE(E89:E100) -> 47453.833 | F297: =AVERAGE(F89:F100) -> 22602 | G297: =AVERAGE(G89:G100) -> 169484.83 | H297: =AVERAGE(H89:H100) -> 137051.33
A298: Average 1998 | B298: =AVERAGE(B101:B112) -> 17505.5 | C298: =AVERAGE(C101:C112) -> 6938.1667 | D298: =AVERAGE(D101:D112) -> 435516.5 | E298: =AVERAGE(E101:E112) -> 51143.5 | F298: =AVERAGE(F101:F112) -> 21876.917 | G298: =AVERAGE(G101:G112) -> 188294.75 | H298: =AVERAGE(H101:H112) -> 174201.33
A299: Average 1999 | B299: =AVERAGE(B114:B124) -> 22564.455 | C299: =AVERAGE(C114:C124) -> 6530.9091 | D299: =AVERAGE(D114:D124) -> 482961 | E299: =AVERAGE(E114:E124) -> 51879.091 | F299: =AVERAGE(F114:F124) -> 21836.182 | G299: =AVERAGE(G114:G124) -> 198923.82 | H299: =AVERAGE(H114:H124) -> 210321.91
A300: Average 2000 | B300: =AVERAGE(B125:B136) -> 30017.583 | C300: =AVERAGE(C125:C136) -> 5530.5833 | D300: =AVERAGE(D125:D136) -> 522371.58 | E300: =AVERAGE(E125:E136) -> 54488.667 | F300: =AVERAGE(F125:F136) -> 22905 | G300: =AVERAGE(G125:G136) -> 213769.58 | H300: =AVERAGE(H125:H136) -> 231208.33
A301: Average 2001 | B301: =AVERAGE(B137:B147) -> 29285.818 | C301: =AVERAGE(C137:C147) -> 8177 | D301: =AVERAGE(D137:D147) -> 571103.82 | E301: =AVERAGE(E137:E147) -> 61161.364 | F301: =AVERAGE(F137:F147) -> 26862.364 | G301: =AVERAGE(G137:G147) -> 244476.64 | H301: =AVERAGE(H137:H147) -> 238603.45
A302: Average 2002 | B302: =AVERAGE(B149:B160) -> 35636.25 | C302: =AVERAGE(C149:C160) -> 8501.3333 | D302: =AVERAGE(D149:D160) -> 637028.08 | E302: =AVERAGE(E149:E160) -> 70966.333 | F302: =AVERAGE(F149:F160) -> 31100.833 | G302: =AVERAGE(G149:G160) -> 274873.33 | H302: =AVERAGE(H149:H160) -> 260087.58
A303: Average 2003 | B303: =AVERAGE(B161:B172) -> 83536.75 | C303: =AVERAGE(C161:C172) -> 6526.4167 | D303: =AVERAGE(D161:D172) -> 710867.08 | E303: =AVERAGE(E161:E172) -> 84007.167 | F303: =AVERAGE(F161:F172) -> 33815.25 | G303: =AVERAGE(G161:G172) -> 309819.33 | H303: =AVERAGE(H161:H172) -> 283225.33
A304: Average 2004 | B304: =AVERAGE(B173:B184) -> 61041.667 | C304: =AVERAGE(C173:C184) -> 5747 | D304: =AVERAGE(D173:D184) -> 798733.25 | E304: =AVERAGE(E173:E184) -> 99388 | F304: =AVERAGE(F173:F184) -> 40236.667 | G304: =AVERAGE(G173:G184) -> 368591.92 | H304: =AVERAGE(H173:H184) -> 290516.67
A305: Average 2005 | B305: =AVERAGE(B185:B196) -> 72545.917 | C305: =AVERAGE(C185:C196) -> 4985.5833 | D305: =AVERAGE(D185:D196) -> 964176.67 | E305: =AVERAGE(E185:E196) -> 119700.67 | F305: =AVERAGE(F185:F196) -> 45549.583 | G305: =AVERAGE(G185:G196) -> 467276.58 | H305: =AVERAGE(H185:H196) -> 331649.83
A306: Average 2006 | B306: =AVERAGE(B197:B208) -> 88683 | C306: =AVERAGE(C197:C208) -> 4617.0833 | D306: =AVERAGE(D197:D208) -> 1201030.9 | E306: =AVERAGE(E197:E208) -> 139721.67 | F306: =AVERAGE(F197:F208) -> 54815.083 | G306: =AVERAGE(G197:G208) -> 606976.58 | H306: =AVERAGE(H197:H208) -> 399517.58
A307: Average 2007 | B307: =AVERAGE(B209:B220) -> 86156.5 | C307: =AVERAGE(C209:C220) -> 4884.8333 | D307: =AVERAGE(D209:D220) -> 1509941.2 | E307: =AVERAGE(E209:E220) -> 160597.83 | F307: =AVERAGE(F209:F220) -> 61720.917 | G307: =AVERAGE(G209:G220) -> 769995.92 | H307: =AVERAGE(H209:H220) -> 517626.5
A308: Average 2008 | B308: =AVERAGE(B221:B232) -> 89977.5 | C308: =AVERAGE(C221:C232) -> 5474.9167 | D308: =AVERAGE(D221:D232) -> 1807369.5 | E308: =AVERAGE(E221:E232) -> 195741.08 | F308: =AVERAGE(F221:F232) -> 52315 | G308: =AVERAGE(G221:G232) -> 916337.33 | H308: =AVERAGE(H221:H232) -> 642976.08
A309: Average 2009 | B309: =AVERAGE(B233:B244) -> 116160 | C309: =AVERAGE(C233:C244) -> 5040.4167 | D309: =AVERAGE(D233:D244) -> 1867082.7 | E309: =AVERAGE(E233:E244) -> 202099.83 | F309: =AVERAGE(F233:F244) -> 40846.667 | G309: =AVERAGE(G233:G244) -> 985921.25 | H309: =AVERAGE(H233:H244) -> 638214
A310: Average 2010 | B310: =AVERAGE(B245:B256) -> 120742.42 | C310: =AVERAGE(C245:C256) -> 4750.6667 | D310: =AVERAGE(D245:D256) -> 1903290.3 | E310: =AVERAGE(E245:E256) -> 206870.75 | F310: =AVERAGE(F245:F256) -> 31013 | G310: =AVERAGE(G245:G256) -> 1028340.8 | H310: =AVERAGE(H245:H256) -> 637064.08
A311: Average 2011 | B311: =AVERAGE(B257:B268) -> 125608.42 | C311: =AVERAGE(C257:C268) -> 4363.4167 | D311: =AVERAGE(D257:D268) -> 2013138.2 | E311: =AVERAGE(E257:E268) -> 224419 | F311: =AVERAGE(F257:F268) -> 24811.5 | G311: =AVERAGE(G257:G268) -> 1056634 | H311: =AVERAGE(H257:H268) -> 707273.67
A312: Average 2012 | B312: =AVERAGE(B269:B280) -> 136621.5 | C312: =AVERAGE(C269:C280) -> 6889.3333 | D312: =AVERAGE(D269:D280) -> 2182022.6 | E312: =AVERAGE(E269:E280) -> 256948.42 | F312: =AVERAGE(F269:F280) -> 18186.333 | G312: =AVERAGE(G269:G280) -> 1079174.6 | H312: =AVERAGE(H269:H280) -> 827713.42
A313: Average 2013 | B313: =AVERAGE(B281:B287) -> 135575.71 | C313: =AVERAGE(C281:C287) -> 7960.7143 | D313: =AVERAGE(D281:D287) -> 2328626.6 | E313: =AVERAGE(E281:E287) -> 288975.29 | F313: =AVERAGE(F281:F287) -> 15396.429 | G313: =AVERAGE(G281:G287) -> 1093000.3 | H313: =AVERAGE(H281:H287) -> 931254.86

Sheet PSCE Yearly
A1: SA | B1: Credit extended to the domestic private sector - Year-on-Year Change
B4: =PSCE!B4 -> Investments | C4: =PSCE!C4 -> Bills discounted | D4: =PSCE!D4 -> Total loans and advances | E4: =PSCE!E4 -> Instalment sales credit | F4: =PSCE!F4 -> Leasing finance | G4: =PSCE!G4 -> Mortgage advances | H4: =PSCE!H4 -> Other loans and advances
A5: 33239 | B5: =(PSCE!B17-PSCE!B5)/PSCE!B5*100 -> -26.531972 | C5: =(PSCE!C17-PSCE!C5)/PSCE!C5*100 -> 5.221062 | D5: =(PSCE!D17-PSCE!D5)/PSCE!D5*100 -> 14.607209 | E5: =(PSCE!E17-PSCE!E5)/PSCE!E5*100 -> 15.601007 | F5: =(PSCE!F17-PSCE!F5)/PSCE!F5*100 -> 19.64851 | G5: =(PSCE!G17-PSCE!G5)/PSCE!G5*100 -> 15.865403 | H5: =(PSCE!H17-PSCE!H5)/PSCE!H5*100 -> 12.412412
A6: 33270 | B6: =(PSCE!B18-PSCE!B6)/PSCE!B6*100 -> 63.018868 | C6: =(PSCE!C18-PSCE!C6)/PSCE!C6*100 -> 20.539153 | D6: =(PSCE!D18-PSCE!D6)/PSCE!D6*100 -> 17.634017 | E6: =(PSCE!E18-PSCE!E6)/PSCE!E6*100 -> 13.914704 | F6: =(PSCE!F18-PSCE!F6)/PSCE!F6*100 -> 17.436614 | G6: =(PSCE!G18-PSCE!G6)/PSCE!G6*100 -> 15.625059 | H6: =(PSCE!H18-PSCE!H6)/PSCE!H6*100 -> 20.492099
A7: 33298 | B7: =(PSCE!B19-PSCE!B7)/PSCE!B7*100 -> 135.75685 | C7: =(PSCE!C19-PSCE!C7)/PSCE!C7*100 -> 18.159427 | D7: =(PSCE!D19-PSCE!D7)/PSCE!D7*100 -> 16.795952 | E7: =(PSCE!E19-PSCE!E7)/PSCE!E7*100 -> 13.33964 | F7: =(PSCE!F19-PSCE!F7)/PSCE!F7*100 -> 16.726016 | G7: =(PSCE!G19-PSCE!G7)/PSCE!G7*100 -> 15.915933 | H7: =(PSCE!H19-PSCE!H7)/PSCE!H7*100 -> 18.543645
A8: 33329 | B8: =(PSCE!B20-PSCE!B8)/PSCE!B8*100 -> 53.366943 | C8: =(PSCE!C20-PSCE!C8)/PSCE!C8*100 -> 9.1918437 | D8: =(PSCE!D20-PSCE!D8)/PSCE!D8*100 -> 16.043559 | E8: =(PSCE!E20-PSCE!E8)/PSCE!E8*100 -> 12.951807 | F8: =(PSCE!F20-PSCE!F8)/PSCE!F8*100 -> 17.128046 | G8: =(PSCE!G20-PSCE!G8)/PSCE!G8*100 -> 16.908114 | H8: =(PSCE!H20-PSCE!H8)/PSCE!H8*100 -> 15.911008
A9: 33359 | B9: =(PSCE!B21-PSCE!B9)/PSCE!B9*100 -> 71.781116 | C9: =(PSCE!C21-PSCE!C9)/PSCE!C9*100 -> -0.13359367 | D9: =(PSCE!D21-PSCE!D9)/PSCE!D9*100 -> 18.174558 | E9: =(PSCE!E21-PSCE!E9)/PSCE!E9*100 -> 11.43369 | F9: =(PSCE!F21-PSCE!F9)/PSCE!F9*100 -> 15.974766 | G9: =(PSCE!G21-PSCE!G9)/PSCE!G9*100 -> 16.962521 | H9: =(PSCE!H21-PSCE!H9)/PSCE!H9*100 -> 21.480723
A10: 33390 | B10: =(PSCE!B22-PSCE!B10)/PSCE!B10*100 -> 65.382124 | C10: =(PSCE!C22-PSCE!C10)/PSCE!C10*100 -> -12.051985 | D10: =(PSCE!D22-PSCE!D10)/PSCE!D10*100 -> 17.581044 | E10: =(PSCE!E22-PSCE!E10)/PSCE!E10*100 -> 10.258418 | F10: =(PSCE!F22-PSCE!F10)/PSCE!F10*100 -> 17.00335 | G10: =(PSCE!G22-PSCE!G10)/PSCE!G10*100 -> 17.01043 | H10: =(PSCE!H22-PSCE!H10)/PSCE!H10*100 -> 20.20092
A11: 33420 | B11: =(PSCE!B23-PSCE!B11)/PSCE!B11*100 -> 20.857307 | C11: =(PSCE!C23-PSCE!C11)/PSCE!C11*100 -> -12.879299 | D11: =(PSCE!D23-PSCE!D11)/PSCE!D11*100 -> 17.659202 | E11: =(PSCE!E23-PSCE!E11)/PSCE!E11*100 -> 11.494941 | F11: =(PSCE!F23-PSCE!F11)/PSCE!F11*100 -> 15.982507 | G11: =(PSCE!G23-PSCE!G11)/PSCE!G11*100 -> 17.081172 | H11: =(PSCE!H23-PSCE!H11)/PSCE!H11*100 -> 20.174453
A12: 33451 | B12: =(PSCE!B24-PSCE!B12)/PSCE!B12*100 -> 30.919978 | C12: =(PSCE!C24-PSCE!C12)/PSCE!C12*100 -> -11.651498 | D12: =(PSCE!D24-PSCE!D12)/PSCE!D12*100 -> 17.46081 | E12: =(PSCE!E24-PSCE!E12)/PSCE!E12*100 -> 9.807851 | F12: =(PSCE!F24-PSCE!F12)/PSCE!F12*100 -> 16.136608 | G12: =(PSCE!G24-PSCE!G12)/PSCE!G12*100 -> 17.090487 | H12: =(PSCE!H24-PSCE!H12)/PSCE!H12*100 -> 20.160562
A13: 33482 | B13: =(PSCE!B25-PSCE!B13)/PSCE!B13*100 -> 46.559248 | C13: =(PSCE!C25-PSCE!C13)/PSCE!C13*100 -> 10.851703 | D13: =(PSCE!D25-PSCE!D13)/PSCE!D13*100 -> 18.400643 | E13: =(PSCE!E25-PSCE!E13)/PSCE!E13*100 -> 7.2219659 | F13: =(PSCE!F25-PSCE!F13)/PSCE!F13*100 -> 18.71042 | G13: =(PSCE!G25-PSCE!G13)/PSCE!G13*100 -> 17.549018 | H13: =(PSCE!H25-PSCE!H13)/PSCE!H13*100 -> 22.370471
A14: 33512 | B14: =(PSCE!B26-PSCE!B14)/PSCE!B14*100 -> 20.809249 | C14: =(PSCE!C26-PSCE!C14)/PSCE!C14*100 -> 23.655685 | D14: =(PSCE!D26-PSCE!D14)/PSCE!D14*100 -> 18.606706 | E14: =(PSCE!E26-PSCE!E14)/PSCE!E14*100 -> 6.8386357 | F14: =(PSCE!F26-PSCE!F14)/PSCE!F14*100 -> 21.360315 | G14: =(PSCE!G26-PSCE!G14)/PSCE!G14*100 -> 17.889734 | H14: =(PSCE!H26-PSCE!H14)/PSCE!H14*100 -> 22.177538
A15: 33543 | B15: =(PSCE!B27-PSCE!B15)/PSCE!B15*100 -> -2.813899 | C15: =(PSCE!C27-PSCE!C15)/PSCE!C15*100 -> 41.415364 | D15: =(PSCE!D27-PSCE!D15)/PSCE!D15*100 -> 16.993883 | E15: =(PSCE!E27-PSCE!E15)/PSCE!E15*100 -> 9.5235397 | F15: =(PSCE!F27-PSCE!F15)/PSCE!F15*100 -> 20.486947 | G15: =(PSCE!G27-PSCE!G15)/PSCE!G15*100 -> 18.167432 | H15: =(PSCE!H27-PSCE!H15)/PSCE!H15*100 -> 17.396242
A16: 33573 | B16: =(PSCE!B28-PSCE!B16)/PSCE!B16*100 -> -38.912909 | C16: =(PSCE!C28-PSCE!C16)/PSCE!C16*100 -> 28.184838 | D16: =(PSCE!D28-PSCE!D16)/PSCE!D16*100 -> 15.228357 | E16: =(PSCE!E28-PSCE!E16)/PSCE!E16*100 -> 6.6744212 | F16: =(PSCE!F28-PSCE!F16)/PSCE!F16*100 -> 20.572157 | G16: =(PSCE!G28-PSCE!G16)/PSCE!G16*100 -> 18.030115 | H16: =(PSCE!H28-PSCE!H16)/PSCE!H16*100 -> 14.132064
... A275: 41456 | B275: =(PSCE!B287-PSCE!B275)/PSCE!B275*100 -> -11.024761 | C275: =(PSCE!C287-PSCE!C275)/PSCE!C275*100 -> 32.553011 | D275: =(PSCE!D287-PSCE!D275)/PSCE!D275*100 -> 8.6583557 | E275: =(PSCE!E287-PSCE!E275)/PSCE!E275*100 -> 16.214364 | F275: =(PSCE!F287-PSCE!F275)/PSCE!F275*100 -> -16.744369 | G275: =(PSCE!G287-PSCE!G275)/PSCE!G275*100 -> 1.7833113 | H275: =(PSCE!H287-PSCE!H275)/PSCE!H275*100 -> 15.939756
A277: Average 1991 | B277: =AVERAGE(B5:B16) -> 36.682742 | C277: =AVERAGE(C5:C16) -> 10.041892 | D277: =AVERAGE(D5:D16) -> 17.098828 | E277: =AVERAGE(E5:E16) -> 10.755052 | F277: =AVERAGE(F5:F16) -> 18.097188 | G277: =AVERAGE(G5:G16) -> 17.007952 | H277: =AVERAGE(H5:H16) -> 18.787678
A278: Average 1992 | B278: =AVERAGE(B17:B28) -> 12.20869 | C278: =AVERAGE(C17:C28) -> 17.295471 | D278: =AVERAGE(D17:D28) -> 9.6136335 | E278: =AVERAGE(E17:E28) -> 1.8334356 | F278: =AVERAGE(F17:F28) -> 19.26699 | G278: =AVERAGE(G17:G28) -> 17.288036 | H278: =AVERAGE(H17:H28) -> 3.0585895
A279: Average 1993 | B279: =AVERAGE(B29:B40) -> 48.776872 | C279: =AVERAGE(C29:C40) -> -25.925458 | D279: =AVERAGE(D29:D40) -> 9.7712557 | E279: =AVERAGE(E29:E40) -> 11.590147 | F279: =AVERAGE(F29:F40) -> 6.122194 | G279: =AVERAGE(G29:G40) -> 17.715442 | H279: =AVERAGE(H29:H40) -> 1.8771306
A280: Average 1994 | B280: =AVERAGE(B41:B52) -> 46.063497 | C280: =AVERAGE(C41:C52) -> -25.171897 | D280: =AVERAGE(D41:D52) -> 14.737452 | E280: =AVERAGE(E41:E52) -> 23.692025 | F280: =AVERAGE(F41:F52) -> 6.6909268 | G280: =AVERAGE(G41:G52) -> 16.886954 | H280: =AVERAGE(H41:H52) -> 11.257463
A281: Average 1995 | B281: =AVERAGE(B53:B64) -> 34.735953 | C281: =AVERAGE(C53:C64) -> 4.88015 | D281: =AVERAGE(D53:D64) -> 18.176482 | E281: =AVERAGE(E53:E64) -> 27.178108 | F281: =AVERAGE(F53:F64) -> 12.753719 | G281: =AVERAGE(G53:G64) -> 19.283371 | H281: =AVERAGE(H53:H64) -> 15.076743
A282: Average 1996 | B282: =AVERAGE(B65:B76) -> 13.672008 | C282: =AVERAGE(C65:C76) -> -6.8360463 | D282: =AVERAGE(D65:D76) -> 18.72902 | E282: =AVERAGE(E65:E76) -> 26.022789 | F282: =AVERAGE(F65:F76) -> 17.569338 | G282: =AVERAGE(G65:G76) -> 18.263516 | H282: =AVERAGE(H65:H76) -> 17.13045
A283: Average 1997 | B283: =AVERAGE(B77:B88) -> 8.8841116 | C283: =AVERAGE(C77:C88) -> -2.0848998 | D283: =AVERAGE(D77:D88) -> 16.321723 | E283: =AVERAGE(E77:E88) -> 14.500783 | F283: =AVERAGE(F77:F88) -> 7.1494905 | G283: =AVERAGE(G77:G88) -> 14.145015 | H283: =AVERAGE(H77:H88) -> 21.608224
A284: Average 1998 | B284: =AVERAGE(B89:B100) -> 20.857082 | C284: =AVERAGE(C89:C100) -> 16.054674 | D284: =AVERAGE(D89:D100) -> 15.607807 | E284: =AVERAGE(E89:E100) -> 7.8210235 | F284: =AVERAGE(F89:F100) -> -3.1845916 | G284: =AVERAGE(G89:G100) -> 11.109482 | H284: =AVERAGE(H89:H100) -> 26.928809
A285: Average 1999 | B285: =AVERAGE(B102:B112) -> 28.593548 | C285: =AVERAGE(C102:C112) -> -6.0666892 | D285: =AVERAGE(D102:D112) -> 10.142988 | E285: =AVERAGE(E102:E112) -> 1.1806688 | F285: =AVERAGE(F102:F112) -> -0.21004067 | G285: =AVERAGE(G102:G112) -> 5.2375958 | H285: =AVERAGE(H102:H112) -> 19.369662
A286: Average 2000 | B286: =AVERAGE(B113:B124) -> 34.045639 | C286: =AVERAGE(C113:C124) -> -13.895556 | D286: =AVERAGE(D113:D124) -> 8.5138925 | E286: =AVERAGE(E113:E124) -> 5.0027993 | F286: =AVERAGE(F113:F124) -> 5.0038132 | G286: =AVERAGE(G113:G124) -> 7.5643524 | H286: =AVERAGE(H113:H124) -> 10.807772
A287: Average 2001 | B287: =AVERAGE(B125:B135) -> 2.0880678 | C287: =AVERAGE(C125:C135) -> 56.493885 | D287: =AVERAGE(D125:D135) -> 9.7213824 | E287: =AVERAGE(E125:E135) -> 12.71687 | F287: =AVERAGE(F125:F135) -> 17.724716 | G287: =AVERAGE(G125:G135) -> 14.984106 | H287: =AVERAGE(H125:H135) -> 3.3898087
A288: Average 2002 | B288: =AVERAGE(B137:B148) -> 19.247166 | C288: =AVERAGE(C137:C148) -> 3.800048 | D288: =AVERAGE(D137:D148) -> 10.883518 | E288: =AVERAGE(E137:E148) -> 15.393544 | F288: =AVERAGE(F137:F148) -> 15.27411 | G288: =AVERAGE(G137:G148) -> 11.887515 | H288: =AVERAGE(H137:H148) -> 8.2524206
A289: Average 2003 | B289: =AVERAGE(B149:B160) -> 137.21447 | C289: =AVERAGE(C149:C160) -> -23.373049 | D289: =AVERAGE(D149:D160) -> 11.568576 | E289: =AVERAGE(E149:E160) -> 18.388382 | F289: =AVERAGE(F149:F160) -> 8.6933314 | G289: =AVERAGE(G149:G160) -> 12.668403 | H289: =AVERAGE(H149:H160) -> 8.9208326
A290: Average 2004 | B290: =AVERAGE(B161:B172) -> -26.350538 | C290: =AVERAGE(C161:C172) -> -9.6913754 | D290: =AVERAGE(D161:D172) -> 12.319083 | E290: =AVERAGE(E161:E172) -> 18.230595 | F290: =AVERAGE(F161:F172) -> 19.002479 | G290: =AVERAGE(G161:G172) -> 18.853835 | H290: =AVERAGE(H161:H172) -> 2.6205332
A291: Average 2005 | B291: =AVERAGE(B173:B184) -> 20.490644 | C291: =AVERAGE(C173:C184) -> -12.635332 | D291: =AVERAGE(D173:D184) -> 20.697646 | E291: =AVERAGE(E173:E184) -> 20.518656 | F291: =AVERAGE(F173:F184) -> 13.186373 | G291: =AVERAGE(G173:G184) -> 26.698939 | H291: =AVERAGE(H173:H184) -> 14.254367
A292: Average 2006 | B292: =AVERAGE(B185:B196) -> 22.753024 | C292: =AVERAGE(C185:C196) -> -6.8138407 | D292: =AVERAGE(D185:D196) -> 24.459163 | E292: =AVERAGE(E185:E196) -> 16.848019 | F292: =AVERAGE(F185:F196) -> 20.352957 | G292: =AVERAGE(G185:G196) -> 29.86255 | H292: =AVERAGE(H185:H196) -> 20.338024
A293: Average 2007 | B293: =AVERAGE(B197:B208) -> -2.6401395 | C293: =AVERAGE(C197:C208) -> 6.0329885 | D293: =AVERAGE(D197:D208) -> 25.833266 | E293: =AVERAGE(E197:E208) -> 14.907246 | F293: =AVERAGE(F197:F208) -> 13.02728 | G293: =AVERAGE(G197:G208) -> 26.982371 | H293: =AVERAGE(H197:H208) -> 29.762962
A294: Average 2008 | B294: =AVERAGE(B209:B220) -> 4.8305543 | C294: =AVERAGE(C209:C220) -> 12.425923 | D294: =AVERAGE(D209:D220) -> 19.851759 | E294: =AVERAGE(E209:E220) -> 21.992793 | F294: =AVERAGE(F209:F220) -> -15.238985 | G294: =AVERAGE(G209:G220) -> 19.233846 | H294: =AVERAGE(H209:H220) -> 24.333327
A295: Average 2009 | B295: =AVERAGE(B221:B232) -> 30.038606 | C295: =AVERAGE(C221:C225) -> 25.970672 | D295: =AVERAGE(D221:D225) -> 7.8158786 | E295: =AVERAGE(E221:E225) -> 8.2576339 | F295: =AVERAGE(F221:F225) -> -20.369403 | G295: =AVERAGE(G221:G225) -> 10.994821 | H295: =AVERAGE(H221:H225) -> 5.7404786
A296: Average 2010 | B296: =AVERAGE(B233:B244) -> 4.2876008 | C296: =AVERAGE(C233:C244) -> -3.7683991 | D296: =AVERAGE(D233:D244) -> 1.9474499 | E296: =AVERAGE(E233:E244) -> 2.3769827 | F296: =AVERAGE(F233:F244) -> -23.922149 | G296: =AVERAGE(G233:G244) -> 4.3002308 | H296: =AVERAGE(H233:H244) -> -0.10234097
A297: Average 2011 | B297: =AVERAGE(B246:B256) -> 3.8808411 | C297: =AVERAGE(C246:C256) -> -7.2397186 | D297: =AVERAGE(D246:D256) -> 5.8592314 | E297: =AVERAGE(E246:E256) -> 8.629814 | F297: =AVERAGE(F246:F256) -> -20.038811 | G297: =AVERAGE(G246:G256) -> 2.6627639 | H297: =AVERAGE(H246:H256) -> 11.356232
A298: Average 2012 | B298: =AVERAGE(B257:B268) -> 8.9083562 | C298: =AVERAGE(C257:C268) -> 60.708847 | D298: =AVERAGE(D257:D268) -> 8.3783104 | E298: =AVERAGE(E257:E268) -> 14.445026 | F298: =AVERAGE(F257:F268) -> -26.699084 | G298: =AVERAGE(G257:G268) -> 2.1349585 | H298: =AVERAGE(H257:H268) -> 16.997044
A299: Average 2013 | B299: =AVERAGE(B269:B275) -> 1.7802142 | C299: =AVERAGE(C269:C275) -> 55.754808 | D299: =AVERAGE(D269:D275) -> 8.7367145 | E299: =AVERAGE(E269:E275) -> 16.163319 | F299: =AVERAGE(F269:F275) -> -19.172234 | G299: =AVERAGE(G269:G275) -> 1.7127412 | H299: =AVERAGE(H269:H275) -> 16.548117

Sheet PSCE Monthly
A1: SA
B2: Credit extended to the domestic private sector - Month-on-Month Change
B4: =PSCE!B4 -> Investments | C4: =PSCE!C4 -> Bills discounted | D4: =PSCE!D4 -> Total loans and advances | E4: =PSCE!E4 -> Instalment sales credit | F4: =PSCE!F4 -> Leasing finance | G4: =PSCE!G4 -> Mortgage advances | H4: =PSCE!H4 -> Other loans and advances
A5: =PSCE!A6 -> 32905 | B5: =(PSCE!B6-PSCE!B5)/PSCE!B5*100 -> -35.279751 | C5: =(PSCE!C6-PSCE!C5)/PSCE!C5*100 -> 3.8435903 | D5: =(PSCE!D6-PSCE!D5)/PSCE!D5*100 -> 1.102963 | E5: =(PSCE!E6-PSCE!E5)/PSCE!E5*100 -> 1.3613782 | F5: =(PSCE!F6-PSCE!F5)/PSCE!F5*100 -> 1.6046283 | G5: =(PSCE!G6-PSCE!G5)/PSCE!G5*100 -> 1.51364 | H5: =(PSCE!H6-PSCE!H5)/PSCE!H5*100 -> 0.58506783
A6: =PSCE!A7 -> 32933 | B6: =(PSCE!B7-PSCE!B6)/PSCE!B6*100 -> -13.653516 | C6: =(PSCE!C7-PSCE!C6)/PSCE!C6*100 -> -4.4501498 | D6: =(PSCE!D7-PSCE!D6)/PSCE!D6*100 -> 0.98154375 | E6: =(PSCE!E7-PSCE!E6)/PSCE!E6*100 -> 0.92297899 | F6: =(PSCE!F7-PSCE!F6)/PSCE!F6*100 -> 2.5784272 | G6: =(PSCE!G7-PSCE!G6)/PSCE!G6*100 -> 1.06964 | H6: =(PSCE!H7-PSCE!H6)/PSCE!H6*100 -> 0.66230847
A7: =PSCE!A8 -> 32964 | B7: =(PSCE!B8-PSCE!B7)/PSCE!B7*100 -> 10.329758 | C7: =(PSCE!C8-PSCE!C7)/PSCE!C7*100 -> 4.8701299 | D7: =(PSCE!D8-PSCE!D7)/PSCE!D7*100 -> 0.94219599 | E7: =(PSCE!E8-PSCE!E7)/PSCE!E7*100 -> 0.51087985 | F7: =(PSCE!F8-PSCE!F7)/PSCE!F7*100 -> 1.0159196 | G7: =(PSCE!G8-PSCE!G7)/PSCE!G7*100 -> 0.93304164 | H7: =(PSCE!H8-PSCE!H7)/PSCE!H7*100 -> 1.0551076
A8: =PSCE!A9 -> 32994 | B8: =(PSCE!B9-PSCE!B8)/PSCE!B8*100 -> 0.68419157 | C8: =(PSCE!C9-PSCE!C8)/PSCE!C8*100 -> 3.8859827 | D8: =(PSCE!D9-PSCE!D8)/PSCE!D8*100 -> 1.0032626 | E8: =(PSCE!E9-PSCE!E8)/PSCE!E8*100 -> 1.5876004 | F8: =(PSCE!F9-PSCE!F8)/PSCE!F8*100 -> 1.8973561 | G8: =(PSCE!G9-PSCE!G8)/PSCE!G8*100 -> 1.2300852 | H8: =(PSCE!H9-PSCE!H8)/PSCE!H8*100 -> 0.49421449
A9: =PSCE!A10 -> 33025 | B9: =(PSCE!B10-PSCE!B9)/PSCE!B9*100 -> 10.443491 | C9: =(PSCE!C10-PSCE!C9)/PSCE!C9*100 -> 1.2126195 | D9: =(PSCE!D10-PSCE!D9)/PSCE!D9*100 -> 1.5345123 | E9: =(PSCE!E10-PSCE!E9)/PSCE!E9*100 -> 2.5449379 | F9: =(PSCE!F10-PSCE!F9)/PSCE!F9*100 -> 0.23402523 | G9: =(PSCE!G10-PSCE!G9)/PSCE!G9*100 -> 1.2352683 | H9: =(PSCE!H10-PSCE!H9)/PSCE!H9*100 -> 1.7489384
A10: =PSCE!A11 -> 33055 | B10: =(PSCE!B11-PSCE!B10)/PSCE!B10*100 -> 12.564767 | C10: =(PSCE!C11-PSCE!C10)/PSCE!C10*100 -> 5.4015636 | D10: =(PSCE!D11-PSCE!D10)/PSCE!D10*100 -> 0.69877521 | E10: =(PSCE!E11-PSCE!E10)/PSCE!E10*100 -> 0.61442082 | F10: =(PSCE!F11-PSCE!F10)/PSCE!F10*100 -> 2.1317633 | G10: =(PSCE!G11-PSCE!G10)/PSCE!G10*100 -> 1.3955422 | H10: =(PSCE!H11-PSCE!H10)/PSCE!H10*100 -> -0.14681381
A11: =PSCE!A12 -> 33086 | B11: =(PSCE!B12-PSCE!B11)/PSCE!B11*100 -> 5.6962025 | C11: =(PSCE!C12-PSCE!C11)/PSCE!C11*100 -> 1.6087082 | D11: =(PSCE!D12-PSCE!D11)/PSCE!D11*100 -> 1.1242302 | E11: =(PSCE!E12-PSCE!E11)/PSCE!E11*100 -> 1.5745674 | F11: =(PSCE!F12-PSCE!F11)/PSCE!F11*100 -> 1.5704204 | G11: =(PSCE!G12-PSCE!G11)/PSCE!G11*100 -> 1.4476476 | H11: =(PSCE!H12-PSCE!H11)/PSCE!H11*100 -> 0.62611511
A12: =PSCE!A13 -> 33117 | B12: =(PSCE!B13-PSCE!B12)/PSCE!B12*100 -> -18.916712 | C12: =(PSCE!C13-PSCE!C12)/PSCE!C12*100 -> -5.3849071 | D12: =(PSCE!D13-PSCE!D12)/PSCE!D12*100 -> 0.39448548 | E12: =(PSCE!E13-PSCE!E12)/PSCE!E12*100 -> 2.1808323 | F12: =(PSCE!F13-PSCE!F12)/PSCE!F12*100 -> 1.9864957 | G12: =(PSCE!G13-PSCE!G12)/PSCE!G12*100 -> 1.0122489 | H12: =(PSCE!H13-PSCE!H12)/PSCE!H12*100 -> -0.94728374
A13: =PSCE!A14 -> 33147 | B13: =(PSCE!B14-PSCE!B13)/PSCE!B13*100 -> 4.5317221 | C13: =(PSCE!C14-PSCE!C13)/PSCE!C13*100 -> -5.7114228 | D13: =(PSCE!D14-PSCE!D13)/PSCE!D13*100 -> 1.0633986 | E13: =(PSCE!E14-PSCE!E13)/PSCE!E13*100 -> 0.62874942 | F13: =(PSCE!F14-PSCE!F13)/PSCE!F13*100 -> 2.417962 | G13: =(PSCE!G14-PSCE!G13)/PSCE!G13*100 -> 1.0421197 | H13: =(PSCE!H14-PSCE!H13)/PSCE!H13*100 -> 0.97457487
A14: =PSCE!A15 -> 33178 | B14: =(PSCE!B15-PSCE!B14)/PSCE!B14*100 -> 50.642261 | C14: =(PSCE!C15-PSCE!C14)/PSCE!C14*100 -> -3.4431456 | D14: =(PSCE!D15-PSCE!D14)/PSCE!D14*100 -> 1.7869888 | E14: =(PSCE!E15-PSCE!E14)/PSCE!E14*100 -> 1.1808541 | F14: =(PSCE!F15-PSCE!F14)/PSCE!F14*100 -> 1.1991756 | G14: =(PSCE!G15-PSCE!G14)/PSCE!G14*100 -> 1.1915011 | H14: =(PSCE!H15-PSCE!H14)/PSCE!H14*100 -> 2.6312334
A15: =PSCE!A16 -> 33208 | B15: =(PSCE!B16-PSCE!B15)/PSCE!B15*100 -> 3.5386911 | C15: =(PSCE!C16-PSCE!C15)/PSCE!C15*100 -> 12.656835 | D15: =(PSCE!D16-PSCE!D15)/PSCE!D15*100 -> 2.3365921 | E15: =(PSCE!E16-PSCE!E15)/PSCE!E15*100 -> 2.2831568 | F15: =(PSCE!F16-PSCE!F15)/PSCE!F15*100 -> 1.6108128 | G15: =(PSCE!G16-PSCE!G15)/PSCE!G15*100 -> 1.2523396 | H15: =(PSCE!H16-PSCE!H15)/PSCE!H15*100 -> 3.4962015
A16: =PSCE!A17 -> 33239 | B16: =(PSCE!B17-PSCE!B16)/PSCE!B16*100 -> -31.871526 | C16: =(PSCE!C17-PSCE!C16)/PSCE!C16*100 -> -7.4638531 | D16: =(PSCE!D17-PSCE!D16)/PSCE!D16*100 -> 0.75760048 | E16: =(PSCE!E17-PSCE!E16)/PSCE!E16*100 -> -0.75883461 | F16: =(PSCE!F17-PSCE!F16)/PSCE!F16*100 -> -0.13666181 | G16: =(PSCE!G17-PSCE!G16)/PSCE!G16*100 -> 1.4956475 | H16: =(PSCE!H17-PSCE!H16)/PSCE!H16*100 -> 0.65367557
... A286: =PSCE!A287 -> 41456 | B286: =(PSCE!B287-PSCE!B286)/PSCE!B286*100 -> 1.3200759 | C286: =(PSCE!C287-PSCE!C286)/PSCE!C286*100 -> -15.423747 | D286: =(PSCE!D287-PSCE!D286)/PSCE!D286*100 -> -0.31132992 | E286: =(PSCE!E287-PSCE!E286)/PSCE!E286*100 -> 1.4378109 | F286: =(PSCE!F287-PSCE!F286)/PSCE!F286*100 -> -2.2424482 | G286: =(PSCE!G287-PSCE!G286)/PSCE!G286*100 -> 0.0020045887 | H286: =(PSCE!H287-PSCE!H286)/PSCE!H286*100 -> -1.1846956
A288: Average 1990 | B288: =AVERAGE(B5:B15) -> 2.7801003 | C288: =AVERAGE(C5:C15) -> 1.3172549 | D288: =AVERAGE(D5:D15) -> 1.1789953 | E288: =AVERAGE(E5:E15) -> 1.3991233 | F288: =AVERAGE(F5:F15) -> 1.6588169 | G288: =AVERAGE(G5:G15) -> 1.2111886 | H288: =AVERAGE(H5:H15) -> 1.0163331
A289: Average 1991 | B289: =AVERAGE(B16:B27) -> -1.0464528 | C289: =AVERAGE(C16:C27) -> 2.5087687 | D289: =AVERAGE(D16:D27) -> 1.1932522 | E289: =AVERAGE(E16:E27) -> 0.54666065 | F289: =AVERAGE(F16:F27) -> 1.5815637 | G289: =AVERAGE(G16:G27) -> 1.3911194 | H289: =AVERAGE(H16:H27) -> 1.1402255
A290: Average 1992 | B290: =AVERAGE(B28:B39) -> 8.1467752 | C290: =AVERAGE(C28:C39) -> 0.11809177 | D290: =AVERAGE(D28:D39) -> 0.61025705 | E290: =AVERAGE(E28:E39) -> 0.13809285 | F290: =AVERAGE(F28:F39) -> 0.76764028 | G290: =AVERAGE(G28:G39) -> 1.3396541 | H290: =AVERAGE(H28:H39) -> -0.03495069
A291: Average 1993 | B291: =AVERAGE(B40:B51) -> 0.79985452 | C291: =AVERAGE(C40:C51) -> -3.6573744 | D291: =AVERAGE(D40:D51) -> 1.0506082 | E291: =AVERAGE(E40:E51) -> 1.390178 | F291: =AVERAGE(F40:F51) -> 0.56183744 | G291: =AVERAGE(G40:G51) -> 1.3705549 | H291: =AVERAGE(H40:H51) -> 0.69374339
A292: Average 1994 | B292: =AVERAGE(B52:B63) -> 5.3169469 | C292: =AVERAGE(C52:C63) -> 0.12460221 | D292: =AVERAGE(D52:D63) -> 1.2683241 | E292: =AVERAGE(E52:E63) -> 2.0605418 | F292: =AVERAGE(F52:F63) -> 0.58665311 | G292: =AVERAGE(G52:G63) -> 1.381013 | H292: =AVERAGE(H52:H63) -> 1.0288499
A293: Average 1995 | B293: =AVERAGE(B64:B75) -> 1.9619992 | C293: =AVERAGE(C64:C75) -> 0.63163757 | D293: =AVERAGE(D64:D75) -> 1.3942625 | E293: =AVERAGE(E64:E75) -> 2.0364031 | F293: =AVERAGE(F64:F75) -> 1.2967096 | G293: =AVERAGE(G64:G75) -> 1.4729189 | H293: =AVERAGE(H64:H75) -> 1.1062199
A294: Average 1996 | B294: =AVERAGE(B76:B87) -> -0.11197876 | C294: =AVERAGE(C76:C87) -> -1.396894 | D294: =AVERAGE(D76:D87) -> 1.3713025 | E294: =AVERAGE(E76:E87) -> 1.6194233 | F294: =AVERAGE(F76:F87) -> 1.3175533 | G294: =AVERAGE(G76:G87) -> 1.3070268 | H294: =AVERAGE(H76:H87) -> 1.3841385
A295: Average 1997 | B295: =AVERAGE(B88:B99) -> 1.3818509 | C295: =AVERAGE(C88:C99) -> 0.74749607 | D295: =AVERAGE(D88:D99) -> 1.1288579 | E295: =AVERAGE(E88:E99) -> 0.7354837 | F295: =AVERAGE(F88:F99) -> -0.24655071 | G295: =AVERAGE(G88:G99) -> 0.9061015 | H295: =AVERAGE(H88:H99) -> 1.7881407
A296: Average 1998 | B296: =AVERAGE(B100:B111) -> 1.927106 | C296: =AVERAGE(C100:C111) -> 0.64724648 | D296: =AVERAGE(D100:D111) -> 1.2969096 | E296: =AVERAGE(E100:E111) -> 0.33758453 | F296: =AVERAGE(F100:F111) -> -0.0098387027 | G296: =AVERAGE(G100:G111) -> 0.79736366 | H296: =AVERAGE(H100:H111) -> 2.307922
A297: Average 1999 | B297: =AVERAGE(B113:B123) -> 1.5837171 | C297: =AVERAGE(C113:C123) -> -1.2597271 | D297: =AVERAGE(D113:D123) -> 0.73943431 | E297: =AVERAGE(E113:E123) -> 0.056048842 | F297: =AVERAGE(F113:F123) -> 0.23701334 | G297: =AVERAGE(G113:G123) -> 0.32575614 | H297: =AVERAGE(H113:H123) -> 1.372598
A298: Average 2000 | B298: =AVERAGE(B124:B135) -> 4.3113839 | C298: =AVERAGE(C124:C135) -> 4.5137134 | D298: =AVERAGE(D124:D135) -> 0.6497522 | E298: =AVERAGE(E124:E135) -> 0.7201328 | F298: =AVERAGE(F124:F135) -> 0.75493213 | G298: =AVERAGE(G124:G135) -> 0.9014859 | H298: =AVERAGE(H124:H135) -> 0.39390166
A299: Average 2001 | B299: =AVERAGE(B136:B146) -> 0.087377756 | C299: =AVERAGE(C136:C146) -> 1.1475935 | D299: =AVERAGE(D136:D146) -> 0.89821417 | E299: =AVERAGE(E136:E146) -> 1.0945741 | F299: =AVERAGE(F136:F146) -> 1.72309 | G299: =AVERAGE(G136:G146) -> 1.1329778 | H299: =AVERAGE(H136:H146) -> 0.54145491
A300: Average 2002 | B300: =AVERAGE(B148:B159) -> -3.5214726 | C300: =AVERAGE(C148:C159) -> 0.23557755 | D300: =AVERAGE(D148:D159) -> 0.62732433 | E300: =AVERAGE(E148:E159) -> 1.3935079 | F300: =AVERAGE(F148:F159) -> 0.34964875 | G300: =AVERAGE(G148:G159) -> 0.82545048 | H300: =AVERAGE(H148:H159) -> 0.26209715
A301: Average 2003 | B301: =AVERAGE(B160:B171) -> 14.131095 | C301: =AVERAGE(C160:C171) -> -0.34084889 | D301: =AVERAGE(D160:D171) -> 0.99196378 | E301: =AVERAGE(E160:E171) -> 1.2807899 | F301: =AVERAGE(F160:F171) -> 1.4505847 | G301: =AVERAGE(G160:G171) -> 1.2466838 | H301: =AVERAGE(H160:H171) -> 0.5920403
A302: Average 2004 | B302: =AVERAGE(B172:B183) -> -0.034777471 | C302: =AVERAGE(C172:C183) -> -2.4522023 | D302: =AVERAGE(D172:D183) -> 1.2872756 | E302: =AVERAGE(E172:E183) -> 1.721039 | F302: =AVERAGE(F172:F183) -> 1.2402401 | G302: =AVERAGE(G172:G183) -> 1.8364946 | H302: =AVERAGE(H172:H183) -> 0.48632356
A303: Average 2005 | B303: =AVERAGE(B184:B195) -> 0.65057502 | C303: =AVERAGE(C184:C195) -> 0.02263347 | D303: =AVERAGE(D184:D195) -> 1.612781 | E303: =AVERAGE(E184:E195) -> 1.4252668 | F303: =AVERAGE(F184:F195) -> 1.1954661 | G303: =AVERAGE(G184:G195) -> 2.052615 | H303: =AVERAGE(H184:H195) -> 1.1267697
A304: Average 2006 | B304: =AVERAGE(B196:B207) -> 0.57708201 | C304: =AVERAGE(C196:C207) -> -0.97052405 | D304: =AVERAGE(D196:D207) -> 2.0554019 | E304: =AVERAGE(E196:E207) -> 1.0801064 | F304: =AVERAGE(F196:F207) -> 1.6302668 | G304: =AVERAGE(G196:G207) -> 2.2104142 | H304: =AVERAGE(H196:H207) -> 2.2359096
A305: Average 2007 | B305: =AVERAGE(B208:B219) -> 1.2626581 | C305: =AVERAGE(C208:C219) -> 0.42679323 | D305: =AVERAGE(D208:D219) -> 1.6820342 | E305: =AVERAGE(E208:E219) -> 1.5346116 | F305: =AVERAGE(F208:F219) -> -0.34561572 | G305: =AVERAGE(G208:G219) -> 1.8584179 | H305: =AVERAGE(H208:H219) -> 1.7148507
A306: Average 2008 | B306: =AVERAGE(B220:B231) -> 0.89171636 | C306: =AVERAGE(C220:C231) -> 4.5618439 | D306: =AVERAGE(D220:D231) -> 1.1020922 | E306: =AVERAGE(E220:E231) -> 1.2273998 | F306: =AVERAGE(F220:F231) -> -1.5953463 | G306: =AVERAGE(G220:G231) -> 1.0425391 | H306: =AVERAGE(H220:H231) -> 1.4101265
A307: Average 2009 | B307: =AVERAGE(B232:B243) -> 0.8314552 | C307: =AVERAGE(C232:C243) -> -2.6455658 | D307: =AVERAGE(D232:D243) -> -0.045472568 | E307: =AVERAGE(E232:E243) -> -0.12405451 | F307: =AVERAGE(F232:F243) -> -2.4167577 | G307: =AVERAGE(G232:G243) -> 0.29736793 | H307: =AVERAGE(H232:H243) -> -0.38526988
A308: Average 2010 | B308: =AVERAGE(B244:B255) -> 1.9808792 | C308: =AVERAGE(C244:C255) -> -1.3188696 | D308: =AVERAGE(D244:D255) -> 0.35389267 | E308: =AVERAGE(E244:E255) -> 0.48956606 | F308: =AVERAGE(F244:F255) -> -1.8880531 | G308: =AVERAGE(G244:G255) -> 0.32866076 | H308: =AVERAGE(H244:H255) -> 0.46560625
A309: Average 2011 | B309: =AVERAGE(B256:B267) -> -0.58729159 | C309: =AVERAGE(C256:C267) -> 7.2551801 | D309: =AVERAGE(D256:D267) -> 0.59357464 | E309: =AVERAGE(E256:E267) -> 0.84921385 | F309: =AVERAGE(F256:F267) -> -1.8896299 | G309: =AVERAGE(G256:G267) -> 0.20924836 | H309: =AVERAGE(H256:H267) -> 1.1847983
A310: Average 2012 | B310: =AVERAGE(B268:B279) -> 0.63435324 | C310: =AVERAGE(C268:C279) -> 7.0343111 | D310: =AVERAGE(D268:D279) -> 0.80012499 | E310: =AVERAGE(E268:E279) -> 1.2850228 | F310: =AVERAGE(F268:F279) -> -2.6188154 | G310: =AVERAGE(G268:G279) -> 0.15831054 | H310: =AVERAGE(H268:H279) -> 1.5798303
A311: Average 2013 | B311: =AVERAGE(B280:B286) -> 0.26809563 | C311: =AVERAGE(C280:C286) -> -2.0247501 | D311: =AVERAGE(D280:D286) -> 0.37840792 | E311: =AVERAGE(E280:E286) -> 1.2304531 | F311: =AVERAGE(F280:F286) -> -1.2828342 | G311: =AVERAGE(G280:G286) -> 0.11104812 | H311: =AVERAGE(H280:H286) -> 0.46575757

Sheet Survey Results
A1: ECONOMIC SURVEYS
L4: RMB/BER Business Confidence Index | M4: FNB/BER Consumer Confidence Index | O4: Investec PMI Survey
K5: 32963 | L5: 47 | M5: 4 | N5: 36404 | O5: 50.236298
K6: 33054 | L6: 43 | M6: -6 | N6: 36434 | O6: 52.161135
K7: 33146 | L7: 29 | M7: 4 | N7: 36465 | O7: 56.223386
K8: 33238 | L8: 28 | M8: -4 | N8: 36495 | O8: 53.809905
K9: 33328 | L9: 30 | M9: -1 | N9: 36526 | O9: 57.858238
K10: 33419 | L10: 21 | M10: -5 | N10: 36557 | O10: 60.474655
K11: 33511 | L11: 17 | M11: 1 | N11: 36586 | O11: 49.040823
K12: 33603 | L12: 17 | M12: 0 | N12: 36617 | O12: 53.279102
K13: 33694 | L13: 18 | M13: 1 | N13: 36647 | O13: 50.592613
K14: 33785 | L14: 19 | M14: -4 | N14: 36678 | O14: 50.306086
K15: 33877 | L15: 15 | M15: -11 | N15: 36708 | O15: 48.742123
K16: 33969 | L16: 17 | M16: -8 | N16: 36739 | O16: 51.238169
... K79: 39698 | L79: 34 | M79: -1 | N79: 38657 | O79: 51.6172
K80: Dec-08 | L80: 33 | M80: -4 | N80: 38687 | O80: 52.622454
K81: Mar-09 | L81: 27 | M81: 1 | N81: 38718 | O81: 49.202369
K82: Jun-09 | L82: 26 | M82: 4 | N82: 38749 | O82: 50.616269
K83: Sep-09 | L83: 23 | M83: 1 | N83: 38777 | O83: 52.100158
K84: Dec-09 | L84: 28 | M84: 6 | N84: 38808 | O84: 54.543288
K85: Mar-10 | L85: 43 | M85: 15 | N85: 38838 | O85: 57.223268
K86: Jun-10 | L86: 36 | M86: 14 | N86: 38869 | O86: 60.906633
K87: Sep-10 | L87: 47 | M87: 15 | N87: 38899 | O87: 63.38034
K88: Dec-10 | L88: 44 | M88: 14 | N88: 38930 | O88: 60.364677
K89: Mar-11 | L89: 55 | M89: 9 | N89: 38961 | O89: 54.706738
K90: Jun-11 | L90: 48 | M90: 11 | N90: 38991 | O90: 55.083374
K91: Sep-11 | L91: 39 | M91: 4 | N91: 39022 | O91: 55.643947
K92: Dec-11 | L92: 38 | M92: 5 | N92: 39052 | O92: 54.632464
K93: 40980 | L93: 52 | M93: 5 | N93: 39083 | O93: 56.873846
K94: 41072 | L94: 41 | M94: -3 | N94: 39114 | O94: 61.055351
K95: 41255 | L95: 47 | M95: -1 | N95: 39142 | O95: 60.209674
K96: 41345 | L96: 52 | M96: -7 | N96: 39264 | O96: 60.216685
K97: 41438 | L97: 48 | M97: -11 | N97: 39295 | O97: 55.704623
N98: 39326 | O98: 49.988707
N99: 39356 | O99: 52.960071
N100: 39387 | O100: 53.107825
N101: 39417 | O101: 52.365554
N102: 39448 | O102: 50.434169
N103: 39479 | O103: 46.680542
N104: 39508 | O104: 44.266852
N105: 39539 | O105: 53.843506
N106: 39569 | O106: 49.287644
N107: 39600 | O107: 46.423257
N108: 39630 | O108: 46.387226
N109: 39661 | O109: 49.005977
... N167: 41426 | O167: 51.6

Sheet Civil Cases for Debt
B1: CIVIL CASES RECORDED AND SUMMONSES ISSUED FOR DEBT
B2: Business enterprises and private persons | C2: Business enterprises | D2: Private persons | E2: Cape Peninsula | F2: Port-Elizabeth | G2: East London | H2: Kimberley | I2: Pietermaritzburg | J2: Durban | K2: Johannesburg | L2: East Rand | M2: West Rand | N2: Pretoria | O2: Vereeniging and Vanderbijlpark | P2: Bloemfontein
A4: 32874 | B4: 70943 | C4: =B4-D4 -> 7043 | D4: 63900 | E4: 8867 | F4: 2420 | G4: 1229 | H4: 453 | I4: 2090 | J4: 4019 | K4: 6633 | L4: 5446 | M4: 2061 | N4: 5802 | O4: 1307 | P4: 1616
A5: 32905 | B5: 82517 | C5: =B5-D5 -> 5934 | D5: 76583 | E5: 13036 | F5: 3241 | G5: 1158 | H5: 467 | I5: 2370 | J5: 4308 | K5: 6131 | L5: 5136 | M5: 3102 | N5: 5759 | O5: 1686 | P5: 1866
A6: 32933 | B6: 90843 | C6: =B6-D6 -> 7775 | D6: 83068 | E6: 14624 | F6: 2730 | G6: 1259 | H6: 413 | I6: 2303 | J6: 6885 | K6: 7846 | L6: 6769 | M6: 2511 | N6: 6177 | O6: 1912 | P6: 2296
A7: 32964 | B7: 66749 | C7: =B7-D7 -> 6000 | D7: 60749 | E7: 8629 | F7: 2041 | G7: 834 | H7: 637 | I7: 2144 | J7: 4339 | K7: 5295 | L7: 4820 | M7: 2234 | N7: 4918 | O7: 1075 | P7: 1374
A8: 32994 | B8: 79789 | C8: =B8-D8 -> 6365 | D8: 73424 | E8: 11302 | F8: 2559 | G8: 1123 | H8: 630 | I8: 2401 | J8: 6638 | K8: 6852 | L8: 5284 | M8: 2376 | N8: 6180 | O8: 1272 | P8: 1933
A9: 33025 | B9: 88335 | C9: =B9-D9 -> 7585 | D9: 80750 | E9: 13169 | F9: 2182 | G9: 1191 | H9: 460 | I9: 2480 | J9: 6530 | K9: 8012 | L9: 6538 | M9: 2132 | N9: 6383 | O9: 2433 | P9: 2106
A10: 33055 | B10: 84744 | C10: =B10-D10 -> 7758 | D10: 76986 | E10: 11000 | F10: 2933 | G10: 1509 | H10: 622 | I10: 2678 | J10: 6271 | K10: 8850 | L10: 6219 | M10: 3172 | N10: 6543 | O10: 1764 | P10: 1850
A11: 33086 | B11: 86240 | C11: =B11-D11 -> 8039 | D11: 78201 | E11: 12620 | F11: 2854 | G11: 1121 | H11: 501 | I11: 2340 | J11: 6614 | K11: 9572 | L11: 6800 | M11: 2977 | N11: 6712 | O11: 1790 | P11: 1600
A12: 33117 | B12: 76912 | C12: =B12-D12 -> 6598 | D12: 70314 | E12: 11191 | F12: 1963 | G12: 848 | H12: 717 | I12: 1910 | J12: 6306 | K12: 10713 | L12: 5046 | M12: 2164 | N12: 5853 | O12: 1416 | P12: 1860
A13: 33147 | B13: 78936 | C13: =B13-D13 -> 6682 | D13: 72254 | E13: 11946 | F13: 2743 | G13: 1040 | H13: 513 | I13: 2604 | J13: 4655 | K13: 9134 | L13: 5490 | M13: 1917 | N13: 5495 | O13: 1461 | P13: 2268
A14: 33178 | B14: 87859 | C14: =B14-D14 -> 8042 | D14: 79817 | E14: 11879 | F14: 2358 | G14: 1592 | H14: 720 | I14: 2557 | J14: 6678 | K14: 10646 | L14: 6073 | M14: 1971 | N14: 6392 | O14: 1871 | P14: 1964
A15: 33208 | B15: 57913 | C15: =B15-D15 -> 5239 | D15: 52674 | E15: 8889 | F15: 2553 | G15: 761 | H15: 662 | I15: 1455 | J15: 3576 | K15: 6147 | L15: 4353 | M15: 1507 | N15: 3582 | O15: 1066 | P15: 1581
... A231: 39783 | B231: 93856 | C231: =B231-D231 -> 10503 | D231: 83353 | E231: 10378 | F231: 2546 | G231: 1451 | H231: 576 | I231: 1112 | J231: 8125 | K231: 16444 | L231: 4869 | M231: 1968 | N231: 7725 | O231: 816 | P231: 2206
A232: 39814 | B232: 113879 | C232: =B232-D232 -> 11497 | D232: 102382 | E232: 8353 | F232: 1955 | G232: 1259 | H232: 515 | I232: 1713 | J232: 7400 | K232: 20427 | L232: 5126 | M232: 2299 | N232: 10835 | O232: 1265 | P232: 4435 | Q232: 4435
A233: 39845 | B233: 134785 | C233: =B233-D233 -> 12832 | D233: 121953 | E233: 10331 | F233: 3211 | G233: 1619 | H233: 795 | I233: 1557 | J233: 7766 | K233: 22126 | L233: 5592 | M233: 2742 | N233: 12559 | O233: 1449 | P233: 3645 | Q233: 3645
A234: 39873 | B234: 144310 | C234: =B234-D234 -> 14279 | D234: 130031 | E234: 14242 | F234: 5191 | G234: 1759 | H234: 755 | I234: 1807 | J234: 7604 | K234: 20163 | L234: 5618 | M234: 4660 | N234: 14922 | O234: 2339 | P234: 3728 | Q234: 3728
A235: 39904 | B235: 115919 | C235: =B235-D235 -> 12619 | D235: 103300 | E235: 9791 | F235: 3286 | G235: 1384 | H235: 538 | I235: 1403 | J235: 7336 | K235: 18223 | L235: 4108 | M235: 2668 | N235: 9863 | O235: 1671 | P235: 2494 | Q235: 2494
A236: 39934 | B236: 129524 | C236: =B236-D236 -> 14672 | D236: 114852 | E236: 11016 | F236: 3555 | G236: 1439 | H236: 641 | I236: 1839 | J236: 7483 | K236: 20872 | L236: 4878 | M236: 3120 | N236: 11931 | O236: 3448 | P236: 3554 | Q236: 3554
A237: 39965 | B237: 144833 | C237: =B237-D237 -> 19141 | D237: 125692 | E237: 14060 | F237: 3298 | G237: 2364 | H237: 639 | I237: 1537 | J237: 7470 | K237: 24521 | L237: 4495 | M237: 3063 | N237: 12165 | O237: 2698 | P237: 2670 | Q237: 2670
A238: 39995 | B238: 153482 | C238: =B238-D238 -> 17762 | D238: 135720 | E238: 12682 | F238: 4276 | G238: 1620 | H238: 806 | I238: 1895 | J238: 7186 | K238: 26907 | L238: 4373 | M238: 3861 | N238: 17167 | O238: 2629 | P238: 3758 | Q238: 3758
A239: 40026 | B239: 146667 | C239: =B239-D239 -> 15828 | D239: 130839 | E239: 10659 | F239: 5756 | G239: 1721 | H239: 871 | I239: 1693 | J239: 7967 | K239: 22448 | L239: 3667 | M239: 3181 | N239: 21921 | O239: 2034 | P239: 2971 | Q239: 2971
A240: 40057 | B240: 137832 | C240: =B240-D240 -> 14790 | D240: 123042 | E240: 10082 | F240: 3067 | G240: 1394 | H240: 948 | I240: 2161 | J240: 8227 | K240: 25483 | L240: 4587 | M240: 2890 | N240: 11846 | O240: 2781 | P240: 3056 | Q240: 3056
A241: 40087 | B241: 138837 | C241: =B241-D241 -> 15929 | D241: 122908 | E241: 12376 | F241: 3973 | G241: 1349 | H241: 542 | I241: 2478 | J241: 7429 | K241: 20819 | L241: 4981 | M241: 3420 | N241: 11304 | O241: 1589 | P241: 3200 | Q241: 3200
A242: 40118 | B242: 136217 | C242: =B242-D242 -> 14061 | D242: 122156 | E242: 12435 | F242: 3747 | G242: 1395 | H242: 537 | I242: 2439 | J242: 7834 | K242: 20688 | L242: 4373 | M242: 3710 | N242: 11049 | O242: 1581 | P242: 4000 | Q242: 4000
A243: 40148 | B243: 98996 | C243: =B243-D243 -> 11556 | D243: 87440 | E243: 8605 | F243: 2101 | G243: 777 | H243: 439 | I243: 1096 | J243: 7469 | K243: 17460 | L243: 2703 | M243: 2496 | N243: 6799 | O243: 818 | P243: 3020 | Q243: 3020
... A270: 40969 | B270: 102190 | C270: =B270-D270 -> 10187 | D270: 92003 | E270: 6674 | F270: 11178 | G270: 160 | H270: 423 | I270: 2006 | J270: 3799 | K270: 10661 | L270: 5089 | M270: 6182 | N270: 7524 | O270: 1115 | P270: 2006 | Q270: 2006
A271: 41000 | B271: 80288 | C271: =B271-D271 -> 9249 | D271: 71039 | E271: 6630 | F271: 4986 | G271: 152 | H271: 350 | I271: 1591 | J271: 3374 | K271: 9428 | L271: 3524 | M271: 3944 | N271: 7098 | O271: 1083 | P271: 2194 | Q271: =I271+J271 -> 4965
A272: 41030 | B272: 91247 | C272: =B272-D272 -> 10727 | D272: 80520 | E272: 6931 | F272: 4543 | G272: 159 | H272: 537 | I272: 2411 | J272: 3355 | K272: 14658 | L272: 3973 | M272: 2492 | N272: 7892 | O272: 1041 | P272: 1891
A273: 41061 | B273: 84719 | C273: =B273-D273 -> 10002 | D273: 74717 | E273: 6655 | F273: 3038 | G273: 125 | H273: 590 | I273: 2048 | J273: 3373 | K273: 10056 | L273: 4548 | M273: 2500 | N273: 9580 | O273: 1079 | P273: 1976
A274: 41091 | B274: 82955 | C274: =B274-D274 -> 11069 | D274: 71886 | E274: 5643 | F274: 2626 | G274: 268 | H274: 297 | I274: 2685 | J274: 3332 | K274: 10834 | L274: 4596 | M274: 2144 | N274: 11884 | O274: 911 | P274: 1520
A275: 41122 | B275: 80514 | C275: =B275-D275 -> 12982 | D275: 67532 | E275: 6176 | F275: 2522 | G275: 193 | H275: 414 | I275: 2036 | J275: 3427 | K275: 11463 | L275: 3626 | M275: 2342 | N275: 8474 | O275: 1083 | P275: 1908
A276: 41153 | B276: 75358 | C276: =B276-D276 -> 13800 | D276: 61558 | E276: 5865 | F276: 1845 | G276: 159 | H276: 649 | I276: 1831 | J276: 3407 | K276: 12486 | L276: 3593 | M276: 2282 | N276: 7439 | O276: 1289 | P276: 1516
A277: 41183 | B277: 78038 | C277: =B277-D277 -> 14328 | D277: 63710 | E277: 5343 | F277: 2501 | G277: 197 | H277: 1053 | I277: 1551 | J277: 3642 | K277: 12909 | L277: 4725 | M277: 3018 | N277: 6855 | O277: 603 | P277: 1161
A278: 41214 | B278: 65490 | C278: =B278-D278 -> 5242 | D278: 60248 | E278: 5256 | F278: 2663 | G278: 184 | H278: 1150 | I278: 1310 | J278: 3490 | K278: 11312 | L278: 4018 | M278: 2393 | N278: 6770 | O278: 1270 | P278: 1400
A279: 41244 | B279: 43709 | C279: =B279-D279 -> 3289 | D279: 40420 | E279: 4639 | F279: 964 | G279: 142 | H279: 602 | I279: 1355 | J279: 3484 | K279: 6481 | L279: 2271 | M279: 1745 | N279: 3458 | O279: 596 | P279: 923
A280: 41275 | B280: 51965 | C280: =B280-D280 -> 5285 | D280: 46680 | E280: 3941 | F280: 1788 | G280: 123 | H280: 209 | I280: 1519 | J280: 2622 | K280: 8551 | L280: 3632 | M280: 1581 | N280: 5478 | O280: 548 | P280: 895
A281: 41306 | B281: 56582 | C281: =B281-D281 -> 2991 | D281: 53591 | E281: 4707 | F281: 2359 | G281: 43 | H281: 336 | I281: 1434 | J281: 2798 | K281: 9799 | L281: 4119 | M281: 2167 | N281: 5589 | O281: 1434 | P281: 1224
A282: 41334 | B282: 57217 | C282: =B282-D282 -> 4878 | D282: 52339 | E282: 5088 | F282: 2289 | G282: 205 | H282: 260 | I282: 1374 | J282: 442 | K282: 7800 | L282: 3360 | M282: 1782 | N282: 6092 | O282: 1033 | P282: 1407
A283: 41365 | B283: 67875 | C283: =B283-D283 -> 4540 | D283: 63335 | E283: 6817 | F283: 2425 | G283: 105 | H283: 325 | I283: 1675 | J283: 2901 | K283: 10481 | L283: 3689 | M283: 2240 | N283: 6435 | O283: 689 | P283: 1874
... A285: 41426 | B285: 67575 | C285: =B285-D285 -> 9196 | D285: 58379 | E285: 6039 | F285: 2696 | G285: 116 | H285: 350 | I285: 1888 | J285: 5456 | K285: 9217 | L285: 3425 | M285: 2401 | N285: 4473 | O285: 1623 | P285: 994
A287: Per Month
A288: Average 1990 | B288: =AVERAGE(B4:B15) -> 79315 | C288: =AVERAGE(C4:C15) -> 6921.6667 | D288: =AVERAGE(D4:D15) -> 72393.333 | E288: =AVERAGE(E4:E15) -> 11429.333 | F288: =AVERAGE(F4:F15) -> 2548.0833 | G288: =AVERAGE(G4:G15) -> 1138.75 | H288: =AVERAGE(H4:H15) -> 566.25 | I288: =AVERAGE(I4:I15) -> 2277.6667 | ... P288: =AVERAGE(P4:P15) -> 1859.5
A289: Average 1991 | B289: =AVERAGE(B16:B27) -> 86516.083 | C289: =AVERAGE(C16:C27) -> 9461 | D289: =AVERAGE(D16:D27) -> 77055.083 | E289: =AVERAGE(E16:E27) -> 11168.667 | F289: =AVERAGE(F16:F27) -> 2810.8333 | G289: =AVERAGE(G16:G27) -> 1085.0833 | H289: =AVERAGE(H16:H27) -> 809.75 | I289: =AVERAGE(I16:I27) -> 2328.6667 | ... P289: =AVERAGE(P16:P27) -> 1990.6667
A290: Average 1992 | B290: =AVERAGE(B28:B39) -> 92245.667 | C290: =AVERAGE(C28:C39) -> 9591 | D290: =AVERAGE(D28:D39) -> 82654.667 | E290: =AVERAGE(E28:E39) -> 12845.833 | F290: =AVERAGE(F28:F39) -> 2867.4167 | G290: =AVERAGE(G28:G39) -> 1189.4167 | H290: =AVERAGE(H28:H39) -> 923.66667 | I290: =AVERAGE(I28:I39) -> 2465.3333 | ... P290: =AVERAGE(P28:P39) -> 2765.3333
A291: Average 1993 | B291: =AVERAGE(B40:B51) -> 93186.083 | C291: =AVERAGE(C40:C51) -> 9983.1667 | D291: =AVERAGE(D40:D51) -> 83202.917 | E291: =AVERAGE(E40:E51) -> 14840.333 | F291: =AVERAGE(F40:F51) -> 3175.3333 | G291: =AVERAGE(G40:G51) -> 1394.0833 | H291: =AVERAGE(H40:H51) -> 701 | I291: =AVERAGE(I40:I51) -> 2588.8333 | ... P291: =AVERAGE(P40:P51) -> 2059.1667
A292: Average 1994 | B292: =AVERAGE(B52:B63) -> 90465.667 | C292: =AVERAGE(C52:C63) -> 9414.5833 | D292: =AVERAGE(D52:D63) -> 81051.083 | E292: =AVERAGE(E52:E63) -> 13318.917 | F292: =AVERAGE(F52:F63) -> 3347.75 | G292: =AVERAGE(G52:G63) -> 1363.5833 | H292: =AVERAGE(H52:H63) -> 684.58333 | I292: =AVERAGE(I52:I63) -> 2602.3333 | ... P292: =AVERAGE(P52:P63) -> 1823.75
A293: Average 1995 | B293: =AVERAGE(B64:B75) -> 97114.667 | C293: =AVERAGE(C64:C75) -> 10105.167 | D293: =AVERAGE(D64:D75) -> 87009.5 | E293: =AVERAGE(E64:E75) -> 13884.083 | F293: =AVERAGE(F64:F75) -> 3969.9167 | G293: =AVERAGE(G64:G75) -> 1287.0833 | H293: =AVERAGE(H64:H75) -> 901.91667 | I293: =AVERAGE(I64:I75) -> 2524.1667 | ... P293: =AVERAGE(P64:P75) -> 2024.0833
A294: Average 1996 | B294: =AVERAGE(B76:B87) -> 109131.08 | C294: =AVERAGE(C76:C87) -> 10276.417 | D294: =AVERAGE(D76:D87) -> 98854.667 | E294: =AVERAGE(E76:E87) -> 14210.333 | F294: =AVERAGE(F76:F87) -> 9179.3333 | G294: =AVERAGE(G76:G87) -> 1543.5833 | H294: =AVERAGE(H76:H87) -> 726.41667 | I294: =AVERAGE(I76:I87) -> 2612.25 | ... P294: =AVERAGE(P76:P87) -> 2085.5
A295: Average 1997 | B295: =AVERAGE(B88:B99) -> 123013.75 | C295: =AVERAGE(C88:C99) -> 13296.167 | D295: =AVERAGE(D88:D99) -> 109717.58 | E295: =AVERAGE(E88:E99) -> 15041.417 | F295: =AVERAGE(F88:F99) -> 11255.833 | G295: =AVERAGE(G88:G99) -> 1609.75 | H295: =AVERAGE(H88:H99) -> 655.16667 | I295: =AVERAGE(I88:I99) -> 2677.0833 | ... P295: =AVERAGE(P88:P99) -> 1659
A296: Average 1998 | B296: =AVERAGE(B100:B111) -> 125749.92 | C296: =AVERAGE(C100:C111) -> 11142.667 | D296: =AVERAGE(D100:D111) -> 114607.25 | E296: =AVERAGE(E100:E111) -> 15085.333 | F296: =AVERAGE(F100:F111) -> 11973.083 | G296: =AVERAGE(G100:G111) -> 2307.3333 | H296: =AVERAGE(H100:H111) -> 659.58333 | I296: =AVERAGE(I100:I111) -> 2446.8333 | ... P296: =AVERAGE(P100:P111) -> 1850.75
A297: Average 1999 | B297: =AVERAGE(B113:B123) -> 133194.91 | C297: =AVERAGE(C113:C123) -> 11338.545 | D297: =AVERAGE(D113:D123) -> 121856.36 | E297: =AVERAGE(E113:E123) -> 15573.455 | F297: =AVERAGE(F113:F123) -> 10900.636 | G297: =AVERAGE(G113:G123) -> 3180.6364 | H297: =AVERAGE(H113:H123) -> 1364.7273 | I297: =AVERAGE(I113:I123) -> 2836 | ... P297: =AVERAGE(P113:P123) -> 2518.3636
A298: Average 2000 | B298: =AVERAGE(B124:B135) -> 146605.75 | C298: =AVERAGE(C124:C135) -> 14473.167 | D298: =AVERAGE(D124:D135) -> 132132.58 | E298: =AVERAGE(E124:E135) -> 19018.167 | F298: =AVERAGE(F124:F135) -> 10275.25 | G298: =AVERAGE(G124:G135) -> 3248.6667 | H298: =AVERAGE(H124:H135) -> 1535 | I298: =AVERAGE(I124:I135) -> 3153.5833 | ... P298: =AVERAGE(P124:P135) -> 2950.3333
A299: Average 2001 | B299: =AVERAGE(B136:B146) -> 154353.45 | C299: =AVERAGE(C136:C146) -> 13568 | D299: =AVERAGE(D136:D146) -> 140785.45 | E299: =AVERAGE(E136:E146) -> 18077.182 | F299: =AVERAGE(F136:F146) -> 11671.636 | G299: =AVERAGE(G136:G146) -> 2860.0909 | H299: =AVERAGE(H136:H146) -> 1711.8182 | I299: =AVERAGE(I136:I146) -> 3867 | ... P299: =AVERAGE(P136:P146) -> 3855.1818
A300: Average 2002 | B300: =AVERAGE(B148:B159) -> 147338.08 | C300: =AVERAGE(C148:C159) -> 12216.083 | D300: =AVERAGE(D148:D159) -> 135122 | E300: =AVERAGE(E148:E159) -> 17641.167 | F300: =AVERAGE(F148:F159) -> 8641.0833 | G300: =AVERAGE(G148:G159) -> 2825.25 | H300: =AVERAGE(H148:H159) -> 1815.75 | I300: =AVERAGE(I148:I159) -> 3482.5833 | ... P300: =AVERAGE(P148:P159) -> 3741.25
A301: Average 2003 | B301: =AVERAGE(B160:B171) -> 150106.08 | C301: =AVERAGE(C160:C171) -> 10790.25 | D301: =AVERAGE(D160:D171) -> 139315.83 | E301: =AVERAGE(E160:E171) -> 16208.667 | F301: =AVERAGE(F160:F171) -> 7636 | G301: =AVERAGE(G160:G171) -> 3297.4167 | H301: =AVERAGE(H160:H171) -> 2367.5833 | I301: =AVERAGE(I160:I171) -> 2649 | ... P301: =AVERAGE(P160:P171) -> 6314.9167
A302: Average 2004 | B302: =AVERAGE(B172:B183) -> 132855.92 | C302: =AVERAGE(C172:C183) -> 10505.5 | D302: =AVERAGE(D172:D183) -> 122350.42 | E302: =AVERAGE(E172:E183) -> 12575.667 | F302: =AVERAGE(F172:F183) -> 7151.9167 | G302: =AVERAGE(G172:G183) -> 3283.5 | H302: =AVERAGE(H172:H183) -> 1145.8333 | I302: =AVERAGE(I172:I183) -> 1697.4167 | ... P302: =AVERAGE(P172:P183) -> 4905.1667
A303: Average 2005 | B303: =AVERAGE(B184:B195) -> 126176.25 | C303: =AVERAGE(C184:C195) -> 11757.167 | D303: =AVERAGE(D184:D195) -> 114419.08 | E303: =AVERAGE(E184:E195) -> 14542.583 | F303: =AVERAGE(F184:F195) -> 6129.9167 | G303: =AVERAGE(G184:G195) -> 3381.25 | H303: =AVERAGE(H184:H195) -> 812.41667 | I303: =AVERAGE(I184:I195) -> 1765.0833 | ... P303: =AVERAGE(P184:P195) -> 5215.1667
A304: Average 2006 | B304: =AVERAGE(B196:B207) -> 133642.42 | C304: =AVERAGE(C196:C207) -> 13443.333 | D304: =AVERAGE(D196:D207) -> 120199.08 | E304: =AVERAGE(E196:E207) -> 12963.667 | F304: =AVERAGE(F196:F207) -> 6090.9167 | G304: =AVERAGE(G196:G207) -> 4441.5 | H304: =AVERAGE(H196:H207) -> 520.25 | I304: =AVERAGE(I196:I207) -> 1589.75 | ... P304: =AVERAGE(P196:P207) -> 5301.3333
A305: Average 2007 | B305: =AVERAGE(B208:B219) -> 121662.25 | C305: =AVERAGE(C208:C219) -> 11793.333 | D305: =AVERAGE(D208:D219) -> 109868.92 | E305: =AVERAGE(E208:E219) -> 10314.083 | F305: =AVERAGE(F208:F219) -> 5780.3333 | G305: =AVERAGE(G208:G219) -> 2878.5833 | H305: =AVERAGE(H208:H219) -> 810.5 | I305: =AVERAGE(I208:I219) -> 1530.4167 | ... P305: =AVERAGE(P208:P219) -> 4033.5833
A306: Average 2008 | B306: =AVERAGE(B220:B231) -> 120223 | C306: =AVERAGE(C220:C231) -> 14792.917 | D306: =AVERAGE(D220:D231) -> 105430.08 | E306: =AVERAGE(E220:E231) -> 10293.75 | F306: =AVERAGE(F220:F231) -> 4785.6667 | G306: =AVERAGE(G220:G231) -> 1542.1667 | H306: =AVERAGE(H220:H231) -> 635.66667 | I306: =AVERAGE(I220:I231) -> 1694.0833 | ... P306: =AVERAGE(P220:P231) -> 2931.9167
A307: Average 2009 | B307: =AVERAGE(B232:B243) -> 132940.08 | C307: =AVERAGE(C232:C243) -> 14580.5 | D307: =AVERAGE(D232:D243) -> 118359.58 | E307: =AVERAGE(E232:E243) -> 11219.333 | F307: =AVERAGE(F232:F243) -> 3618 | G307: =AVERAGE(G232:G243) -> 1506.6667 | H307: =AVERAGE(H232:H243) -> 668.83333 | I307: =AVERAGE(I232:I243) -> 1801.5 | ... P307: =AVERAGE(P232:P243) -> 3377.5833
A308: Average 2010 | B308: =AVERAGE(B244:B255) -> 122443.5 | C308: =AVERAGE(C244:C255) -> 14191.5 | D308: =AVERAGE(D244:D255) -> 108252 | E308: =AVERAGE(E244:E255) -> 9838.8333 | F308: =AVERAGE(F244:F255) -> 3094.6667 | G308: =AVERAGE(G244:G255) -> 1318.5833 | H308: =AVERAGE(H244:H255) -> 437.16667 | I308: =AVERAGE(I244:I255) -> 1903 | ... P308: =AVERAGE(P244:P255) -> 5354.9167
A309: Average 2011 | B309: =AVERAGE(B256:B267) -> 102339.5 | C309: =AVERAGE(C256:C267) -> 12794.25 | D309: =AVERAGE(D256:D267) -> 89545.25 | E309: =AVERAGE(E256:E267) -> 6621.9167 | F309: =AVERAGE(F256:F267) -> 5002.0833 | G309: =AVERAGE(G256:G267) -> 981.83333 | H309: =AVERAGE(H256:H267) -> 403.5 | I309: =AVERAGE(I256:I267) -> 1383.75 | ... P309: =AVERAGE(P256:P267) -> 3462.25
A310: Average 2012 | B310: =AVERAGE(B268:B279) -> 79884.083 | C310: =AVERAGE(C268:C279) -> 9970.5 | D310: =AVERAGE(D268:D279) -> 69913.583 | E310: =AVERAGE(E268:E279) -> 6071.5833 | F310: =AVERAGE(F268:F279) -> 3981.1667 | G310: =AVERAGE(G268:G279) -> 195.66667 | H310: =AVERAGE(H268:H279) -> 591.33333 | I310: =AVERAGE(I268:I279) -> 1778.6667 | ... P310: =AVERAGE(P268:P279) -> 1695.3333
A311: Average 2013 | B311: =AVERAGE(B280:B285) -> 62264 | C311: =AVERAGE(C280:C285) -> 5674.5 | D311: =AVERAGE(D280:D285) -> 56589.5 | E311: =AVERAGE(E280:E285) -> 5437 | F311: =AVERAGE(F280:F285) -> 2421.1667 | G311: =AVERAGE(G280:G285) -> 112.83333 | H311: =AVERAGE(H280:H285) -> 338.16667 | I311: =AVERAGE(I280:I285) -> 1608.3333 | ... P311: =AVERAGE(P280:P285) -> 1288.8333
A313: Per Annum
A314: Year-on-Year1991 | B314: =(B289-B288)/B288*100 -> 9.0790939 | C314: =(C289-C288)/C288*100 -> 36.686732 | D314: =(D289-D288)/D288*100 -> 6.4394742 | E314: =(E289-E288)/E288*100 -> -2.2806813 | F314: =(F289-F288)/F288*100 -> 10.311672 | G314: =(G289-G288)/G288*100 -> -4.7127698 | H314: =(H289-H288)/H288*100 -> 43.002208 | I314: =(I289-I288)/I288*100 -> 2.2391336 | ... P314: =(P289-P288)/P288*100 -> 7.0538675
A315: Year-on-Year1992 | B315: =(B290-B289)/B289*100 -> 6.6225644 | C315: =(C290-C289)/C289*100 -> 1.3740619 | D315: =(D290-D289)/D289*100 -> 7.2669876 | E315: =(E290-E289)/E289*100 -> 15.016713 | F315: =(F290-F289)/F289*100 -> 2.0130448 | G315: =(G290-G289)/G289*100 -> 9.6152369 | H315: =(H290-H289)/H289*100 -> 14.068128 | I315: =(I290-I289)/I289*100 -> 5.8688806 | ... P315: =(P290-P289)/P289*100 -> 38.914936
A316: Year-on-Year1993 | B316: =(B291-B290)/B290*100 -> 1.0194697 | C316: =(C291-C290)/C290*100 -> 4.0889028 | D316: =(D291-D290)/D290*100 -> 0.66330193 | E316: =(E291-E290)/E290*100 -> 15.526435 | F316: =(F291-F290)/F290*100 -> 10.73847 | G316: =(G291-G290)/G290*100 -> 17.207315 | H316: =(H291-H290)/H290*100 -> -24.106821 | I316: =(I291-I290)/I290*100 -> 5.0094646 | ... P316: =(P291-P290)/P290*100 -> -25.536403
A317: Year-on-Year1994 | B317: =(B292-B291)/B291*100 -> -2.9193379 | C317: =(C292-C291)/C291*100 -> -5.6954206 | D317: =(D292-D291)/D291*100 -> -2.5862475 | E317: =(E292-E291)/E291*100 -> -10.251904 | F317: =(F292-F291)/F291*100 -> 5.4298761 | G317: =(G292-G291)/G291*100 -> -2.1878176 | H317: =(H292-H291)/H291*100 -> -2.3418925 | I317: =(I292-I291)/I291*100 -> 0.52147042 | ... P317: =(P292-P291)/P291*100 -> -11.432618
A318: Year-on-Year1995 | B318: =(B293-B292)/B292*100 -> 7.3497496 | C318: =(C293-C292)/C292*100 -> 7.3352512 | D318: =(D293-D292)/D292*100 -> 7.3514337 | E318: =(E293-E292)/E292*100 -> 4.2433381 | F318: =(F293-F292)/F292*100 -> 18.584622 | G318: =(G293-G292)/G292*100 -> -5.6102182 | H318: =(H293-H292)/H292*100 -> 31.746805 | I318: =(I293-I292)/I292*100 -> -3.0037146 | ... P318: =(P293-P292)/P292*100 -> 10.984693
A319: Year-on-Year1996 | B319: =(B294-B293)/B293*100 -> 12.373431 | C319: =(C294-C293)/C293*100 -> 1.6946776 | D319: =(D294-D293)/D293*100 -> 13.613648 | E319: =(E294-E293)/E293*100 -> 2.349813 | F319: =(F294-F293)/F293*100 -> 131.22232 | G319: =(G294-G293)/G293*100 -> 19.92878 | H319: =(H294-H293)/H293*100 -> -19.45856 | I319: =(I294-I293)/I293*100 -> 3.4896005 | ... P319: =(P294-P293)/P293*100 -> 3.0342954
A320: Year-on-Year1997 | B320: =(B295-B294)/B294*100 -> 12.721093 | C320: =(C295-C294)/C294*100 -> 29.385243 | D320: =(D295-D294)/D294*100 -> 10.988775 | E320: =(E295-E294)/E294*100 -> 5.8484436 | F320: =(F295-F294)/F294*100 -> 22.621469 | G320: =(G295-G294)/G294*100 -> 4.2865627 | H320: =(H295-H294)/H294*100 -> -9.8084203 | I320: =(I295-I294)/I294*100 -> 2.4818962 | ... P320: =(P295-P294)/P294*100 -> -20.450731
A321: Year-on-Year1998 | B321: =(B296-B295)/B295*100 -> 2.2242771 | C321: =(C296-C295)/C295*100 -> -16.196397 | D321: =(D296-D295)/D295*100 -> 4.4565935 | E321: =(E296-E295)/E295*100 -> 0.29197161 | F321: =(F296-F295)/F295*100 -> 6.3722514 | G321: =(G296-G295)/G295*100 -> 43.334886 | H321: =(H296-H295)/H295*100 -> 0.67412872 | I321: =(I296-I295)/I295*100 -> -8.6007782 | ... P321: =(P296-P295)/P295*100 -> 11.558168
A322: Year-on-Year1999 | B322: =(B297-B296)/B296*100 -> 5.920475 | C322: =(C297-C296)/C296*100 -> 1.7579166 | D322: =(D297-D296)/D296*100 -> 6.3251789 | E322: =(E297-E296)/E296*100 -> 3.2357337 | F322: =(F297-F296)/F296*100 -> -8.9571495 | G322: =(G297-G296)/G296*100 -> 37.849019 | H322: =(H297-H296)/H296*100 -> 106.90748 | I322: =(I297-I296)/I296*100 -> 15.904911 | ... P322: =(P297-P296)/P296*100 -> 36.0726
A323: Year-on-Year2000 | B323: =(B298-B297)/B297*100 -> 10.068584 | C323: =(C298-C297)/C297*100 -> 27.645708 | D323: =(D298-D297)/D297*100 -> 8.4330595 | E323: =(E298-E297)/E297*100 -> 22.119127 | F323: =(F298-F297)/F297*100 -> -5.7371546 | G323: =(G298-G297)/G297*100 -> 2.1388897 | H323: =(H298-H297)/H297*100 -> 12.476685 | I323: =(I298-I297)/I297*100 -> 11.198284 | ... P323: =(P298-P297)/P297*100 -> 17.152793
A324: Year-on-Year2001 | B324: =(B299-B298)/B298*100 -> 5.2847208 | C324: =(C299-C298)/C298*100 -> -6.2541024 | D324: =(D299-D298)/D298*100 -> 6.5486279 | E324: =(E299-E298)/E298*100 -> -4.947821 | F324: =(F299-F298)/F298*100 -> 13.589804 | G324: =(G299-G298)/G298*100 -> -11.961084 | H324: =(H299-H298)/H298*100 -> 11.5191 | I324: =(I299-I298)/I298*100 -> 22.622414 | ... P324: =(P299-P298)/P298*100 -> 30.669365
A325: Year-on-Year2002 | B325: =(B300-B299)/B299*100 -> -4.5450043 | C325: =(C300-C299)/C299*100 -> -9.9640085 | D325: =(D300-D299)/D299*100 -> -4.0227554 | E325: =(E300-E299)/E299*100 -> -2.4119642 | F325: =(F300-F299)/F299*100 -> -25.965108 | G325: =(G300-G299)/G299*100 -> -1.2181749 | H325: =(H300-H299)/H299*100 -> 6.0714286 | I325: =(I300-I299)/I299*100 -> -9.9409534 | ... P325: =(P300-P299)/P299*100 -> -2.9552904
... A336: Year-on-Year2013 | B336: =(B311-B310)/B310*100 -> -22.057064 | C336: =(C311-C310)/C310*100 -> -43.087107 | D336: =(D311-D310)/D310*100 -> -19.057932 | E336: =(E311-E310)/E310*100 -> -10.451694 | F336: =(F311-F310)/F310*100 -> -39.184494 | G336: =(G311-G310)/G310*100 -> -42.333901 | H336: =(H311-H310)/H310*100 -> -42.812852 | I336: =(I311-I310)/I310*100 -> -9.5764618 | ... P336: =(P311-P310)/P310*100 -> -23.977586
N394: As a % of Total
M395: KZN | N395: =(I288+J288)/SUM(E288:P288)*100 -> 16.082312
N418: As a % of Total
M419: KZN | N419: =(I298+J298)/SUM(E298:P298)*100 -> 15.083797
N441: As a % of Total
M442: KZN | N442: =(I306+J306)/SUM(E306:P306)*100 -> 12.314085
N467: As a % of Total
M468: KZN | N468: =(I307+J307)/SUM(E307:P307)*100 -> 12.717432
N495: As a % of Total
M496: KZN | N496: =(I308+J308)/SUM(E308:P308)*100 -> 13.29531
N523: As a % of Total
M524: KZN | N524: =(I309+J309)/SUM(E309:P309)*100 -> 11.698568
N548: As a % of Total
M549: KZN | N549: =(I310+J310)/SUM(E310:P310)*100 -> 11.883718

Sheet Inflation
B1: KZN - CONSUMER PRICE INDEX RECLASSIFIED (BASE 2012 = 100)
B2: All Items | C2: Food and non alcoholic beverages | D2: Food | E2: Bread and cereals | F2: Meat | G2: Fish | H2: Milk, eggs and cheese | I2: Oils and fats | J2: Fruit | K2: Vegetables | L2: Sugar, sweets and deserts | M2: Other food | N2: Non-alcoholic beverages | O2: Hot beverages | P2: Cold beverages | Q2: Alcoholic beverages and tobacco | R2: Alcoholic beverages | S2: Spirits | T2: Wine | U2: Beer | V2: Tobacco | W2: Clothing and footwear | X2: Clothing | Y2: Footwear | Z2: Housing and utilities | AA2: Actual rentals for housing | AB2: Owners equivalent rent | AC2: Maintenance and repair | AD2: Water and other services | AE2: Electricity and other fuels | AF2: Household contents and equipment | AG2: Furnishings, floor coverings and textiles | AH2: Appliances, tableware and equipment | AI2: Supplies and services | AJ2: Health | AK2: Transport | AL2: Purchase of vehicles | AM2: Private transport operation | AN2: Petrol | AO2: Other running costs | AP2: Public transport | AQ2: Communication | AR2: Postal services and telecommunication equipment | AS2: Telecmmunication services | AT2: Recreation and culture | AU2: Recreational equipment | AV2: Recreational and cultural services | AW2: Books, newspapers and stationery | AX2: Package holidays | AY2: Education | AZ2: Restaurants and hotels | BA2: Restaurants | BB2: Hotels | BC2: Miscellaneous goods and services | BD2: Personal care | BE2: Insurance | BF2: Financial services | BG2: Other services
A3: 39448 | B3: 75.5 | C3: 70.7 | D3: 70.8 | E3: 65.3 | F3: 76.5 | G3: 68.3 | H3: 73.2 | I3: 67.6 | J3: 96.6 | K3: 72.8 | L3: 64.9 | M3: 66 | N3: 69.4 | O3: 65.1 | P3: 70.6 | Q3: 67 | R3: 69.4 | S3: 73.4 | T3: 72.3 | U3: 66.5 | V3: 63.4 | W3: 89.2 | X3: 89.3 | Y3: 89.1 | Z3: 72.4 | AA3: 78.5 | AB3: 80.3 | AC3: 64.5 | AD3: 72.3 | AE3: 49.6 | AF3: 86.6 | AG3: 105 | AH3: 88 | AI3: 73.9 | AJ3: 70.5 | AK3: 78.9 | AL3: 94.8 | AM3: 64.8 | AN3: 62.2 | AO3: 72.2 | AP3: 69.4 | AQ3: 104.8 | AR3: 96.5 | AS3: 260.6 | AT3: 84.5 | AU3: 98.3 | AV3: 71.9 | AW3: 72.9 | AY3: 69.1 | AZ3: 73.2 | BA3: 71 | BB3: 75.6 | BC3: 72.5 | BD3: 79 | BE3: 71.3 | BF3: 70.7 | BG3: 72.2
A4: 39479 | B4: 75.9 | C4: 71 | D4: 71 | E4: 67.3 | F4: 75.2 | G4: 68.5 | H4: 74.1 | I4: 69.4 | J4: 94.1 | K4: 72.6 | L4: 63.7 | M4: 66 | N4: 69.3 | O4: 65 | P4: 70.6 | Q4: 67.7 | R4: 70.6 | S4: 73.4 | T4: 72.6 | U4: 68.5 | V4: 63.4 | W4: 89.3 | X4: 89.4 | Y4: 89.3 | Z4: 72.4 | AA4: 78.5 | AB4: 80.3 | AC4: 64.5 | AD4: 72.3 | AE4: 49.6 | AF4: 86.6 | AG4: 105.3 | AH4: 87.9 | AI4: 73.8 | AJ4: 73.9 | AK4: 79.2 | AL4: 94.7 | AM4: 65.8 | AN4: 63.6 | AO4: 72.3 | AP4: 69.4 | AQ4: 104.5 | AR4: 96.5 | AS4: 255.5 | AT4: 85.1 | AU4: 100 | AV4: 71.5 | AW4: 72.2 | AY4: 69.1 | AZ4: 73.9 | BA4: 71.3 | BB4: 76.8 | BC4: 74.1 | BD4: 79.4 | BE4: 74.4 | BF4: 70.7 | BG4: 72.2
A5: 39508 | B5: 76.5 | C5: 71.4 | D5: 71.4 | E5: 69.3 | F5: 74.2 | G5: 69.5 | H5: 76 | I5: 79.4 | J5: 85.1 | K5: 69.3 | L5: 62.8 | M5: 67.8 | N5: 71.9 | O5: 65.3 | P5: 73.8 | Q5: 69.5 | R5: 71.4 | S5: 74.9 | T5: 74.9 | U5: 68.7 | V5: 66.6 | W5: 89.5 | X5: 89.8 | Y5: 89.3 | Z5: 73.5 | AA5: 80.4 | AB5: 82.1 | AC5: 64.8 | AD5: 72.3 | AE5: 50 | AF5: 87.1 | AG5: 104.2 | AH5: 89.3 | AI5: 75.1 | AJ5: 74 | AK5: 78.8 | AL5: 94.8 | AM5: 70 | AN5: 68.8 | AO5: 73.4 | AP5: 63.4 | AQ5: 104.4 | AR5: 96.5 | AS5: 252.8 | AT5: 85.1 | AU5: 99.7 | AV5: 71.6 | AW5: 72.7 | AY5: 72.7 | AZ5: 74.9 | BA5: 71.9 | BB5: 78.4 | BC5: 74.2 | BD5: 79.8 | BE5: 74.4 | BF5: 70.7 | BG5: 72.2
A6: 39539 | B6: 77.2 | C6: 72.5 | D6: 72.6 | E6: 70.2 | F6: 74.6 | G6: 70.5 | H6: 77.6 | I6: 85.8 | J6: 87.9 | K6: 69.3 | L6: 64.9 | M6: 68.4 | N6: 72 | O6: 65.9 | P6: 73.7 | Q6: 70.7 | R6: 73.2 | S6: 76.8 | T6: 75 | U6: 70.8 | V6: 67.3 | W6: 89.7 | X6: 89.9 | Y6: 89.5 | Z6: 73.7 | AA6: 80.4 | AB6: 82.1 | AC6: 65.1 | AD6: 72.3 | AE6: 50.7 | AF6: 88 | AG6: 105.7 | AH6: 89.7 | AI6: 75.6 | AJ6: 74 | AK6: 80.1 | AL6: 94.6 | AM6: 74.4 | AN6: 74.4 | AO6: 74.3 | AP6: 63.4 | AQ6: 104.3 | AR6: 96.1 | AS6: 257 | AT6: 86.4 | AU6: 101.4 | AV6: 72.2 | AW6: 74.5 | AY6: 72.7 | AZ6: 75.3 | BA6: 72.5 | BB6: 78.4 | BC6: 74.7 | BD6: 80.6 | BE6: 74.4 | BF6: 70.7 | BG6: 73.5
A7: 39569 | B7: 77.7 | C7: 74 | D7: 74.1 | E7: 74.3 | F7: 74.9 | G7: 73.9 | H7: 78.5 | I7: 88 | J7: 77 | K7: 70.1 | L7: 65 | M7: 70.3 | N7: 72.8 | O7: 66.7 | P7: 74.5 | Q7: 71.2 | R7: 73.9 | S7: 77 | T7: 76.3 | U7: 71.6 | V7: 67.4 | W7: 89.8 | X7: 89.9 | Y7: 89.8 | Z7: 73.8 | AA7: 80.4 | AB7: 82.1 | AC7: 66.1 | AD7: 72.3 | AE7: 51 | AF7: 87.9 | AG7: 104.2 | AH7: 90.9 | AI7: 76 | AJ7: 74.5 | AK7: 81.1 | AL7: 94.3 | AM7: 78 | AN7: 79.1 | AO7: 74.9 | AP7: 63.4 | AQ7: 104.2 | AR7: 96.1 | AS7: 254.3 | AT7: 87.8 | AU7: 102.7 | AV7: 72.4 | AW7: 77.4 | AY7: 72.7 | AZ7: 76 | BA7: 73.3 | BB7: 79.1 | BC7: 74.7 | BD7: 81.1 | BE7: 74.4 | BF7: 70.7 | BG7: 73.5
A8: 39600 | B8: 79.2 | C8: 75.4 | D8: 75.5 | E8: 77.5 | F8: 76.1 | G8: 75.8 | H8: 79.5 | I8: 87.4 | J8: 77.5 | K8: 70.3 | L8: 64.2 | M8: 71.4 | N8: 73.5 | O8: 68.6 | P8: 74.8 | Q8: 71.4 | R8: 74.1 | S8: 77.7 | T8: 76.3 | U8: 71.5 | V8: 67.4 | W8: 89.9 | X8: 90 | Y8: 89.9 | Z8: 75.7 | AA8: 83.3 | AB8: 85.4 | AC8: 67 | AD8: 72.3 | AE8: 50.7 | AF8: 89.3 | AG8: 106.5 | AH8: 90.8 | AI8: 77.3 | AJ8: 74.7 | AK8: 85 | AL8: 95.3 | AM8: 81.3 | AN8: 83.3 | AO8: 75.3 | AP8: 72.7 | AQ8: 104.1 | AR8: 96.1 | AS8: 252.5 | AT8: 87.9 | AU8: 103.6 | AV8: 72.7 | AW8: 75.8 | AY8: 72.7 | AZ8: 77.1 | BA8: 74.1 | BB8: 80.4 | BC8: 74.7 | BD8: 81.3 | BE8: 74.4 | BF8: 70.7 | BG8: 73.5
A9: 39630 | B9: 80.6 | C9: 77.2 | D9: 77.4 | E9: 80.1 | F9: 77.8 | G9: 76.8 | H9: 81.1 | I9: 90.3 | J9: 77.7 | K9: 71 | L9: 67.6 | M9: 73.3 | N9: 74 | O9: 69.1 | P9: 75.4 | Q9: 71.9 | R9: 74.7 | S9: 78.1 | T9: 76.8 | U9: 72.5 | V9: 67.7 | W9: 89.8 | X9: 89.9 | Y9: 89.9 | Z9: 78.2 | AA9: 83.3 | AB9: 85.4 | AC9: 67.7 | AD9: 76.8 | AE9: 60.5 | AF9: 90.1 | AG9: 107.1 | AH9: 92.8 | AI9: 77.8 | AJ9: 75.1 | AK9: 86.5 | AL9: 95.7 | AM9: 85.6 | AN9: 89.2 | AO9: 75.4 | AP9: 73 | AQ9: 104 | AR9: 96.1 | AS9: 250.8 | AT9: 88.7 | AU9: 105.2 | AV9: 72.6 | AW9: 76.2 | AY9: 72.7 | AZ9: 77.3 | BA9: 74.3 | BB9: 80.7 | BC9: 75.6 | BD9: 81.6 | BE9: 74.6 | BF9: 73 | BG9: 75
A10: 39661 | B10: 81.1 | C10: 78.2 | D10: 78.6 | E10: 82.4 | F10: 77.8 | G10: 78.2 | H10: 82.9 | I10: 91.3 | J10: 77.1 | K10: 70.9 | L10: 69.5 | M10: 74.3 | N10: 74.6 | O10: 70.9 | P10: 75.7 | Q10: 72.7 | R10: 74.3 | S10: 78.1 | T10: 75.5 | U10: 71.8 | V10: 70.4 | W10: 90.5 | X10: 90.4 | Y10: 90.5 | Z10: 78.5 | AA10: 83.3 | AB10: 85.4 | AC10: 72.3 | AD10: 76.8 | AE10: 60.5 | AF10: 90.8 | AG10: 108.7 | AH10: 93.8 | AI10: 77.8 | AJ10: 75 | AK10: 85.9 | AL10: 95.5 | AM10: 83.9 | AN10: 86.8 | AO10: 75.4 | AP10: 73 | AQ10: 105.2 | AR10: 97.8 | AS10: 245 | AT10: 90.7 | AU10: 108.5 | AV10: 72.8 | AW10: 77.6 | AY10: 72.7 | AZ10: 79 | BA10: 74.9 | BB10: 83.4 | BC10: 75.8 | BD10: 82.4 | BE10: 74.6 | BF10: 74.1 | BG10: 75
A11: 39692 | B11: 81.5 | C11: 78.8 | D11: 79 | E11: 83.5 | F11: 77.8 | G11: 79.3 | H11: 84 | I11: 91.6 | J11: 80.1 | K11: 69.6 | L11: 69.9 | M11: 75.5 | N11: 76 | O11: 72.1 | P11: 77 | Q11: 73.5 | R11: 75.1 | S11: 78.7 | T11: 77 | U11: 72.7 | V11: 71.3 | W11: 90.5 | X11: 90.6 | Y11: 90.7 | Z11: 79 | AA11: 84.3 | AB11: 86.1 | AC11: 73.2 | AD11: 76.8 | AE11: 61 | AF11: 91.6 | AG11: 108.9 | AH11: 94.8 | AI11: 79 | AJ11: 75 | AK11: 85.5 | AL11: 96.4 | AM11: 79.7 | AN11: 80.7 | AO11: 76.9 | AP11: 74.6 | AQ11: 105.1 | AR11: 97.8 | AS11: 243.5 | AT11: 91.4 | AU11: 110.1 | AV11: 74.1 | AW11: 75.8 | AY11: 72.7 | AZ11: 77.6 | BA11: 74.7 | BB11: 80.8 | BC11: 76.6 | BD11: 83.7 | BE11: 74.6 | BF11: 79.7 | BG11: 75
A12: 39722 | B12: 81.9 | C12: 79.8 | D12: 80 | E12: 84.9 | F12: 77.7 | G12: 80.6 | H12: 84.5 | I12: 92.7 | J12: 77.2 | K12: 72.9 | L12: 69.9 | M12: 77.1 | N12: 76.5 | O12: 73.6 | P12: 77.3 | Q12: 73.6 | R12: 74.7 | S12: 78.5 | T12: 76.9 | U12: 72.1 | V12: 72 | W12: 90.9 | X12: 91 | Y12: 91 | Z12: 78.9 | AA12: 84.3 | AB12: 86.1 | AC12: 73.4 | AD12: 76.8 | AE12: 60.6 | AF12: 91.9 | AG12: 109.4 | AH12: 94.5 | AI12: 79.3 | AJ12: 75 | AK12: 85 | AL12: 96.4 | AM12: 78.2 | AN12: 78.5 | AO12: 77.2 | AP12: 74.6 | AQ12: 105.3 | AR12: 97.8 | AS12: 246.5 | AT12: 91.6 | AU12: 110.6 | AV12: 74.1 | AW12: 75.5 | AY12: 72.7 | AZ12: 79.2 | BA12: 77.8 | BB12: 80.7 | BC12: 78.2 | BD12: 85.5 | BE12: 74.6 | BF12: 79.7 | BG12: 80.1
A13: 39753 | B13: 81.9 | C13: 80.1 | D13: 80.4 | E13: 84.5 | F13: 78.4 | G13: 84 | H13: 84.5 | I13: 91.5 | J13: 85.2 | K13: 73.8 | L13: 69.7 | M13: 77.9 | N13: 77.1 | O13: 76.2 | P13: 77.5 | Q13: 73.8 | R13: 75 | S13: 79 | T13: 76.9 | U13: 72.2 | V13: 72.2 | W13: 90.7 | X13: 90.6 | Y13: 91.1 | Z13: 79 | AA13: 84.3 | AB13: 86.1 | AC13: 74.3 | AD13: 76.8 | AE13: 60.6 | AF13: 91.8 | AG13: 109.1 | AH13: 94.5 | AI13: 79.3 | AJ13: 75.6 | AK13: 84.1 | AL13: 96.2 | AM13: 75.5 | AN13: 74.7 | AO13: 77.8 | AP13: 74.6 | AQ13: 105.3 | AR13: 97.8 | AS13: 246.7 | AT13: 93.5 | AU13: 112.5 | AV13: 74.1 | AW13: 80.3 | AY13: 72.7 | AZ13: 80.3 | BA13: 78.1 | BB13: 82.6 | BC13: 78.4 | BD13: 86.9 | BE13: 74.6 | BF13: 79.9 | BG13: 80.1
A14: 39783 | B14: 82 | C14: 80.8 | D14: 81 | E14: 85.3 | F14: 79.5 | G14: 83.8 | H14: 84.9 | I14: 89.8 | J14: 90.3 | K14: 75.2 | L14: 68.1 | M14: 77.1 | N14: 78 | O14: 78.4 | P14: 78 | Q14: 73.7 | R14: 74.7 | S14: 78.2 | T14: 76.6 | U14: 72.3 | V14: 72.2 | W14: 91.2 | X14: 91.3 | Y14: 91 | Z14: 80.2 | AA14: 85.9 | AB14: 87.9 | AC14: 77 | AD14: 76.8 | AE14: 60.6 | AF14: 91.9 | AG14: 108.1 | AH14: 94 | AI14: 80.3 | AJ14: 75.5 | AK14: 81.7 | AL14: 96.5 | AM14: 65.8 | AN14: 61.1 | AO14: 79.4 | AP14: 75.8 | AQ14: 105.4 | AR14: 97.8 | AS14: 250.3 | AT14: 92.9 | AU14: 111.8 | AV14: 74.6 | AW14: 78.3 | AY14: 72.7 | AZ14: 81.6 | BA14: 78.9 | BB14: 84.5 | BC14: 78.4 | BD14: 87.2 | BE14: 74.6 | BF14: 79.9 | BG14: 80.1
... A61: 41214 | B61: 99.7 | C61: 99.6 | D61: 99.6 | E61: 99.2 | F61: 99.2 | G61: 99.3 | H61: 98.9 | I61: 99 | J61: 97.4 | K61: 101.9 | L61: 100.4 | M61: 99.8 | N61: 99.9 | O61: 99.3 | P61: 100 | Q61: 100.1 | R61: 100.1 | S61: 100.8 | T61: 100.5 | U61: 99.7 | V61: 100 | W61: 99.9 | X61: 100 | Y61: 99.8 | Z61: 99.3 | AA61: 99 | AB61: 98.9 | AC61: 100 | AD61: 100 | AE61: 99.7 | AF61: 100.1 | AG61: 100.2 | AH61: 102 | AI61: 99.4 | AJ61: 100 | AK61: 99.7 | AL61: 100.1 | AM61: 100.5 | AN61: 100.8 | AO61: 99.8 | AP61: 98 | AQ61: 100 | AR61: 100 | AS61: 100.8 | AT61: 100.2 | AU61: 99.7 | AV61: 100 | AW61: 101.4 | AY61: 100 | AZ61: 99.5 | BA61: 99.5 | BB61: 99.4 | BC61: 99.8 | BD61: 98.4 | BE61: 100 | BF61: 100 | BG61: 100
A62: 41244 | B62: 100 | C62: 100 | D62: 100 | E62: 100 | F62: 100 | G62: 100 | H62: 100 | I62: 100 | J62: 100 | K62: 100 | L62: 100 | M62: 100 | N62: 100 | O62: 100 | P62: 100 | Q62: 100 | R62: 100 | S62: 100 | T62: 100 | U62: 100 | V62: 100 | W62: 100 | X62: 100 | Y62: 100 | Z62: 100 | AA62: 100 | AB62: 100 | AC62: 100 | AD62: 100 | AE62: 100 | AF62: 100 | AG62: 100 | AH62: 100 | AI62: 100 | AJ62: 100 | AK62: 100 | AL62: 100 | AM62: 100 | AN62: 100 | AO62: 100 | AP62: 100 | AQ62: 100 | AR62: 100 | AS62: 100 | AT62: 100 | AU62: 100 | AV62: 100 | AW62: 100 | AX62: 100 | AY62: 100 | AZ62: 100 | BA62: 100 | BB62: 100 | BC62: 100 | BD62: 100 | BE62: 100 | BF62: 100 | BG62: 100
A63: 41275 | B63: 100.1 | C63: 100.3 | D63: 100.2 | E63: 99.9 | F63: 99 | G63: 100.1 | H63: 100.1 | I63: 100 | J63: 102.5 | K63: 103.4 | L63: 100.4 | M63: 100.7 | N63: 101 | O63: 101.5 | P63: 100.8 | Q63: 100.5 | R63: 100.8 | S63: 102.5 | T63: 100 | U63: 100.4 | V63: 99.9 | W63: 100.3 | X63: 100.3 | Y63: 100.3 | Z63: 100 | AA63: 100 | AB63: 100 | AC63: 100.3 | AD63: 100 | AE63: 100 | AF63: 100.4 | AG63: 99.6 | AH63: 101.1 | AI63: 100.5 | AJ63: 100.1 | AK63: 99.8 | AL63: 100.5 | AM63: 99.1 | AN63: 98.8 | AO63: 100 | AP63: 100 | AQ63: 100 | AR63: 100 | AS63: 99.4 | AT63: 100 | AU63: 100.2 | AV63: 100 | AW63: 97.7 | AX63: 107.6 | AY63: 100 | AZ63: 100 | BA63: 100.1 | BB63: 99.6 | BC63: 100.6 | BD63: 99.9 | BE63: 100 | BF63: 104.5 | BG63: 101.4
A64: 41306 | B64: 101.1 | C64: 100 | D64: 100 | E64: 99.5 | F64: 98.5 | G64: 98.8 | H64: 102.5 | I64: 99.7 | J64: 103.3 | K64: 101.7 | L64: 101.2 | M64: 101.2 | N64: 101 | O64: 103.2 | P64: 100.3 | Q64: 101.4 | R64: 101.9 | S64: 102.8 | T64: 99.9 | U64: 102.2 | V64: 99.9 | W64: 100.1 | X64: 100.3 | Y64: 99.7 | Z64: 100 | AA64: 100 | AB64: 100 | AC64: 100.2 | AD64: 100 | AE64: 100 | AF64: 100.2 | AG64: 99.3 | AH64: 100.8 | AI64: 100.4 | AJ64: 102.8 | AK64: 101 | AL64: 100.7 | AM64: 101.9 | AN64: 102.3 | AO64: 100.2 | AP64: 100.1 | AQ64: 99.7 | AR64: 100 | AS64: 95.6 | AT64: 101.1 | AU64: 100.4 | AV64: 101.6 | AW64: 99.8 | AX64: 105.7 | AY64: 100 | AZ64: 100.4 | BA64: 100.3 | BB64: 100.6 | BC64: 105.7 | BD64: 99.5 | BE64: 108 | BF64: 104.5 | BG64: 101.4
A65: 41334 | B65: 102.3 | C65: 100.4 | D65: 100.4 | E65: 99.3 | F65: 99.1 | G65: 101.8 | H65: 103.7 | I65: 98.8 | J65: 103.2 | K65: 101.3 | L65: 107 | M65: 99.9 | N65: 100.5 | O65: 102.2 | P65: 99.9 | Q65: 102.6 | R65: 103 | S65: 104.5 | T65: 101.2 | U65: 102.9 | V65: 101.5 | W65: 100.2 | X65: 100.5 | Y65: 99.7 | Z65: 100.7 | AA65: 101.2 | AB65: 101.1 | AC65: 100.6 | AD65: 100 | AE65: 100 | AF65: 100.5 | AG65: 98.4 | AH65: 101.3 | AI65: 101.4 | AJ65: 102.7 | AK65: 104.1 | AL65: 100.9 | AM65: 107.9 | AN65: 109.2 | AO65: 102.9 | AP65: 101.7 | AQ65: 100.7 | AR65: 101.1 | AS65: 94.2 | AT65: 101.6 | AU65: 101.1 | AV65: 101.6 | AW65: 100.6 | AX65: 108.4 | AY65: 109.3 | AZ65: 101.1 | BA65: 100.9 | BB65: 101.9 | BC65: 105.8 | BD65: 99.3 | BE65: 108.2 | BF65: 104.6 | BG65: 101.4
A68: 39873 | B68: =(B17-B5)/B5*100 -> 10.326797 | C68: =(C17-C5)/C5*100 -> 16.526611 | D68: =(D17-D5)/D5*100 -> 16.806723 | E68: =(E17-E5)/E5*100 -> 21.356421 | F68: =(F17-F5)/F5*100 -> 12.264151 | G68: =(G17-G5)/G5*100 -> 22.733813 | H68: =(H17-H5)/H5*100 -> 16.052632 | I68: =(I17-I5)/I5*100 -> 3.1486146 | ... BG68: =(BG17-BG5)/BG5*100 -> 21.191136
A69: 39904 | B69: =(B18-B6)/B6*100 -> 9.9740933 | C69: =(C18-C6)/C6*100 -> 15.586207 | D69: =(D18-D6)/D6*100 -> 15.564738 | E69: =(E18-E6)/E6*100 -> 20.37037 | F69: =(F18-F6)/F6*100 -> 12.198391 | G69: =(G18-G6)/G6*100 -> 22.553191 | H69: =(H18-H6)/H6*100 -> 14.690722 | I69: =(I18-I6)/I6*100 -> -7.4592075 | ... BG69: =(BG18-BG6)/BG6*100 -> 19.047619
A70: 39934 | B70: =(B19-B7)/B7*100 -> 9.3951094 | C70: =(C19-C7)/C7*100 -> 13.648649 | D70: =(D19-D7)/D7*100 -> 13.495277 | E70: =(E19-E7)/E7*100 -> 13.45895 | F70: =(F19-F7)/F7*100 -> 11.748999 | G70: =(G19-G7)/G7*100 -> 18.132612 | H70: =(H19-H7)/H7*100 -> 14.649682 | I70: =(I19-I7)/I7*100 -> -10.568182 | ... BG70: =(BG19-BG7)/BG7*100 -> 19.047619
A71: 39965 | B71: =(B20-B8)/B8*100 -> 7.7020202 | C71: =(C20-C8)/C8*100 -> 10.875332 | D71: =(D20-D8)/D8*100 -> 10.860927 | E71: =(E20-E8)/E8*100 -> 8.3870968 | F71: =(F20-F8)/F8*100 -> 9.7240473 | G71: =(G20-G8)/G8*100 -> 14.907652 | H71: =(H20-H8)/H8*100 -> 13.584906 | I71: =(I20-I8)/I8*100 -> -10.411899 | ... BG71: =(BG20-BG8)/BG8*100 -> 19.047619
A72: 39995 | B72: =(B21-B9)/B9*100 -> 6.5756824 | C72: =(C21-C9)/C9*100 -> 7.3834197 | D72: =(D21-D9)/D9*100 -> 6.9767442 | E72: =(E21-E9)/E9*100 -> 3.9950062 | F72: =(F21-F9)/F9*100 -> 5.5269923 | G72: =(G21-G9)/G9*100 -> 15.364583 | H72: =(H21-H9)/H9*100 -> 9.7410604 | I72: =(I21-I9)/I9*100 -> -13.621262 | ... BG72: =(BG21-BG9)/BG9*100 -> 16.666667
A73: 40026 | B73: =(B22-B10)/B10*100 -> 6.0419236 | C73: =(C22-C10)/C10*100 -> 6.0102302 | D73: =(D22-D10)/D10*100 -> 5.3435115 | E73: =(E22-E10)/E10*100 -> 0 | F73: =(F22-F10)/F10*100 -> 4.8843188 | G73: =(G22-G10)/G10*100 -> 13.42711 | H73: =(H22-H10)/H10*100 -> 8.4439083 | I73: =(I22-I10)/I10*100 -> -15.553122 | ... BG73: =(BG22-BG10)/BG10*100 -> 16.666667
A74: 40057 | B74: =(B23-B11)/B11*100 -> 5.7668712 | C74: =(C23-C11)/C11*100 -> 5.2030457 | D74: =(D23-D11)/D11*100 -> 4.8101266 | E74: =(E23-E11)/E11*100 -> -1.1976048 | F74: =(F23-F11)/F11*100 -> 4.1131105 | G74: =(G23-G11)/G11*100 -> 12.105927 | H74: =(H23-H11)/H11*100 -> 7.3809524 | I74: =(I23-I11)/I11*100 -> -16.157205 | ... BG74: =(BG23-BG11)/BG11*100 -> 16.666667
A75: 40087 | B75: =(B24-B12)/B12*100 -> 5.3724054 | C75: =(C24-C12)/C12*100 -> 4.6365915 | D75: =(D24-D12)/D12*100 -> 4.25 | E75: =(E24-E12)/E12*100 -> -3.6513545 | F75: =(F24-F12)/F12*100 -> 4.7619048 | G75: =(G24-G12)/G12*100 -> 11.290323 | H75: =(H24-H12)/H12*100 -> 6.2721893 | I75: =(I24-I12)/I12*100 -> -17.152104 | ... BG75: =(BG24-BG12)/BG12*100 -> 10.986267
A76: 40118 | B76: =(B25-B13)/B13*100 -> 5.2503053 | C76: =(C25-C13)/C13*100 -> 3.6204744 | D76: =(D25-D13)/D13*100 -> 2.9850746 | E76: =(E25-E13)/E13*100 -> -3.7869822 | F76: =(F25-F13)/F13*100 -> 4.4642857 | G76: =(G25-G13)/G13*100 -> 4.7619048 | H76: =(H25-H13)/H13*100 -> 6.6272189 | I76: =(I25-I13)/I13*100 -> -19.016393 | ... BG76: =(BG25-BG13)/BG13*100 -> 10.986267
A77: 40148 | B77: =(B26-B14)/B14*100 -> 5.4878049 | C77: =(C26-C14)/C14*100 -> 2.5990099 | D77: =(D26-D14)/D14*100 -> 1.9753086 | E77: =(E26-E14)/E14*100 -> -5.0410317 | F77: =(F26-F14)/F14*100 -> 3.8993711 | G77: =(G26-G14)/G14*100 -> 5.0119332 | H77: =(H26-H14)/H14*100 -> 5.6537102 | I77: =(I26-I14)/I14*100 -> -17.928731 | ... BG77: =(BG26-BG14)/BG14*100 -> 10.986267
A78: 40179 | B78: =(B27-B15)/B15*100 -> 4.8309179 | C78: =(C27-C15)/C15*100 -> 0 | D78: =(D27-D15)/D15*100 -> -0.59808612 | E78: =(E27-E15)/E15*100 -> -4.028436 | F78: =(F27-F15)/F15*100 -> 0.85365854 | G78: =(G27-G15)/G15*100 -> 3.7079954 | H78: =(H27-H15)/H15*100 -> 4.2923434 | I78: =(I27-I15)/I15*100 -> -15.695067 | ... BG78: =(BG27-BG15)/BG15*100 -> 5.0285714
A79: 40210 | B79: =(B28-B16)/B16*100 -> 4.4364508 | C79: =(C28-C16)/C16*100 -> -0.60168472 | D79: =(D28-D16)/D16*100 -> -1.2004802 | E79: =(E28-E16)/E16*100 -> -4.2857143 | F79: =(F28-F16)/F16*100 -> 0 | G79: =(G28-G16)/G16*100 -> 1.6055046 | H79: =(H28-H16)/H16*100 -> 4.1811847 | I79: =(I28-I16)/I16*100 -> -13.317757 | ... BG79: =(BG28-BG16)/BG16*100 -> 5.0285714
... A116: 41334 | B116: =(B65-B53)/B53*100 -> 5.7911065 | C116: =(C65-C53)/C53*100 -> 5.7955743 | D116: =(D65-D53)/D53*100 -> 5.907173 | E116: =(E65-E53)/E53*100 -> 6.3169165 | F116: =(F65-F53)/F53*100 -> 4.0966387 | G116: =(G65-G53)/G53*100 -> 8.7606838 | H116: =(H65-H53)/H53*100 -> 6.7971164 | I116: =(I65-I53)/I53*100 -> 3.3472803 | ... BG116: =(BG65-BG53)/BG53*100 -> 4.7520661
O119: Petrol | Q119: 16.41791 | R119: 1
O120: Private transport operation | P120: 13.459516 | Q120: 13.459516 | R120: =R119+1 -> 2
O121: Public transport | P121: 12.127894 | Q121: 12.127894 | R121: =R120+1 -> 3
O122: Vegetables | P122: 10.108696 | Q122: 10.108696 | R122: =R121+1 -> 4
O123: Education | P123: 9.3 | Q123: 9.3 | R123: =R122+1 -> 5
O124: Sugar, sweets and deserts | P124: 9.1836735 | Q124: 9.1836735 | R124: =R123+1 -> 6
O125: Electricity and other fuels | P125: 8.9324619 | Q125: 8.9324619 | R125: =R124+1 -> 7
O126: Fish | P126: 8.7606838 | Q126: 8.7606838 | R126: =R125+1 -> 8
O127: Insurance | P127: 8.6345382 | Q127: 8.6345382 | R127: =R126+1 -> 9
O128: Transport | P128: 8.2120582 | Q128: 8.2120582 | R128: =R127+1 -> 10
O129: Books, newspapers and stationery | P129: 7.4786325 | Q129: 7.4786325 | R129: =R128+1 -> 11
O130: Miscellaneous goods and services | P130: 7.1935157 | Q130: 7.1935157 | R130: =R129+1 -> 12
O131: Water and other services | P131: 7.1811361 | Q131: 7.1811361 | R131: =R130+1 -> 13
... O174: Telecmmunication services | P174: -10.541311 | Q174: -10.541311 | R174: =R173+1 -> 56

Sheet Electricity
B1: ELECTRICITY GENERATED AND AVAILABLE FOR DISTRIBUTION - GIGAWATT-HOURS
B3: Eastern Cape | C3: Free State | D3: Gauteng | E3: KwaZulu-Natal | F3: Limpopo | G3: Mpumalanga | H3: Northern Cape | I3: North west | J3: Western Cape | K3: South Africa
A4: 37257 | B4: 576 | C4: 749 | D4: 4012 | E4: 3054 | F4: 675 | G4: 2083 | H4: 373 | I4: 2105 | J4: 1565 | K4: 15192
A5: 37288 | B5: 579 | C5: 707 | D5: 3795 | E5: 2844 | F5: 618 | G5: 1898 | H5: 355 | I5: 1933 | J5: 1539 | K5: 14268
A6: 37316 | B6: 613 | C6: 769 | D6: 4195 | E6: 3119 | F6: 703 | G6: 2125 | H6: 365 | I6: 2136 | J6: 1665 | K6: 15690
A7: 37347 | B7: 566 | C7: 741 | D7: 4005 | E7: 3027 | F7: 651 | G7: 2068 | H7: 310 | I7: 2137 | J7: 1522 | K7: 15027
A8: 37377 | B8: 618 | C8: 821 | D8: 4591 | E8: 3241 | F8: 730 | G8: 2250 | H8: 316 | I8: 2306 | J8: 1597 | K8: 16470
A9: 37408 | B9: 615 | C9: 811 | D9: 4841 | E9: 3140 | F9: 689 | G9: 2130 | H9: 318 | I9: 2254 | J9: 1656 | K9: 16454
A10: 37438 | B10: 635 | C10: 853 | D10: 5267 | E10: 3262 | F10: 747 | G10: 2220 | H10: 347 | I10: 2331 | J10: 1760 | K10: 17422
A11: 37469 | B11: 592 | C11: 813 | D11: 4621 | E11: 3234 | F11: 759 | G11: 2191 | H11: 355 | I11: 2323 | J11: 1763 | K11: 16651
A12: 37500 | B12: 552 | C12: 784 | D12: 4250 | E12: 3111 | F12: 744 | G12: 2132 | H12: 359 | I12: 2199 | J12: 1632 | K12: 15763
A13: 37530 | B13: 586 | C13: 816 | D13: 4368 | E13: 3260 | F13: 776 | G13: 2156 | H13: 398 | I13: 2342 | J13: 1690 | K13: 16392
A14: 37561 | B14: 568 | C14: 796 | D14: 4206 | E14: 3166 | F14: 737 | G14: 2123 | H14: 352 | I14: 2286 | J14: 1659 | K14: 15893
A15: 37591 | B15: 492 | C15: 745 | D15: 3856 | E15: 3171 | F15: 742 | G15: 2142 | H15: 327 | I15: 2249 | J15: 1652 | K15: 15376
... A142: 41426 | B142: 857 | C142: 689 | D142: 5344 | E142: 3428 | F142: 994 | G142: 2975 | H142: 440 | I142: 2149 | J142: 1902 | K142: 18778
A144: Average 2002 | B144: =AVERAGE(B4:B15) -> 582.66667 | C144: =AVERAGE(C4:C15) -> 783.75 | D144: =AVERAGE(D4:D15) -> 4333.9167 | E144: =AVERAGE(E4:E15) -> 3135.75 | F144: =AVERAGE(F4:F15) -> 714.25 | G144: =AVERAGE(G4:G15) -> 2126.5 | H144: =AVERAGE(H4:H15) -> 347.91667 | I144: =AVERAGE(I4:I15) -> 2216.75 | ... K144: =AVERAGE(K4:K15) -> 15883.167
A145: Average 2003 | B145: =AVERAGE(B16:B27) -> 594.58333 | C145: =AVERAGE(C16:C27) -> 804 | D145: =AVERAGE(D16:D27) -> 4377.5 | E145: =AVERAGE(E16:E27) -> 3269.1667 | F145: =AVERAGE(F16:F27) -> 786.75 | G145: =AVERAGE(G16:G27) -> 2106.4167 | H145: =AVERAGE(H16:H27) -> 366.66667 | I145: =AVERAGE(I16:I27) -> 2341.5 | ... K145: =AVERAGE(K16:K27) -> 16363.25
A146: Average 2004 | B146: =AVERAGE(B28:B39) -> 625.83333 | C146: =AVERAGE(C28:C39) -> 802.08333 | D146: =AVERAGE(D28:D39) -> 4580.8333 | E146: =AVERAGE(E28:E39) -> 3522 | F146: =AVERAGE(F28:F39) -> 815.91667 | G146: =AVERAGE(G28:G39) -> 2160.4167 | H146: =AVERAGE(H28:H39) -> 375.16667 | I146: =AVERAGE(I28:I39) -> 2348.9167 | ... K146: =AVERAGE(K28:K39) -> 17022.25
A147: Average 2005 | B147: =AVERAGE(B40:B51) -> 642.75 | C147: =AVERAGE(C40:C51) -> 748.33333 | D147: =AVERAGE(D40:D51) -> 4592.25 | E147: =AVERAGE(E40:E51) -> 3587.4167 | F147: =AVERAGE(F40:F51) -> 856.75 | G147: =AVERAGE(G40:G51) -> 2455.75 | H147: =AVERAGE(H40:H51) -> 387.41667 | I147: =AVERAGE(I40:I51) -> 2072.0833 | ... K147: =AVERAGE(K40:K51) -> 17129.833
A148: Average 2006 | B148: =AVERAGE(B52:B63) -> 688.41667 | C148: =AVERAGE(C52:C63) -> 761.75 | D148: =AVERAGE(D52:D63) -> 4977.3333 | E148: =AVERAGE(E52:E63) -> 3597.8333 | F148: =AVERAGE(F52:F63) -> 960 | G148: =AVERAGE(G52:G63) -> 2615.6667 | H148: =AVERAGE(H52:H63) -> 393.91667 | I148: =AVERAGE(I52:I63) -> 2034.9167 | ... K148: =AVERAGE(K52:K63) -> 17894.667
A149: Average 2007 | B149: =AVERAGE(B64:B75) -> 813.75 | C149: =AVERAGE(C64:C75) -> 796.33333 | D149: =AVERAGE(D64:D75) -> 5166.4167 | E149: =AVERAGE(E64:E75) -> 3599.4167 | F149: =AVERAGE(F64:F75) -> 939.16667 | G149: =AVERAGE(G64:G75) -> 2808.5 | H149: =AVERAGE(H64:H75) -> 418.91667 | I149: =AVERAGE(I64:I75) -> 2209.5833 | ... K149: =AVERAGE(K64:K75) -> 18702.917
A150: Average 2008 | B150: =AVERAGE(B76:B87) -> 786 | C150: =AVERAGE(C76:C87) -> 765.5 | D150: =AVERAGE(D76:D87) -> 5039.4167 | E150: =AVERAGE(E76:E87) -> 3436.75 | F150: =AVERAGE(F76:F87) -> 951.75 | G150: =AVERAGE(G76:G87) -> 2801.0833 | H150: =AVERAGE(H76:H87) -> 397.33333 | I150: =AVERAGE(I76:I87) -> 2124.5 | ... K150: =AVERAGE(K76:K87) -> 18239.417
A151: Average 2009 | B151: =AVERAGE(B88:B99) -> 739.41667 | C151: =AVERAGE(C88:C99) -> 728.33333 | D151: =AVERAGE(D88:D99) -> 4997.0833 | E151: =AVERAGE(E88:E99) -> 3506.75 | F151: =AVERAGE(F88:F99) -> 924.75 | G151: =AVERAGE(G88:G99) -> 2627 | H151: =AVERAGE(H88:H99) -> 385.75 | I151: =AVERAGE(I88:I99) -> 2032.4167 | ... K151: =AVERAGE(K88:K99) -> 17823.417
A152: Average 2010 | B152: =AVERAGE(B99:B111) -> 798.61538 | C152: =AVERAGE(C99:C111) -> 745.46154 | D152: =AVERAGE(D99:D111) -> 5089.0769 | E152: =AVERAGE(E99:E111) -> 3509.5385 | F152: =AVERAGE(F99:F111) -> 1011.2308 | G152: =AVERAGE(G99:G111) -> 2862.1538 | H152: =AVERAGE(H99:H111) -> 395.30769 | I152: =AVERAGE(I99:I111) -> 2161.5385 | ... K152: =AVERAGE(K99:K111) -> 18490.846
A153: Average 2011 | B153: =AVERAGE(B112:B123) -> 809.16667 | C153: =AVERAGE(C112:C123) -> 733.66667 | D153: =AVERAGE(D112:D123) -> 5104.6667 | E153: =AVERAGE(E112:E123) -> 3493.5833 | F153: =AVERAGE(F112:F123) -> 1010.75 | G153: =AVERAGE(G112:G123) -> 2929.3333 | H153: =AVERAGE(H112:H123) -> 415.41667 | I153: =AVERAGE(I112:I123) -> 2164.3333 | ... K153: =AVERAGE(K112:K123) -> 18559.167
A154: Average 2012 | B154: =AVERAGE(B124:B136) -> 807.69231 | C154: =AVERAGE(C124:C136) -> 692.61538 | D154: =AVERAGE(D124:D136) -> 4658.3077 | E154: =AVERAGE(E124:E136) -> 3362.8462 | F154: =AVERAGE(F124:F136) -> 1057.2308 | G154: =AVERAGE(G124:G136) -> 2957 | H154: =AVERAGE(H124:H136) -> 465.07692 | I154: =AVERAGE(I124:I136) -> 2199.7692 | J154: =AVERAGE(J124:J136) -> 1908.8462 | K154: =AVERAGE(K124:K134) -> 18214.818
A155: Average 2013 | B155: =AVERAGE(B137:B142) -> 819 | C155: =AVERAGE(C137:C142) -> 584.83333 | D155: =AVERAGE(D137:D142) -> 3571.5 | E155: =AVERAGE(E137:E142) -> 3372.5 | F155: =AVERAGE(F137:F142) -> 1276.6667 | G155: =AVERAGE(G137:G142) -> 3322 | H155: =AVERAGE(H137:H142) -> 582.16667 | I155: =AVERAGE(I137:I142) -> 2273 | ... K155: =AVERAGE(K137:K142) -> 17691.5
A157: Year-on-Year 2003 | B157: =(B145-B144)/B144*100 -> 2.0451945 | C157: =(C145-C144)/C144*100 -> 2.5837321 | D157: =(D145-D144)/D144*100 -> 1.0056339 | E157: =(E145-E144)/E144*100 -> 4.2546972 | F157: =(F145-F144)/F144*100 -> 10.150508 | G157: =(G145-G144)/G144*100 -> -0.94443138 | H157: =(H145-H144)/H144*100 -> 5.3892216 | I157: =(I145-I144)/I144*100 -> 5.627608 | ... K157: =(K145-K144)/K144*100 -> 3.0225921
A158: Year-on-Year 2004 | B158: =(B146-B145)/B145*100 -> 5.2557814 | C158: =(C146-C145)/C145*100 -> -0.23839138 | D158: =(D146-D145)/D145*100 -> 4.6449648 | E158: =(E146-E145)/E145*100 -> 7.7338771 | F158: =(F146-F145)/F145*100 -> 3.7072344 | G158: =(G146-G145)/G145*100 -> 2.5635954 | H158: =(H146-H145)/H145*100 -> 2.3181818 | I158: =(I146-I145)/I145*100 -> 0.31674852 | ... K158: =(K146-K145)/K145*100 -> 4.0273173
A159: Year-on-Year 2005 | B159: =(B147-B146)/B146*100 -> 2.7030626 | C159: =(C147-C146)/C146*100 -> -6.7012987 | D159: =(D147-D146)/D146*100 -> 0.24922685 | E159: =(E147-E146)/E146*100 -> 1.8573727 | F159: =(F147-F146)/F146*100 -> 5.0045961 | G159: =(G147-G146)/G146*100 -> 13.670203 | H159: =(H147-H146)/H146*100 -> 3.2652155 | I159: =(I147-I146)/I146*100 -> -11.785575 | ... K159: =(K147-K146)/K146*100 -> 0.63201594
A160: Year-on-Year 2006 | B160: =(B148-B147)/B147*100 -> 7.1048879 | C160: =(C148-C147)/C147*100 -> 1.7928731 | D160: =(D148-D147)/D147*100 -> 8.3855046 | E160: =(E148-E147)/E147*100 -> 0.29036679 | F160: =(F148-F147)/F147*100 -> 12.051357 | G160: =(G148-G147)/G147*100 -> 6.5119278 | H160: =(H148-H147)/H147*100 -> 1.6777802 | I160: =(I148-I147)/I147*100 -> -1.7936859 | ... K160: =(K148-K147)/K147*100 -> 4.4649199
A161: Year-on-Year 2007 | B161: =(B149-B148)/B148*100 -> 18.206028 | C161: =(C149-C148)/C148*100 -> 4.5399847 | D161: =(D149-D148)/D148*100 -> 3.7988883 | E161: =(E149-E148)/E148*100 -> 0.044007968 | F161: =(F149-F148)/F148*100 -> -2.1701389 | G161: =(G149-G148)/G148*100 -> 7.3722442 | H161: =(H149-H148)/H148*100 -> 6.34652 | I161: =(I149-I148)/I148*100 -> 8.5834801 | ... K161: =(K149-K148)/K148*100 -> 4.5167089
A162: Year-on-Year 2008 | B162: =(B150-B149)/B149*100 -> -3.4101382 | C162: =(C150-C149)/C149*100 -> -3.8719129 | D162: =(D150-D149)/D149*100 -> -2.4581835 | E162: =(E150-E149)/E149*100 -> -4.5192508 | F162: =(F150-F149)/F149*100 -> 1.3398403 | G162: =(G150-G149)/G149*100 -> -0.26407928 | H162: =(H150-H149)/H149*100 -> -5.1521782 | I162: =(I150-I149)/I149*100 -> -3.8506506 | ... K162: =(K150-K149)/K149*100 -> -2.4782231
A163: Year-on-Year 2009 | B163: =(B151-B150)/B150*100 -> -5.9266327 | C163: =(C151-C150)/C150*100 -> -4.8552145 | D163: =(D151-D150)/D150*100 -> -0.84004432 | E163: =(E151-E150)/E150*100 -> 2.036808 | F163: =(F151-F150)/F150*100 -> -2.8368794 | G163: =(G151-G150)/G150*100 -> -6.2148573 | H163: =(H151-H150)/H150*100 -> -2.9152685 | I163: =(I151-I150)/I150*100 -> -4.3343532 | ... K163: =(K151-K150)/K150*100 -> -2.2807747
A164: Year-on-Year 2010 | B164: =(B152-B151)/B151*100 -> 8.0061379 | C164: =(C152-C151)/C151*100 -> 2.3516986 | D164: =(D152-D151)/D151*100 -> 1.8409457 | E164: =(E152-E151)/E151*100 -> 0.079516976 | F164: =(F152-F151)/F151*100 -> 9.3517999 | G164: =(G152-G151)/G151*100 -> 8.9514216 | H164: =(H152-H151)/H151*100 -> 2.4776908 | I164: =(I152-I151)/I151*100 -> 6.3531163 | ... K164: =(K152-K151)/K151*100 -> 3.7446776
A165: Year-on-Year 2011 | B165: =(B153-B152)/B152*100 -> 1.3211969 | C165: =(C153-C152)/C152*100 -> -1.5822241 | D165: =(D153-D152)/D152*100 -> 0.30633735 | E165: =(E153-E152)/E152*100 -> -0.45462184 | F165: =(F153-F152)/F152*100 -> -0.047542979 | G165: =(G153-G152)/G152*100 -> 2.3471655 | H165: =(H153-H152)/H152*100 -> 5.086917 | I165: =(I153-I152)/I152*100 -> 0.12930012 | ... K165: =(K153-K152)/K152*100 -> 0.36948289
A166: Year-on-Year 2012 | B166: =(B154-B153)/B153*100 -> -0.18220708 | C166: =(C154-C153)/C153*100 -> -5.5953588 | D166: =(D154-D153)/D153*100 -> -8.7441356 | E166: =(E154-E153)/E153*100 -> -3.7422087 | F166: =(F154-F153)/F153*100 -> 4.5986415 | G166: =(G154-G153)/G153*100 -> 0.94446973 | H166: =(H154-H153)/H153*100 -> 11.954325 | I166: =(I154-I153)/I153*100 -> 1.6372662 | ... K166: =(K154-K153)/K153*100 -> -1.8554092
A167: Year-on Year 2013 | B167: =(B155-B154)/B154*100 -> 1.4 | C167: =(C155-C154)/C154*100 -> -15.561602 | D167: =(D155-D154)/D154*100 -> -23.330526 | E167: =(E155-E154)/E154*100 -> 0.28707368 | F167: =(F155-F154)/F154*100 -> 20.755724 | G167: =(G155-G154)/G154*100 -> 12.343591 | H167: =(H155-H154)/H154*100 -> 25.176425 | I167: =(I155-I154)/I154*100 -> 3.3290205 | ... K167: =(K155-K154)/K154*100 -> -2.8730354

Sheet Building Plans Approved
A1: KZN | B1: RECORDED BUILDING PLANS PASSED BY LARGER MUNICIPALITIES BY TYPE OF BUILDING
B2: Dwelling-houses < 80 square metres | E2: Dwelling-houses >= 80 square metres | H2: Flats and townhouses | K2: Other residential buildings
D3: Current prices | G3: Current prices | J3: Current prices | L3: Current prices
B4: Number | C4: Square metres | D4: R'000 | E4: Number | F4: Square metres | G4: R'000 | H4: Number | I4: Square metres | J4: R'000 | K4: Square metres | L4: R'000
A5: 33970 | B5: 52 | C5: 3180 | D5: 2777 | E5: 260 | F5: 41741 | G5: 33916 | H5: 95 | I5: 10803 | J5: 10392 | K5: 0 | L5: 0 | P5: =K5+I5+F5+C5 -> 55724
A6: 34001 | B6: 185 | C6: 10479 | D6: 7056 | E6: 295 | F6: 47507 | G6: 40251 | H6: 253 | I6: 28838 | J6: 28835 | K6: 1545 | L6: 1400 | P6: =K6+I6+F6+C6 -> 88369
A7: 34029 | B7: 189 | C7: 10954 | D7: 8630 | E7: 316 | F7: 48762 | G7: 40321 | H7: 204 | I7: 22256 | J7: 26358 | K7: 2942 | L7: 1500 | P7: =K7+I7+F7+C7 -> 84914
A8: 34060 | B8: 126 | C8: 7515 | D8: 6502 | E8: 287 | F8: 44510 | G8: 36846 | H8: 243 | I8: 24936 | J8: 26630 | K8: 1372 | L8: 1300 | P8: =K8+I8+F8+C8 -> 78333
A9: 34090 | B9: 84 | C9: 5167 | D9: 4660 | E9: 330 | F9: 49595 | G9: 42195 | H9: 158 | I9: 18218 | J9: 18220 | K9: 0 | L9: 0 | P9: =K9+I9+F9+C9 -> 72980
A10: 34121 | B10: 176 | C10: 9920 | D10: 8600 | E10: 354 | F10: 56757 | G10: 51805 | H10: 551 | I10: 66453 | J10: 67476 | K10: 0 | L10: 0 | P10: =K10+I10+F10+C10 -> 133130
A11: 34151 | B11: 120 | C11: 6771 | D11: 6184 | E11: 321 | F11: 52525 | G11: 46789 | H11: 579 | I11: 47397 | J11: 50651 | K11: 1275 | L11: 810 | P11: =K11+I11+F11+C11 -> 107968
A12: 34182 | B12: 145 | C12: 8159 | D12: 7485 | E12: 379 | F12: 60509 | G12: 52084 | H12: 557 | I12: 59667 | J12: 58404 | K12: 1781 | L12: 3200 | P12: =K12+I12+F12+C12 -> 130116
A13: 34213 | B13: 143 | C13: 8369 | D13: 7551 | E13: 312 | F13: 48426 | G13: 40715 | H13: 429 | I13: 44343 | J13: 49002 | K13: 0 | L13: 0 | P13: =K13+I13+F13+C13 -> 101138
A14: 34243 | B14: 155 | C14: 9589 | D14: 8468 | E14: 264 | F14: 43288 | G14: 37502 | H14: 497 | I14: 51001 | J14: 53993 | K14: 0 | L14: 0 | P14: =K14+I14+F14+C14 -> 103878
A15: 34274 | B15: 182 | C15: 11015 | D15: 8868 | E15: 367 | F15: 59770 | G15: 50421 | H15: 331 | I15: 39117 | J15: 40597 | K15: 73 | L15: 62 | P15: =K15+I15+F15+C15 -> 109975
A16: 34304 | B16: 150 | C16: 9236 | D16: 7251 | E16: 237 | F16: 36418 | G16: 32025 | H16: 249 | I16: 21987 | J16: 20264 | K16: 0 | L16: 0 | P16: =K16+I16+F16+C16 -> 67641
... A196: 39783 | B196: 54 | C196: 3066 | D196: 10550 | E196: 142 | F196: 39171 | G196: 161248 | H196: 131 | I196: 16311 | J196: 70110 | K196: 3686 | L196: 22116 | P196: =K196+I196+F196+C196 -> 62234
A197: 39814 | B197: 52 | C197: 3052 | D197: 11754 | E197: 100 | F197: 28696 | G197: 152286 | H197: 65 | I197: 12314 | J197: 61546 | K197: 0 | L197: 0 | M197: 76750 | N197: 435 | O197: 20002 | P197: =K197+I197+F197+C197 -> 44062 | Q197: 288 | R197: 82791 | S197: 331095 | T197: 9 | U197: 499 | V197: 1327 | W197: 82 | X197: 21729 | Y197: 70133 | Z197: 10 | AA197: 676 | AB197: 2539 | AC197: 51 | AD197: 11786 | AE197: 42004 | AF197: 1119 | AG197: 105957 | AH197: 406029 | AI197: 106 | AJ197: 19098 | AK197: 65431 | AL197: 19 | AM197: 1997 | AN197: 5760 | AO197: 0 | AP197: 0 | AQ197: 0 | AR197: 23 | AS197: 3566 | AT197: 13546 | AU197: 65 | AV197: 12314 | AW197: 61546 | AX197: 86 | AY197: 8397 | AZ197: 33588 | BA197: 770 | BB197: 54373 | BC197: 201731 | BD197: 35 | BE197: 4108 | BF197: 16432 | BG197: 15 | BH197: 2104 | BI197: 7995 | BJ197: 2079 | BK197: 7977 | BL197: 922 | BM197: 4074 | BN197: 0 | BO197: 0 | BP197: 0 | BQ197: 0 | BR197: 0 | BS197: 0 | BT197: 0 | BU197: 0
A198: 39845 | B198: 45 | C198: 2453 | D198: 9923 | E198: 146 | F198: 34739 | G198: 164823 | H198: 65 | I198: 12861 | J198: 59206 | K198: 27458 | L198: 137290 | M198: 77549 | N198: 527 | O198: 23935 | P198: =K198+I198+F198+C198 -> 77511 | Q198: 406 | R198: 121174 | S198: 498078 | T198: 3 | U198: 216 | V198: 864 | W198: 116 | X198: 31550 | Y198: 104887 | Z198: 12 | AA198: 773 | AB198: 2676 | AC198: 57 | AD198: 12984 | AE198: 46423 | AF198: 1711 | AG198: 152073 | AH198: 665863 | AI198: 306 | AJ198: 22616 | AK198: 89623 | AL198: 95 | AM198: 8139 | AN198: 30075 | AO198: 0 | AP198: 0 | AQ198: 0 | AR198: 22 | AS198: 2037 | AT198: 7736 | AU198: 65 | AV198: 12861 | AW198: 59206 | AX198: 54 | AY198: 3752 | AZ198: 14043 | BA198: 1083 | BB198: 94381 | BC198: 432603 | BD198: 58 | BE198: 5432 | BF198: 21728 | BG198: 28 | BH198: 2855 | BI198: 10849 | BJ198: 73569 | BK198: 344130 | BL198: 14250 | BM198: 71108 | BN198: 0 | BO198: 0 | BP198: 328 | BQ198: 1246 | BR198: 0 | BS198: 0 | BT198: 27458 | BU198: 137290
A199: 39873 | B199: 46 | C199: 2616 | D199: 9479 | E199: 131 | F199: 34851 | G199: 181154 | H199: 348 | I199: 32555 | J199: 164657 | K199: 593 | L199: 2965 | M199: 75543 | N199: 1006 | O199: 36665 | P199: =K199+I199+F199+C199 -> 70615 | Q199: 453 | R199: 126438 | S199: 508828 | T199: 91 | U199: 4573 | V199: 7835 | W199: 121 | X199: 26018 | Y199: 90028 | Z199: 15 | AA199: 925 | AB199: 3430 | AC199: 48 | AD199: 10638 | AE199: 39643 | AF199: 1414 | AG199: 129331 | AH199: 580250 | AI199: 313 | AJ199: 33155 | AK199: 141327 | AL199: 49 | AM199: 3555 | AN199: 7760 | AO199: 7 | AP199: 798 | AQ199: 3040 | AR199: 21 | AS199: 3550 | AT199: 12185 | AU199: 348 | AV199: 32555 | AW199: 164657 | AX199: 15 | AY199: 1489 | AZ199: 4318 | BA199: 615 | BB199: 50325 | BC199: 231464 | BD199: 38 | BE199: 3319 | BF199: 13276 | BG199: 8 | BH199: 585 | BI199: 2223 | BJ199: 31091 | BK199: 184122 | BL199: 652 | BM199: 2745 | BN199: 0 | BO199: 0 | BP199: 0 | BQ199: 0 | BR199: 0 | BS199: 0 | BT199: 593 | BU199: 2965
A200: 39904 | B200: 43 | C200: 2309 | D200: 8452 | E200: 137 | F200: 35181 | G200: 170965 | H200: 94 | I200: 19381 | J200: 105394 | K200: 1540 | L200: 5200 | M200: 73148 | N200: 214 | O200: 12140 | P200: =K200+I200+F200+C200 -> 58411 | Q200: 350 | R200: 110173 | S200: 447792 | T200: 15 | U200: 979 | V200: 3837 | W200: 94 | X200: 21551 | Y200: 70612 | Z200: 10 | AA200: 633 | AB200: 2329 | AC200: 37 | AD200: 7831 | AE200: 28722 | AF200: 1459 | AG200: 133016 | AH200: 566088 | AI200: 378 | AJ200: 25963 | AK200: 113519 | AL200: 3 | AM200: 324 | AN200: 1100 | AO200: 6 | AP200: 276 | AQ200: 828 | AR200: 362 | AS200: 36596 | AT200: 146384 | AU200: 94 | AV200: 19381 | AW200: 105394 | AX200: 32 | AY200: 2536 | AZ200: 10473 | BA200: 541 | BB200: 44379 | BC200: 173941 | BD200: 34 | BE200: 2306 | BF200: 9680 | BG200: 9 | BH200: 1255 | BI200: 4769 | BJ200: 9162 | BK200: 40792 | BL200: 1001 | BM200: 4004 | BN200: 458 | BO200: 947 | BP200: 0 | BQ200: 0 | BR200: 0 | BS200: 0 | BT200: 1540 | BU200: 5200
A201: 39934 | B201: 85 | C201: 4519 | D201: 19089 | E201: 136 | F201: 37186 | G201: 230929 | H201: 164 | I201: 24508 | J201: 114456 | K201: 5842 | L201: 28000 | M201: 50812 | N201: 715 | O201: 31347 | P201: =K201+I201+F201+C201 -> 72055 | Q201: 470 | R201: 157551 | S201: 665765 | T201: 17 | U201: 1194 | V201: 4774 | W201: 114 | X201: 27323 | Y201: 98389 | Z201: 16 | AA201: 1070 | AB201: 3953 | AC201: 51 | AD201: 13215 | AE201: 50211 | AF201: 1969 | AG201: 209574 | AH201: 880047 | AI201: 208 | AJ201: 20345 | AK201: 74069 | AL201: 41 | AM201: 3986 | AN201: 11944 | AO201: 12 | AP201: 393 | AQ201: 1179 | AR201: 91 | AS201: 6131 | AT201: 24359 | AU201: 164 | AV201: 24508 | AW201: 114456 | AX201: 26 | AY201: 1996 | AZ201: 7583 | BA201: 1212 | BB201: 134850 | BC201: 571921 | BD201: 214 | BE201: 17099 | BF201: 73897 | BG201: 1 | BH201: 266 | BI201: 639 | BJ201: 29593 | BK201: 191490 | BL201: 10622 | BM201: 80608 | BN201: 408 | BO201: 1081 | BP201: 0 | BQ201: 0 | BR201: 0 | BS201: 0 | BT201: 5842 | BU201: 28000
A202: 39965 | B202: 54 | C202: 2980 | D202: 12553 | E202: 146 | F202: 36028 | G202: 176427 | H202: 287 | I202: 42689 | J202: 208689 | K202: 10122 | L202: 55327 | M202: 58736 | N202: 562 | O202: 23584 | P202: =K202+I202+F202+C202 -> 91819 | Q202: 512 | R202: 149364 | S202: 633044 | T202: 36 | U202: 2333 | V202: 8294 | W202: 102 | X202: 26551 | Y202: 97992 | Z202: 10 | AA202: 654 | AB202: 2392 | AC202: 42 | AD202: 12809 | AE202: 48230 | AF202: 1300 | AG202: 119712 | AH202: 537682 | AI202: 250 | AJ202: 21505 | AK202: 91382 | AL202: 24 | AM202: 1510 | AN202: 3778 | AO202: 0 | AP202: 0 | AQ202: 0 | AR202: 43 | AS202: 2797 | AT202: 11249 | AU202: 287 | AV202: 42689 | AW202: 208689 | AX202: 71 | AY202: 6934 | AZ202: 24304 | BA202: 590 | BB202: 41745 | BC202: 188211 | BD202: 30 | BE202: 2239 | BF202: 8956 | BG202: 5 | BH202: 293 | BI202: 1113 | BJ202: 30520 | BK202: 145197 | BL202: 14930 | BM202: 74501 | BN202: 130 | BO202: 325 | BP202: 0 | BQ202: 0 | BR202: 0 | BS202: 0 | BT202: 10122 | BU202: 55327
A203: 39995 | B203: 50 | C203: 2885 | D203: 16171 | E203: 121 | F203: 28573 | G203: 176899 | H203: 78 | I203: 16169 | J203: 103206 | K203: 706 | L203: 2047 | M203: 50227 | N203: 355 | O203: 16728 | P203: =K203+I203+F203+C203 -> 48333 | Q203: 397 | R203: 109843 | S203: 511353 | T203: 13 | U203: 830 | V203: 3264 | W203: 107 | X203: 25259 | Y203: 86690 | Z203: 17 | AA203: 1002 | AB203: 3573 | AC203: 43 | AD203: 11503 | AE203: 43064 | AF203: 790 | AG203: 85995 | AH203: 421757 | AI203: 248 | AJ203: 23420 | AK203: 110086 | AL203: 193 | AM203: 15565 | AN203: 48279 | AO203: 0 | AP203: 0 | AQ203: 0 | AR203: 27 | AS203: 4955 | AT203: 17308 | AU203: 78 | AV203: 16169 | AW203: 103206 | AX203: 0 | AY203: 0 | AZ203: 0 | BA203: 199 | BB203: 21730 | BC203: 124934 | BD203: 37 | BE203: 4046 | BF203: 17584 | BG203: 8 | BH203: 110 | BI203: 360 | BJ203: 11286 | BK203: 40898 | BL203: 1503 | BM203: 5484 | BN203: 0 | BO203: 0 | BP203: 0 | BQ203: 0 | BR203: 0 | BS203: 0 | BT203: 706 | BU203: 2047
A204: 40026 | B204: 85 | C204: 4781 | D204: 27150 | E204: 153 | F204: 31935 | G204: 189612 | H204: 135 | I204: 17876 | J204: 100149 | K204: 0 | L204: 0 | M204: 61983 | N204: 1627 | O204: 67198 | P204: =K204+I204+F204+C204 -> 54592 | Q204: 327 | R204: 92397 | S204: 457831 | T204: 34 | U204: 1906 | V204: 6221 | W204: 127 | X204: 29727 | Y204: 108669 | Z204: 9 | AA204: 576 | AB204: 2077 | AC204: 31 | AD204: 7557 | AE204: 27038 | AF204: 1016 | AG204: 91042 | AH204: 408096 | AI204: 118 | AJ204: 15373 | AK204: 62652 | AL204: 401 | AM204: 15242 | AN204: 48030 | AO204: 0 | AP204: 0 | AQ204: 0 | AR204: 2 | AS204: 230 | AT204: 1150 | AU204: 135 | AV204: 17876 | AW204: 100149 | AX204: 18 | AY204: 3039 | AZ204: 11492 | BA204: 284 | BB204: 33236 | BC204: 162272 | BD204: 33 | BE204: 3165 | BF204: 12633 | BG204: 25 | BH204: 2881 | BI204: 9718 | BJ204: 31627 | BK204: 140809 | BL204: 23074 | BM204: 111923 | BN204: 68 | BO204: 171 | BP204: 171 | BQ204: 770 | BR204: 0 | BS204: 0 | BT204: 0 | BU204: 0
A205: 40057 | B205: 44 | C205: 2506 | D205: 16211 | E205: 157 | F205: 41770 | G205: 276994 | H205: 560 | I205: 38868 | J205: 243595 | K205: 5909 | L205: 26341 | M205: 68242 | N205: 1810 | O205: 75376 | P205: =K205+I205+F205+C205 -> 89053 | Q205: 415 | R205: 121105 | S205: 599481 | T205: 35 | U205: 2170 | V205: 6913 | W205: 125 | X205: 24329 | Y205: 93561 | Z205: 15 | AA205: 976 | AB205: 3833 | AC205: 51 | AD205: 13793 | AE205: 53282 | AF205: 1623 | AG205: 110875 | AH205: 531688 | AI205: 319 | AJ205: 18610 | AK205: 69054 | AL205: 258 | AM205: 15755 | AN205: 46995 | AO205: 0 | AP205: 0 | AQ205: 0 | AR205: 57 | AS205: 5219 | AT205: 20876 | AU205: 560 | AV205: 38868 | AW205: 243595 | AX205: 11 | AY205: 876 | AZ205: 2000 | BA205: 341 | BB205: 22765 | BC205: 114347 | BD205: 23 | BE205: 2179 | BF205: 9254 | BG205: 54 | BH205: 6603 | BI205: 25567 | BJ205: 13823 | BK205: 67786 | BL205: 2710 | BM205: 13763 | BN205: 0 | BO205: 0 | BP205: 0 | BQ205: 0 | BR205: 0 | BS205: 0 | BT205: 5909 | BU205: 26341
A206: 40087 | B206: 38 | C206: 1805 | D206: 9569 | E206: 125 | F206: 31512 | G206: 203210 | H206: 378 | I206: 46143 | J206: 299732 | K206: 12868 | L206: 99083 | M206: 58283 | N206: 1551 | O206: 65258 | P206: =K206+I206+F206+C206 -> 92328 | Q206: 392 | R206: 120347 | S206: 584802 | T206: 83 | U206: 4347 | V206: 12930 | W206: 116 | X206: 30599 | Y206: 115324 | Z206: 9 | AA206: 619 | AB206: 2374 | AC206: 60 | AD206: 15700 | AE206: 57512 | AF206: 1827 | AG206: 161740 | AH206: 816635 | AI206: 276 | AJ206: 30616 | AK206: 128654 | AL206: 95 | AM206: 12140 | AN206: 36271 | AO206: 0 | AP206: 0 | AQ206: 0 | AR206: 130 | AS206: 9010 | AT206: 31702 | AU206: 378 | AV206: 46143 | AW206: 299732 | AX206: 127 | AY206: 8106 | AZ206: 41607 | BA206: 740 | BB206: 48984 | BC206: 252489 | BD206: 35 | BE206: 3947 | BF206: 15004 | BG206: 46 | BH206: 2794 | BI206: 11176 | BJ206: 20152 | BK206: 123314 | BL206: 893 | BM206: 5270 | BN206: 2445 | BO206: 7172 | BP206: 0 | BQ206: 0 | BR206: 700 | BS206: 3150 | BT206: 12868 | BU206: 99083
A207: 40118 | B207: 36 | C207: 2164 | D207: 12149 | E207: 167 | F207: 34443 | G207: 236213 | H207: 108 | I207: 16098 | J207: 103069 | K207: 0 | L207: 0 | M207: 58507 | N207: 508 | O207: 25100 | P207: =K207+I207+F207+C207 -> 52705 | Q207: 421 | R207: 125538 | S207: 625309 | T207: 71 | U207: 3835 | V207: 11347 | W207: 88 | X207: 23827 | Y207: 86978 | Z207: 11 | AA207: 701 | AB207: 2746 | AC207: 38 | AD207: 12763 | AE207: 46815 | AF207: 1680 | AG207: 146863 | AH207: 703543 | AI207: 378 | AJ207: 32486 | AK207: 137456 | AL207: 28 | AM207: 2078 | AN207: 6886 | AO207: 0 | AP207: 0 | AQ207: 0 | AR207: 56 | AS207: 3897 | AT207: 15379 | AU207: 108 | AV207: 16098 | AW207: 103069 | AX207: 90 | AY207: 6402 | AZ207: 20411 | BA207: 859 | BB207: 70667 | BC207: 359402 | BD207: 153 | BE207: 14823 | BF207: 59292 | BG207: 8 | BH207: 412 | BI207: 1648 | BJ207: 2252 | BK207: 8084 | BL207: 0 | BM207: 0 | BN207: 0 | BO207: 0 | BP207: 0 | BQ207: 0 | BR207: 0 | BS207: 0 | BT207: 0 | BU207: 0
A208: 40148 | B208: 31 | C208: 1837 | D208: 11969 | E208: 114 | F208: 25605 | G208: 159727 | H208: 183 | I208: 22664 | J208: 133877 | K208: 0 | L208: 0 | M208: 73324 | N208: 1649 | O208: 68932 | P208: =K208+I208+F208+C208 -> 50106 | Q208: 336 | R208: 102289 | S208: 512260 | T208: 138 | U208: 7292 | V208: 21802 | W208: 74 | X208: 15539 | Y208: 54282 | Z208: 10 | AA208: 574 | AB208: 2296 | AC208: 25 | AD208: 5816 | AE208: 22861 | AF208: 614 | AG208: 72035 | AH208: 340994 | AI208: 70 | AJ208: 13035 | AK208: 57677 | AL208: 0 | AM208: 0 | AN208: 0 | AO208: 0 | AP208: 0 | AQ208: 0 | AR208: 0 | AS208: 0 | AT208: 0 | AU208: 183 | AV208: 22664 | AW208: 133877 | AX208: 147 | AY208: 17722 | AZ208: 62027 | BA208: 145 | BB208: 14026 | BC208: 69063 | BD208: 69 | BE208: 4588 | BF208: 18350 | BG208: 0 | BH208: 0 | BI208: 0 | BJ208: 9367 | BK208: 48708 | BL208: 0 | BM208: 0 | BN208: 0 | BO208: 0 | BP208: 0 | BQ208: 0 | BR208: 0 | BS208: 0 | BT208: 0 | BU208: 0
... A235: 40969 | B235: 24 | C235: 1301 | D235: 8261 | E235: 111 | F235: 33677 | G235: 242334 | H235: 48 | I235: 8032 | J235: 54406 | K235: 0 | L235: 0 | M235: 96579 | N235: 636 | O235: 33438 | P235: =K235+I235+F235+C235 -> 43010 | Q235: 512 | R235: 112628 | S235: 657095 | T235: 32 | U235: 1870 | V235: 6262 | W235: 157 | X235: 32917 | Y235: 138284 | Z235: 14 | AA235: 914 | AB235: 5610 | AC235: 40 | AD235: 9432 | AE235: 47752 | AF235: 1111 | AG235: 101143 | AH235: 548906 | AI235: 265 | AJ235: 23385 | AK235: 118408 | AL235: 77 | AM235: 5331 | AN235: 23765 | AO235: 0 | AP235: 0 | AQ235: 0 | AR235: 86 | AS235: 6603 | AT235: 34077 | AU235: 48 | AV235: 8032 | AW235: 54406 | AX235: 90 | AY235: 4856 | AZ235: 21294 | BA235: 437 | BB235: 40751 | BC235: 236837 | BD235: 77 | BE235: 8934 | BF235: 45760 | BG235: 31 | BH235: 3251 | BI235: 14359 | BJ235: 3491 | BK235: 20114 | BL235: 2606 | BM235: 13655 | BN235: 190 | BO235: 1140 | BP235: 0 | BQ235: 0 | BR235: 0 | BS235: 0 | BT235: 0 | BU235: 0
A236: 41000 | B236: 23 | C236: 1382 | D236: 8923 | E236: 82 | F236: 22016 | G236: 141642 | H236: 66 | I236: 17410 | J236: 101395 | K236: 0 | L236: 0 | O236: 33438 | P236: =K236+I236+F236+C236 -> 40808
A237: 41030 | B237: 67 | C237: 4019 | D237: 19604 | E237: 114 | F237: 29305 | G237: 212339 | H237: 123 | I237: 18528 | J237: 128918 | K237: 0 | L237: 0 | P237: =K237+I237+F237+C237 -> 51852
A238: 41061 | B238: 23 | C238: 1250 | D238: 7277 | E238: 125 | F238: 36202 | G238: 244724 | H238: 117 | I238: 16020 | J238: 86943 | K238: 0 | L238: 0 | P238: =K238+I238+F238+C238 -> 53472
A239: 41091 | B239: 34 | C239: 1947 | D239: 10616 | E239: 113 | F239: 29749 | G239: 216008 | H239: 67 | I239: 9278 | J239: 55837 | K239: 1245 | L239: 5891 | P239: =K239+I239+F239+C239 -> 42219
A240: 41122 | B240: 28 | C240: 1536 | D240: 9644 | E240: 114 | F240: 34665 | G240: 248064 | H240: 69 | I240: 17024 | J240: 107082 | K240: 0 | L240: 0 | P240: =K240+I240+F240+C240 -> 53225
A241: 41153 | B241: 470 | C241: 19112 | D241: 34861 | E241: 108 | F241: 32574 | G241: 228188 | H241: 116 | I241: 25281 | J241: 187246 | K241: 0 | L241: 0 | P241: =K241+I241+F241+C241 -> 76967
A242: 41183 | B242: 26 | C242: 1600 | D242: 11369 | E242: 94 | F242: 28170 | G242: 197502 | H242: 201 | I242: 17718 | J242: 137171 | K242: 0 | L242: 0 | P242: =K242+I242+F242+C242 -> 47488
A243: 41214 | B243: 29 | C243: 1638 | D243: 9716 | E243: 162 | F243: 47890 | G243: 338556 | H243: 568 | I243: 39346 | J243: 321280 | K243: 1816 | L243: 8169 | P243: =K243+I243+F243+C243 -> 90690
A244: 41244 | B244: 23 | C244: 1273 | D244: 9314 | E244: 66 | F244: 19367 | G244: 133213 | H244: 57 | I244: 7430 | J244: 39708 | K244: 499 | L244: 2226 | P244: =K244+I244+F244+C244 -> 28569
A245: 41275 | B245: 19 | C245: 1125 | D245: 7691 | E245: 67 | F245: 19956 | G245: 145094 | H245: 37 | I245: 7991 | J245: 52923 | K245: 2810 | L245: 11939 | P245: =K245+I245+F245+C245 -> 31882
A246: 41306 | B246: 31 | C246: 1804 | D246: 9994 | E246: 84 | F246: 25033 | G246: 187536 | H246: 62 | I246: 9686 | J246: 60951 | K246: 0 | L246: 0 | P246: =K246+I246+F246+C246 -> 36523
A247: 41334 | B247: 26 | C247: 1620 | D247: 9360 | E247: 119 | F247: 38777 | G247: 267599 | H247: 310 | I247: 38052 | J247: 290839 | K247: 0 | L247: 0 | P247: =K247+I247+F247+C247 -> 78449
A248: 41365 | B248: 44 | C248: 2604 | D248: 18910 | E248: 99 | F248: 27020 | G248: 177156 | H248: 59 | I248: 7411 | J248: 52607 | K248: 366 | L248: 3148 | P248: =K248+I248+F248+C248 -> 37401
... A250: 41426 | B250: 25 | C250: 1474 | D250: 9682 | E250: 94 | F250: 28494 | G250: 212464 | H250: 67 | I250: 15849 | J250: 105174 | K250: 0 | L250: 0 | P250: =K250+I250+F250+C250 -> 45817
A252: Average 1993 | B252: =AVERAGE(B5:B16) -> 142.25 | C252: =AVERAGE(C5:C16) -> 8362.8333 | D252: =AVERAGE(D5:D16) -> 7002.6667 | E252: =AVERAGE(E5:E16) -> 310.16667 | F252: =AVERAGE(F5:F16) -> 49150.667 | G252: =AVERAGE(G5:G16) -> 42072.5 | H252: =AVERAGE(H5:H16) -> 345.5 | I252: =AVERAGE(I5:I16) -> 36251.333 | ... L252: =AVERAGE(L5:L16) -> 689.33333
A253: Average 1994 | B253: =AVERAGE(B17:B28) -> 144.5 | C253: =AVERAGE(C17:C28) -> 8597.75 | D253: =AVERAGE(D17:D28) -> 7902.9167 | E253: =AVERAGE(E17:E28) -> 273.16667 | F253: =AVERAGE(F17:F28) -> 46004 | G253: =AVERAGE(G17:G28) -> 43885.417 | H253: =AVERAGE(H17:H28) -> 331.58333 | I253: =AVERAGE(I17:I28) -> 30730.25 | ... L253: =AVERAGE(L17:L28) -> 1638.5833
A254: Average 1995 | B254: =AVERAGE(B29:B40) -> 157.83333 | C254: =AVERAGE(C29:C40) -> 9236.1667 | D254: =AVERAGE(D29:D40) -> 9582.1667 | E254: =AVERAGE(E29:E40) -> 327.33333 | F254: =AVERAGE(F29:F40) -> 53843.667 | G254: =AVERAGE(G29:G40) -> 54860.083 | H254: =AVERAGE(H29:H40) -> 379.5 | I254: =AVERAGE(I29:I40) -> 40228.083 | ... L254: =AVERAGE(L29:L40) -> 616.66667
A255: Average 1996 | B255: =AVERAGE(B41:B52) -> 218 | C255: =AVERAGE(C41:C52) -> 12336.083 | D255: =AVERAGE(D41:D52) -> 13226 | E255: =AVERAGE(E41:E52) -> 249 | F255: =AVERAGE(F41:F52) -> 42175.083 | G255: =AVERAGE(G41:G52) -> 42982.417 | H255: =AVERAGE(H41:H52) -> 257.5 | I255: =AVERAGE(I41:I52) -> 27082.333 | ... L255: =AVERAGE(L41:L52) -> 18173.583
A256: Average 1997 | B256: =AVERAGE(B53:B64) -> 188.91667 | C256: =AVERAGE(C53:C64) -> 10219.25 | D256: =AVERAGE(D53:D64) -> 11608.667 | E256: =AVERAGE(E53:E64) -> 200.25 | F256: =AVERAGE(F53:F64) -> 33807.833 | G256: =AVERAGE(G53:G64) -> 40045.833 | H256: =AVERAGE(H53:H64) -> 244.25 | I256: =AVERAGE(I53:I64) -> 26253.917 | ... L256: =AVERAGE(L53:L64) -> 4863.1667
A257: Average 1998 | B257: =AVERAGE(B65:B76) -> 220.5 | C257: =AVERAGE(C65:C76) -> 10805.667 | D257: =AVERAGE(D65:D76) -> 10853.75 | E257: =AVERAGE(E65:E76) -> 187.83333 | F257: =AVERAGE(F65:F76) -> 35337.083 | G257: =AVERAGE(G65:G76) -> 42286.417 | H257: =AVERAGE(H65:H76) -> 134.16667 | I257: =AVERAGE(I65:I76) -> 14789.5 | ... L257: =AVERAGE(L65:L76) -> 2381.5
A258: Average 1999 | B258: =AVERAGE(B77:B88) -> 357.16667 | C258: =AVERAGE(C77:C88) -> 13502.667 | D258: =AVERAGE(D77:D88) -> 12713.167 | E258: =AVERAGE(E77:E88) -> 146.5 | F258: =AVERAGE(F77:F88) -> 28354.25 | G258: =AVERAGE(G77:G88) -> 38590.333 | H258: =AVERAGE(H77:H88) -> 60.5 | I258: =AVERAGE(I77:I88) -> 8151 | ... L258: =AVERAGE(L77:L88) -> 805.75
A259: Average 2000 | B259: =AVERAGE(B89:B100) -> 192.91667 | C259: =AVERAGE(C89:C100) -> 8646.6667 | D259: =AVERAGE(D89:D100) -> 9060.4167 | E259: =AVERAGE(E89:E100) -> 159.66667 | F259: =AVERAGE(F89:F100) -> 33005.417 | G259: =AVERAGE(G89:G100) -> 48559.333 | H259: =AVERAGE(H89:H100) -> 65.333333 | I259: =AVERAGE(I89:I100) -> 9747 | ... L259: =AVERAGE(L89:L100) -> 2071.25
A260: Average 2001 | B260: =AVERAGE(B101:B112) -> 192 | C260: =AVERAGE(C101:C112) -> 8365.9167 | D260: =AVERAGE(D101:D112) -> 8356.25 | E260: =AVERAGE(E101:E112) -> 140.41667 | F260: =AVERAGE(F101:F112) -> 29737.917 | G260: =AVERAGE(G101:G112) -> 43928.5 | H260: =AVERAGE(H101:H112) -> 72.333333 | I260: =AVERAGE(I101:I112) -> 10102.917 | ... L260: =AVERAGE(L101:L112) -> 6879.8333
A261: Average 2002 | B261: =AVERAGE(B113:B124) -> 191.41667 | C261: =AVERAGE(C113:C124) -> 7953.1667 | D261: =AVERAGE(D113:D124) -> 7887.1667 | E261: =AVERAGE(E113:E124) -> 160.83333 | F261: =AVERAGE(F113:F124) -> 36527.083 | G261: =AVERAGE(G113:G124) -> 59042 | H261: =AVERAGE(H113:H124) -> 91.333333 | I261: =AVERAGE(I113:I124) -> 15495.667 | ... L261: =AVERAGE(L113:L124) -> 41644.167
A262: Average 2003 | B262: =AVERAGE(B125:B136) -> 854.58333 | C262: =AVERAGE(C125:C136) -> 29804.667 | D262: =AVERAGE(D125:D136) -> 18388.25 | E262: =AVERAGE(E125:E136) -> 187.91667 | F262: =AVERAGE(F125:F136) -> 43954.917 | G262: =AVERAGE(G125:G136) -> 80922.667 | H262: =AVERAGE(H125:H136) -> 178.58333 | I262: =AVERAGE(I125:I136) -> 29153.917 | ... L262: =AVERAGE(L125:L136) -> 5816.5
A263: Average 2004 | B263: =AVERAGE(B137:B148) -> 396.5 | C263: =AVERAGE(C137:C148) -> 13668.167 | D263: =AVERAGE(D137:D148) -> 13124.583 | E263: =AVERAGE(E137:E148) -> 221.33333 | F263: =AVERAGE(F137:F148) -> 50620.5 | G263: =AVERAGE(G137:G148) -> 102830.33 | H263: =AVERAGE(H137:H148) -> 230.83333 | I263: =AVERAGE(I137:I148) -> 43213.25 | ... L263: =AVERAGE(L137:L148) -> 66929.25
A264: Average 2005 | B264: =AVERAGE(B149:B160) -> 216.5 | C264: =AVERAGE(C149:C160) -> 9015.1667 | D264: =AVERAGE(D149:D160) -> 11437.083 | E264: =AVERAGE(E149:E160) -> 227.91667 | F264: =AVERAGE(F149:F160) -> 51747.583 | G264: =AVERAGE(G149:G160) -> 129995.08 | H264: =AVERAGE(H149:H160) -> 473.5 | I264: =AVERAGE(I149:I160) -> 86738.583 | ... L264: =AVERAGE(L149:L160) -> 2795.5
A265: Average 2006 | B265: =AVERAGE(B161:B172) -> 101.83333 | C265: =AVERAGE(C161:C172) -> 5352.8333 | D265: =AVERAGE(D161:D172) -> 13410.833 | E265: =AVERAGE(E161:E172) -> 249.08333 | F265: =AVERAGE(F161:F172) -> 56357.083 | G265: =AVERAGE(G161:G172) -> 177164.08 | H265: =AVERAGE(H161:H172) -> 371.75 | I265: =AVERAGE(I161:I172) -> 62931.5 | ... L265: =AVERAGE(L161:L172) -> 12914.083
A266: Average 2007 | B266: =AVERAGE(B173:B184) -> 173.66667 | C266: =AVERAGE(C173:C184) -> 7592.25 | D266: =AVERAGE(D173:D184) -> 20070.667 | E266: =AVERAGE(E173:E184) -> 215.16667 | F266: =AVERAGE(F173:F184) -> 51162.917 | G266: =AVERAGE(G173:G184) -> 203159 | H266: =AVERAGE(H173:H184) -> 502.83333 | I266: =AVERAGE(I173:I184) -> 62257.333 | ... L266: =AVERAGE(L173:L184) -> 9034.6667
A267: Average 2008 | B267: =AVERAGE(B185:B196) -> 265.91667 | C267: =AVERAGE(C185:C196) -> 10405.417 | D267: =AVERAGE(D185:D196) -> 27466.417 | E267: =AVERAGE(E185:E196) -> 193.41667 | F267: =AVERAGE(F185:F196) -> 51678.5 | G267: =AVERAGE(G185:G196) -> 240907 | H267: =AVERAGE(H185:H196) -> 421.58333 | I267: =AVERAGE(I185:I196) -> 61256.083 | ... L267: =AVERAGE(L185:L196) -> 13261.333
A268: Average 2009 | B268: =AVERAGE(B197:B208) -> 50.75 | C268: =AVERAGE(C197:C208) -> 2825.5833 | D268: =AVERAGE(D197:D208) -> 13705.75 | E268: =AVERAGE(E197:E208) -> 136.08333 | F268: =AVERAGE(F197:F208) -> 33376.583 | G268: =AVERAGE(G197:G208) -> 193269.92 | H268: =AVERAGE(H197:H208) -> 205.41667 | I268: =AVERAGE(I197:I208) -> 25177.167 | ... L268: =AVERAGE(L197:L208) -> 29687.75
A269: Average 2010 | B269: =AVERAGE(B209:B220) -> 46.583333 | C269: =AVERAGE(C209:C220) -> 2627.25 | D269: =AVERAGE(D209:D220) -> 14611.25 | E269: =AVERAGE(E209:E220) -> 138.5 | F269: =AVERAGE(F209:F220) -> 36099.917 | G269: =AVERAGE(G209:G220) -> 233918.08 | H269: =AVERAGE(H209:H220) -> 138.33333 | I269: =AVERAGE(I209:I220) -> 18194.667 | ... L269: =AVERAGE(L209:L220) -> 17233.5
A270: Average 2011 | B270: =AVERAGE(B221:B232) -> 53.916667 | C270: =AVERAGE(C221:C232) -> 2832.75 | D270: =AVERAGE(D221:D232) -> 14846.083 | E270: =AVERAGE(E221:E232) -> 115.33333 | F270: =AVERAGE(F221:F232) -> 31869.833 | G270: =AVERAGE(G221:G232) -> 218805.58 | H270: =AVERAGE(H221:H232) -> 183.5 | I270: =AVERAGE(I221:I232) -> 18829.75 | ... L270: =AVERAGE(L221:L232) -> 680.75
